Workbook
Name _0: [1]habitação!#REF!
Name _1_EDIF: #REF!
Name _1_TER: #REF!
Name _2_EDIF: #REF!
Name _2_INFR: #REF!
Name _2_TAB_DESEMB: #REF!
Name _3_ESTACA: #REF!
Name _4_E.C.: #REF!
Name _5_INFR: #REF!
Name _a: #REF!
Name _ATU_ANT: #REF!
Name _CALC_DIF: #REF!
Name _CC: '[2]med-cond1'!#REF!
Name _CO: #REF!
Name _CRON_: #REF!
Name _f: #REF!
Name _GO: #REF!
Name _i: '[2]med-cond1'!#REF!
Name _I_PF: #REF!
Name _j: #REF!
Name _m: '[2]med-cond1'!#REF!
Name _M_R_AUX: #REF!
Name _M10: '[2]med-cond1'!#REF!
Name _M11: '[2]med-cond1'!#REF!
Name _M12: #REF!
Name _M13: #REF!
Name _M2: '[2]med-cond1'!#REF!
Name _M3: '[2]med-cond1'!#REF!
Name _M4: '[2]med-cond1'!#REF!
Name _M5: '[2]med-cond1'!#REF!
Name _M6: '[2]med-cond1'!#REF!
Name _M7: '[2]med-cond1'!#REF!
Name _M8: '[2]med-cond1'!#REF!
Name _M9: '[2]med-cond1'!#REF!
Name _med2: #REF!
Name _MENSAG_I: #REF!
Name _MENSAG_I2: #REF!
Name _MENSAG_SALV: #REF!
Name _MENSAGEM_R: #REF!
Name _MM: '[2]med-cond1'!#REF!
Name _MUDA_NMED_ANT: #REF!
Name _n: #REF!
Name _O: #REF!
Name _p: #REF!
Name _PP: '[2]med-cond1'!#REF!
Name _q: '[2]med-cond1'!#REF!
Name _s: #REF!
Name _t: #REF!
Name _TOTAL_: #REF!
Name _v: #REF!
Name _w: #REF!
Name _x: #REF!
Name _y: #REF!
Name _z: #REF!
Name asd: #REF!
Name ASSIN_CRT: #REF!
Name AUX_REL_MED: #REF!
Name BASE: #REF!
Name BASE_ORIG: #REF!
Name BB: {#N/A,#N/A,FALSE,"RESUMO";#N/A,#N/A,FALSE,"EXTR-CRONO";#N/A,#N/A,FALSE,"REAJUSTE";#N/A,#N/A,FALSE,"ACOMP-OBRA";#N/A,#N/A,FALSE,"MEDIÇÃO";#N/A,#N/A,FALSE,"POSIÇÃO FÍSICA";#N/A,#N/A,FALSE,"GRÁFICO"}

Sheet ORÇ ATUAL MEMÓRIA
B1: PREFEITURA DE PORTO FERREIRA “A CAPITAL NACIONAL DA CERÂMICA ARTÍSTICA E DA DECORAÇÃO” SECRETARIA DE OBRAS E DESENVOLVIMENTO URBANO
B4: Objeto | D4: REMANESCENTE DE OBRA PARA CONSTRUÇÃO DA ESCOLA ESTADUAL DO PARQUE RESIDENCIAL PORTO BELO
B5: Endereço: | D5: RUA JOSÉ GOMES, PARQUE RESIDENCIAL PORTO BELO
B6: Local e Data da Elaboração: | D6: PORTO FERREIRA – SP
B7: Fonte: | D7: FDE OUTUBRO 2023
B8: BDI: | D8: 0.23
B10: ITEM | C10: FONTE | D10: CÓD. | E10: REFORMA E REPAROS EM PONTES DO MUNICÍPIO | F10: UNID | G10: QUANT. | H10: P UNIT S/ BDI | I10: BDI | J10: P UNIT C/ BDI | K10: PREÇO TOTAL COM BDI | L10: 0.23
B11: 1 | D11: 01.00.000 | E11: SERVICOS PRELIMINARES | K11: =SUBTOTAL(9,K12:K17) -> 0
B12: 1.1 | D12: 01.01.000 | E12: LIMPEZA DO TERRENO | K12: =SUBTOTAL(9,K13) -> 0
B13: 1.1.1 | C13: FDE | D13: 01.01.001 | E13: =IFERROR(UPPER(IF(C13="CPU",VLOOKUP(D13,#REF!,2,0),IF(C13="SINAPI",VLOOKUP(D13,#REF!,2,0),IF(C13="EDIF",VLOOKUP(D13,#REF!,2,0),IF(C13="CDHU",VLOOKUP(D13,#REF!,2,0),IF(C13="FDE",VLOOKUP(D13,'FDE 10-23 '!$A$4:$E$3180,2,0),IF(C13="INFRA",VLOOKUP(D13,#REF!,2,0),""))))))),"") -> RETIRANDO A VEGETACAO, TRONCOS ATE 5CM DE DIAMETRO E RASPAGEM. | F13: =VLOOKUP(D13,'FDE 10-23 '!$A$4:$E$3180,3,0) -> M2 | G13: =VLOOKUP(B13,Planilha17!$A$8:$F$1259,6,0) -> 0 | H13: =VLOOKUP(D13,'FDE 10-23 '!$A$4:$E$3180,5,0) -> 3.07 | I13: =$L$10 -> 0.23 | J13: =ROUND(H13*(1+I13),2) -> 3.78 | K13: =SUM(G13*J13) -> 0
B14: 1.2 | D14: 01.03.000 | E14: MOVIMENTO DE TERRA MECANIZADO | K14: =SUBTOTAL(9,K15:K17) -> 0
B15: 1.2.1 | C15: FDE | D15: 01.03.001 | E15: =IFERROR(UPPER(IF(C15="CPU",VLOOKUP(D15,#REF!,2,0),IF(C15="SINAPI",VLOOKUP(D15,#REF!,2,0),IF(C15="EDIF",VLOOKUP(D15,#REF!,2,0),IF(C15="CDHU",VLOOKUP(D15,#REF!,2,0),IF(C15="FDE",VLOOKUP(D15,'FDE 10-23 '!$A$4:$E$3180,2,0),IF(C15="INFRA",VLOOKUP(D15,#REF!,2,0),""))))))),"") -> CORTE E ATERRO DENTRO DA OBRA COM TRANSPORTE INTERNO | F15: =VLOOKUP(D15,'FDE 10-23 '!$A$4:$E$3180,3,0) -> M3 | G15: =VLOOKUP(B15,Planilha17!$A$8:$F$1259,6,0) -> 0 | H15: =VLOOKUP(D15,'FDE 10-23 '!$A$4:$E$3180,5,0) -> 9.03 | I15: =$L$10 -> 0.23 | J15: =ROUND(H15*(1+I15),2) -> 11.11 | K15: =SUM(G15*J15) -> 0
B16: 1.2.2 | C16: FDE | D16: 01.03.002 | E16: =IFERROR(UPPER(IF(C16="CPU",VLOOKUP(D16,#REF!,2,0),IF(C16="SINAPI",VLOOKUP(D16,#REF!,2,0),IF(C16="EDIF",VLOOKUP(D16,#REF!,2,0),IF(C16="CDHU",VLOOKUP(D16,#REF!,2,0),IF(C16="FDE",VLOOKUP(D16,'FDE 10-23 '!$A$4:$E$3180,2,0),IF(C16="INFRA",VLOOKUP(D16,#REF!,2,0),""))))))),"") -> CORTE COM RETIRADA POR CAMINHAO NOS PRIMEIROS 100 M | F16: =VLOOKUP(D16,'FDE 10-23 '!$A$4:$E$3180,3,0) -> M3 | G16: =VLOOKUP(B16,Planilha17!$A$8:$F$1259,6,0) -> 0 | H16: =VLOOKUP(D16,'FDE 10-23 '!$A$4:$E$3180,5,0) -> 25.05 | I16: =$L$10 -> 0.23 | J16: =ROUND(H16*(1+I16),2) -> 30.81 | K16: =SUM(G16*J16) -> 0
B17: 1.2.3 | C17: FDE | D17: 01.03.005 | E17: =IFERROR(UPPER(IF(C17="CPU",VLOOKUP(D17,#REF!,2,0),IF(C17="SINAPI",VLOOKUP(D17,#REF!,2,0),IF(C17="EDIF",VLOOKUP(D17,#REF!,2,0),IF(C17="CDHU",VLOOKUP(D17,#REF!,2,0),IF(C17="FDE",VLOOKUP(D17,'FDE 10-23 '!$A$4:$E$3180,2,0),IF(C17="INFRA",VLOOKUP(D17,#REF!,2,0),""))))))),"") -> TRANSPORTE POR CAMINHAO M3X | F17: =VLOOKUP(D17,'FDE 10-23 '!$A$4:$E$3180,3,0) -> KM | G17: =VLOOKUP(B17,Planilha17!$A$8:$F$1259,6,0) -> 0 | H17: =VLOOKUP(D17,'FDE 10-23 '!$A$4:$E$3180,5,0) -> 2.69 | I17: =$L$10 -> 0.23 | J17: =ROUND(H17*(1+I17),2) -> 3.31 | K17: =SUM(G17*J17) -> 0
B18: 2 | D18: 02.00.000 | E18: INFRA ESTRUTURA | H18: =IFERROR(IF(#REF!="CPU",VLOOKUP(#REF!,#REF!,4,0),IF(#REF!="SINAPI",VLOOKUP(#REF!,#REF!,5,0),IF(#REF!="EDIF",VLOOKUP(#REF!,#REF!,4,0),IF(#REF!="CDHU",VLOOKUP(#REF!,#REF!,6,0),IF(#REF!="FDE",VLOOKUP(#REF!,#REF!,4,0),IF(#REF!="INFRA",VLOOKUP(#REF!,#REF!,4,0),"")))))),"") | K18: =SUBTOTAL(9,K19:K43) -> 103250.34
B19: 2.1 | D19: 02.01.000 | E19: ESCAVACAO | H19: =IFERROR(IF(#REF!="CPU",VLOOKUP(#REF!,#REF!,4,0),IF(#REF!="SINAPI",VLOOKUP(#REF!,#REF!,5,0),IF(#REF!="EDIF",VLOOKUP(#REF!,#REF!,4,0),IF(#REF!="CDHU",VLOOKUP(#REF!,#REF!,6,0),IF(#REF!="FDE",VLOOKUP(#REF!,#REF!,4,0),IF(#REF!="INFRA",VLOOKUP(#REF!,#REF!,4,0),"")))))),"") | K19: =SUBTOTAL(9,K20:K24) -> 9293.179
B20: 2.1.1 | C20: FDE | D20: 02.01.001 | E20: =IFERROR(UPPER(IF(C20="CPU",VLOOKUP(D20,#REF!,2,0),IF(C20="SINAPI",VLOOKUP(D20,#REF!,2,0),IF(C20="EDIF",VLOOKUP(D20,#REF!,2,0),IF(C20="CDHU",VLOOKUP(D20,#REF!,2,0),IF(C20="FDE",VLOOKUP(D20,'FDE 10-23 '!$A$4:$E$3180,2,0),IF(C20="INFRA",VLOOKUP(D20,#REF!,2,0),""))))))),"") -> ESCAVACAO MANUAL - PROFUNDIDADE ATE 1.80 M | F20: =VLOOKUP(D20,'FDE 10-23 '!$A$4:$E$3180,3,0) -> M3 | G20: =VLOOKUP(B20,Planilha17!$A$8:$F$1259,6,0) -> 65.144 | H20: =VLOOKUP(D20,'FDE 10-23 '!$A$4:$E$3180,5,0) -> 61.58 | I20: =$L$10 -> 0.23 | J20: =ROUND(H20*(1+I20),2) -> 75.74 | K20: =SUM(G20*J20) -> 4934.0066
B21: 2.1.2 | C21: FDE | D21: 02.01.010 | E21: =IFERROR(UPPER(IF(C21="CPU",VLOOKUP(D21,#REF!,2,0),IF(C21="SINAPI",VLOOKUP(D21,#REF!,2,0),IF(C21="EDIF",VLOOKUP(D21,#REF!,2,0),IF(C21="CDHU",VLOOKUP(D21,#REF!,2,0),IF(C21="FDE",VLOOKUP(D21,'FDE 10-23 '!$A$4:$E$3180,2,0),IF(C21="INFRA",VLOOKUP(D21,#REF!,2,0),""))))))),"") -> APILOAMENTO PARA SIMPLES REGULARIZACAO | F21: =VLOOKUP(D21,'FDE 10-23 '!$A$4:$E$3180,3,0) -> M2 | G21: =VLOOKUP(B21,Planilha17!$A$8:$F$1259,6,0) -> 35.96 | H21: =VLOOKUP(D21,'FDE 10-23 '!$A$4:$E$3180,5,0) -> 6.15 | I21: =$L$10 -> 0.23 | J21: =ROUND(H21*(1+I21),2) -> 7.56 | K21: =SUM(G21*J21) -> 271.8576
B22: 2.1.3 | C22: FDE | D22: 02.01.012 | E22: =IFERROR(UPPER(IF(C22="CPU",VLOOKUP(D22,#REF!,2,0),IF(C22="SINAPI",VLOOKUP(D22,#REF!,2,0),IF(C22="EDIF",VLOOKUP(D22,#REF!,2,0),IF(C22="CDHU",VLOOKUP(D22,#REF!,2,0),IF(C22="FDE",VLOOKUP(D22,'FDE 10-23 '!$A$4:$E$3180,2,0),IF(C22="INFRA",VLOOKUP(D22,#REF!,2,0),""))))))),"") -> LASTRO DE PEDRA BRITADA - 5CM | F22: =VLOOKUP(D22,'FDE 10-23 '!$A$4:$E$3180,3,0) -> M2 | G22: =VLOOKUP(B22,Planilha17!$A$8:$F$1259,6,0) -> 35.96 | H22: =VLOOKUP(D22,'FDE 10-23 '!$A$4:$E$3180,5,0) -> 9.71 | I22: =$L$10 -> 0.23 | J22: =ROUND(H22*(1+I22),2) -> 11.94 | K22: =SUM(G22*J22) -> 429.3624
B23: 2.1.4 | C23: FDE | D23: 02.01.015 | E23: =IFERROR(UPPER(IF(C23="CPU",VLOOKUP(D23,#REF!,2,0),IF(C23="SINAPI",VLOOKUP(D23,#REF!,2,0),IF(C23="EDIF",VLOOKUP(D23,#REF!,2,0),IF(C23="CDHU",VLOOKUP(D23,#REF!,2,0),IF(C23="FDE",VLOOKUP(D23,'FDE 10-23 '!$A$4:$E$3180,2,0),IF(C23="INFRA",VLOOKUP(D23,#REF!,2,0),""))))))),"") -> LASTRO DE CONCRETO - 5 CM | F23: =VLOOKUP(D23,'FDE 10-23 '!$A$4:$E$3180,3,0) -> M2 | G23: =VLOOKUP(B23,Planilha17!$A$8:$F$1259,6,0) -> 35.96 | H23: =VLOOKUP(D23,'FDE 10-23 '!$A$4:$E$3180,5,0) -> 33.81 | I23: =$L$10 -> 0.23 | J23: =ROUND(H23*(1+I23),2) -> 41.59 | K23: =SUM(G23*J23) -> 1495.5764
B24: 2.1.5 | C24: FDE | D24: 02.01.025 | E24: =IFERROR(UPPER(IF(C24="CPU",VLOOKUP(D24,#REF!,2,0),IF(C24="SINAPI",VLOOKUP(D24,#REF!,2,0),IF(C24="EDIF",VLOOKUP(D24,#REF!,2,0),IF(C24="CDHU",VLOOKUP(D24,#REF!,2,0),IF(C24="FDE",VLOOKUP(D24,'FDE 10-23 '!$A$4:$E$3180,2,0),IF(C24="INFRA",VLOOKUP(D24,#REF!,2,0),""))))))),"") -> REATERRO INTERNO APILOADO | F24: =VLOOKUP(D24,'FDE 10-23 '!$A$4:$E$3180,3,0) -> M3 | G24: =VLOOKUP(B24,Planilha17!$A$8:$F$1259,6,0) -> 38.07 | H24: =VLOOKUP(D24,'FDE 10-23 '!$A$4:$E$3180,5,0) -> 46.18 | I24: =$L$10 -> 0.23 | J24: =ROUND(H24*(1+I24),2) -> 56.8 | K24: =SUM(G24*J24) -> 2162.376
B25: 2.2 | D25: 02.02.000 | E25: FUNDACAO PROFUNDA | H25: =IFERROR(IF(#REF!="CPU",VLOOKUP(#REF!,#REF!,4,0),IF(#REF!="SINAPI",VLOOKUP(#REF!,#REF!,5,0),IF(#REF!="EDIF",VLOOKUP(#REF!,#REF!,4,0),IF(#REF!="CDHU",VLOOKUP(#REF!,#REF!,6,0),IF(#REF!="FDE",VLOOKUP(#REF!,#REF!,4,0),IF(#REF!="INFRA",VLOOKUP(#REF!,#REF!,4,0),"")))))),"") | K25: =SUBTOTAL(9,K26:K31) -> 0
B26: 2.2.1 | C26: FDE | D26: 02.02.021 | E26: =IFERROR(UPPER(IF(C26="CPU",VLOOKUP(D26,#REF!,2,0),IF(C26="SINAPI",VLOOKUP(D26,#REF!,2,0),IF(C26="EDIF",VLOOKUP(D26,#REF!,2,0),IF(C26="CDHU",VLOOKUP(D26,#REF!,2,0),IF(C26="FDE",VLOOKUP(D26,'FDE 10-23 '!$A$4:$E$3180,2,0),IF(C26="INFRA",VLOOKUP(D26,#REF!,2,0),""))))))),"") -> ACO CA-50 (A OU B) FYK = 500 MPA | F26: =VLOOKUP(D26,'FDE 10-23 '!$A$4:$E$3180,3,0) -> KG | G26: =VLOOKUP(B26,Planilha17!$A$8:$F$1259,6,0) -> 0 | H26: =VLOOKUP(D26,'FDE 10-23 '!$A$4:$E$3180,5,0) -> 12.18 | I26: =$L$10 -> 0.23 | J26: =ROUND(H26*(1+I26),2) -> 14.98 | K26: =SUM(G26*J26) -> 0
B27: 2.2.2 | C27: FDE | D27: 02.02.026 | E27: =IFERROR(UPPER(IF(C27="CPU",VLOOKUP(D27,#REF!,2,0),IF(C27="SINAPI",VLOOKUP(D27,#REF!,2,0),IF(C27="EDIF",VLOOKUP(D27,#REF!,2,0),IF(C27="CDHU",VLOOKUP(D27,#REF!,2,0),IF(C27="FDE",VLOOKUP(D27,'FDE 10-23 '!$A$4:$E$3180,2,0),IF(C27="INFRA",VLOOKUP(D27,#REF!,2,0),""))))))),"") -> BROCA DE CONCRETO DE DIAMETRO 25CM - INCL ARRANQUES | F27: =VLOOKUP(D27,'FDE 10-23 '!$A$4:$E$3180,3,0) -> M | G27: =VLOOKUP(B27,Planilha17!$A$8:$F$1259,6,0) -> 0 | H27: =VLOOKUP(D27,'FDE 10-23 '!$A$4:$E$3180,5,0) -> 71.07 | I27: =$L$10 -> 0.23 | J27: =ROUND(H27*(1+I27),2) -> 87.42 | K27: =SUM(G27*J27) -> 0
B28: 2.2.3 | C28: FDE | D28: 02.02.070 | E28: =IFERROR(UPPER(IF(C28="CPU",VLOOKUP(D28,#REF!,2,0),IF(C28="SINAPI",VLOOKUP(D28,#REF!,2,0),IF(C28="EDIF",VLOOKUP(D28,#REF!,2,0),IF(C28="CDHU",VLOOKUP(D28,#REF!,2,0),IF(C28="FDE",VLOOKUP(D28,'FDE 10-23 '!$A$4:$E$3180,2,0),IF(C28="INFRA",VLOOKUP(D28,#REF!,2,0),""))))))),"") -> ESTACA TIPO HELICE DN 25CM | F28: =VLOOKUP(D28,'FDE 10-23 '!$A$4:$E$3180,3,0) -> M | G28: =VLOOKUP(B28,Planilha17!$A$8:$F$1259,6,0) -> 0 | H28: =VLOOKUP(D28,'FDE 10-23 '!$A$4:$E$3180,5,0) -> 62.61 | I28: =$L$10 -> 0.23 | J28: =ROUND(H28*(1+I28),2) -> 77.01 | K28: =SUM(G28*J28) -> 0
B29: 2.2.4 | C29: FDE | D29: 02.02.071 | E29: =IFERROR(UPPER(IF(C29="CPU",VLOOKUP(D29,#REF!,2,0),IF(C29="SINAPI",VLOOKUP(D29,#REF!,2,0),IF(C29="EDIF",VLOOKUP(D29,#REF!,2,0),IF(C29="CDHU",VLOOKUP(D29,#REF!,2,0),IF(C29="FDE",VLOOKUP(D29,'FDE 10-23 '!$A$4:$E$3180,2,0),IF(C29="INFRA",VLOOKUP(D29,#REF!,2,0),""))))))),"") -> ESTACA TIPO HELICE DN 30CM | F29: =VLOOKUP(D29,'FDE 10-23 '!$A$4:$E$3180,3,0) -> M | G29: =VLOOKUP(B29,Planilha17!$A$8:$F$1259,6,0) -> 0 | H29: =VLOOKUP(D29,'FDE 10-23 '!$A$4:$E$3180,5,0) -> 80.69 | I29: =$L$10 -> 0.23 | J29: =ROUND(H29*(1+I29),2) -> 99.25 | K29: =SUM(G29*J29) -> 0
B30: 2.2.5 | C30: FDE | D30: 02.02.072 | E30: =IFERROR(UPPER(IF(C30="CPU",VLOOKUP(D30,#REF!,2,0),IF(C30="SINAPI",VLOOKUP(D30,#REF!,2,0),IF(C30="EDIF",VLOOKUP(D30,#REF!,2,0),IF(C30="CDHU",VLOOKUP(D30,#REF!,2,0),IF(C30="FDE",VLOOKUP(D30,'FDE 10-23 '!$A$4:$E$3180,2,0),IF(C30="INFRA",VLOOKUP(D30,#REF!,2,0),""))))))),"") -> ESTACA TIPO HELICE DN 35CM | F30: =VLOOKUP(D30,'FDE 10-23 '!$A$4:$E$3180,3,0) -> M | G30: =VLOOKUP(B30,Planilha17!$A$8:$F$1259,6,0) -> 0 | H30: =VLOOKUP(D30,'FDE 10-23 '!$A$4:$E$3180,5,0) -> 101.64 | I30: =$L$10 -> 0.23 | J30: =ROUND(H30*(1+I30),2) -> 125.02 | K30: =SUM(G30*J30) -> 0
B31: 2.2.6 | C31: FDE | D31: 02.02.085 | E31: =IFERROR(UPPER(IF(C31="CPU",VLOOKUP(D31,#REF!,2,0),IF(C31="SINAPI",VLOOKUP(D31,#REF!,2,0),IF(C31="EDIF",VLOOKUP(D31,#REF!,2,0),IF(C31="CDHU",VLOOKUP(D31,#REF!,2,0),IF(C31="FDE",VLOOKUP(D31,'FDE 10-23 '!$A$4:$E$3180,2,0),IF(C31="INFRA",VLOOKUP(D31,#REF!,2,0),""))))))),"") -> TRANSPORTE E ATERRO INTERNO DE MATERIAL ESCAVADO DE FUNDAÇÃO-ESTACA-TUBULÃO | F31: =VLOOKUP(D31,'FDE 10-23 '!$A$4:$E$3180,3,0) -> M3 | G31: =VLOOKUP(B31,Planilha17!$A$8:$F$1259,6,0) -> 0 | H31: =VLOOKUP(D31,'FDE 10-23 '!$A$4:$E$3180,5,0) -> 56.96 | I31: =$L$10 -> 0.23 | J31: =ROUND(H31*(1+I31),2) -> 70.06 | K31: =SUM(G31*J31) -> 0
B32: 2.3 | D32: 02.03.000 | E32: FORMA | H32: =IFERROR(IF(#REF!="CPU",VLOOKUP(#REF!,#REF!,4,0),IF(#REF!="SINAPI",VLOOKUP(#REF!,#REF!,5,0),IF(#REF!="EDIF",VLOOKUP(#REF!,#REF!,4,0),IF(#REF!="CDHU",VLOOKUP(#REF!,#REF!,6,0),IF(#REF!="FDE",VLOOKUP(#REF!,#REF!,4,0),IF(#REF!="INFRA",VLOOKUP(#REF!,#REF!,4,0),"")))))),"") | K32: =SUBTOTAL(9,K33) -> 25627.996
B33: 2.3.1 | C33: FDE | D33: 02.03.001 | E33: =IFERROR(UPPER(IF(C33="CPU",VLOOKUP(D33,#REF!,2,0),IF(C33="SINAPI",VLOOKUP(D33,#REF!,2,0),IF(C33="EDIF",VLOOKUP(D33,#REF!,2,0),IF(C33="CDHU",VLOOKUP(D33,#REF!,2,0),IF(C33="FDE",VLOOKUP(D33,'FDE 10-23 '!$A$4:$E$3180,2,0),IF(C33="INFRA",VLOOKUP(D33,#REF!,2,0),""))))))),"") -> FORMA DE MADEIRA MACICA | F33: =VLOOKUP(D33,'FDE 10-23 '!$A$4:$E$3180,3,0) -> M2 | G33: =VLOOKUP(B33,Planilha17!$A$8:$F$1259,6,0) -> 276.82 | H33: =VLOOKUP(D33,'FDE 10-23 '!$A$4:$E$3180,5,0) -> 75.27 | I33: =$L$10 -> 0.23 | J33: =ROUND(H33*(1+I33),2) -> 92.58 | K33: =SUM(G33*J33) -> 25627.996
B34: 2.4 | D34: 02.04.000 | E34: ARMADURA | H34: =IFERROR(IF(#REF!="CPU",VLOOKUP(#REF!,#REF!,4,0),IF(#REF!="SINAPI",VLOOKUP(#REF!,#REF!,5,0),IF(#REF!="EDIF",VLOOKUP(#REF!,#REF!,4,0),IF(#REF!="CDHU",VLOOKUP(#REF!,#REF!,6,0),IF(#REF!="FDE",VLOOKUP(#REF!,#REF!,4,0),IF(#REF!="INFRA",VLOOKUP(#REF!,#REF!,4,0),"")))))),"") | K34: =SUBTOTAL(9,K35:K36) -> 0
B35: 2.4.1 | C35: FDE | D35: 02.04.002 | E35: =IFERROR(UPPER(IF(C35="CPU",VLOOKUP(D35,#REF!,2,0),IF(C35="SINAPI",VLOOKUP(D35,#REF!,2,0),IF(C35="EDIF",VLOOKUP(D35,#REF!,2,0),IF(C35="CDHU",VLOOKUP(D35,#REF!,2,0),IF(C35="FDE",VLOOKUP(D35,'FDE 10-23 '!$A$4:$E$3180,2,0),IF(C35="INFRA",VLOOKUP(D35,#REF!,2,0),""))))))),"") -> ACO CA 50 (A OU B) FYK= 500 M PA | F35: =VLOOKUP(D35,'FDE 10-23 '!$A$4:$E$3180,3,0) -> KG | G35: =VLOOKUP(B35,Planilha17!$A$8:$F$1259,6,0) -> 0 | H35: =VLOOKUP(D35,'FDE 10-23 '!$A$4:$E$3180,5,0) -> 12.18 | I35: =$L$10 -> 0.23 | J35: =ROUND(H35*(1+I35),2) -> 14.98 | K35: =SUM(G35*J35) -> 0
B36: 2.4.2 | C36: FDE | D36: 02.04.003 | E36: =IFERROR(UPPER(IF(C36="CPU",VLOOKUP(D36,#REF!,2,0),IF(C36="SINAPI",VLOOKUP(D36,#REF!,2,0),IF(C36="EDIF",VLOOKUP(D36,#REF!,2,0),IF(C36="CDHU",VLOOKUP(D36,#REF!,2,0),IF(C36="FDE",VLOOKUP(D36,'FDE 10-23 '!$A$4:$E$3180,2,0),IF(C36="INFRA",VLOOKUP(D36,#REF!,2,0),""))))))),"") -> ACO CA 60 (A OU B) FYK= 600 M PA | F36: =VLOOKUP(D36,'FDE 10-23 '!$A$4:$E$3180,3,0) -> KG | G36: =VLOOKUP(B36,Planilha17!$A$8:$F$1259,6,0) -> 0 | H36: =VLOOKUP(D36,'FDE 10-23 '!$A$4:$E$3180,5,0) -> 12.58 | I36: =$L$10 -> 0.23 | J36: =ROUND(H36*(1+I36),2) -> 15.47 | K36: =SUM(G36*J36) -> 0
B37: 2.5 | D37: 02.05.000 | E37: CONCRETO | H37: =IFERROR(IF(#REF!="CPU",VLOOKUP(#REF!,#REF!,4,0),IF(#REF!="SINAPI",VLOOKUP(#REF!,#REF!,5,0),IF(#REF!="EDIF",VLOOKUP(#REF!,#REF!,4,0),IF(#REF!="CDHU",VLOOKUP(#REF!,#REF!,6,0),IF(#REF!="FDE",VLOOKUP(#REF!,#REF!,4,0),IF(#REF!="INFRA",VLOOKUP(#REF!,#REF!,4,0),"")))))),"") | K37: =SUBTOTAL(9,K38:K39) -> 23847.793
B38: 2.5.1 | C38: FDE | D38: 02.05.018 | E38: =IFERROR(UPPER(IF(C38="CPU",VLOOKUP(D38,#REF!,2,0),IF(C38="SINAPI",VLOOKUP(D38,#REF!,2,0),IF(C38="EDIF",VLOOKUP(D38,#REF!,2,0),IF(C38="CDHU",VLOOKUP(D38,#REF!,2,0),IF(C38="FDE",VLOOKUP(D38,'FDE 10-23 '!$A$4:$E$3180,2,0),IF(C38="INFRA",VLOOKUP(D38,#REF!,2,0),""))))))),"") -> CONCRETO DOSADO E LANCADO FCK=25MPA | F38: =VLOOKUP(D38,'FDE 10-23 '!$A$4:$E$3180,3,0) -> M3 | G38: =VLOOKUP(B38,Planilha17!$A$8:$F$1259,6,0) -> 27.074 | H38: =VLOOKUP(D38,'FDE 10-23 '!$A$4:$E$3180,5,0) -> 523.76 | I38: =$L$10 -> 0.23 | J38: =ROUND(H38*(1+I38),2) -> 644.22 | K38: =SUM(G38*J38) -> 17441.612
B39: 2.5.2 | C39: FDE | D39: 02.05.050 | E39: =IFERROR(UPPER(IF(C39="CPU",VLOOKUP(D39,#REF!,2,0),IF(C39="SINAPI",VLOOKUP(D39,#REF!,2,0),IF(C39="EDIF",VLOOKUP(D39,#REF!,2,0),IF(C39="CDHU",VLOOKUP(D39,#REF!,2,0),IF(C39="FDE",VLOOKUP(D39,'FDE 10-23 '!$A$4:$E$3180,2,0),IF(C39="INFRA",VLOOKUP(D39,#REF!,2,0),""))))))),"") -> CONCRETO GROUT, PREPARADO NO LOCAL, LANÇADO E ADENSADO | F39: =VLOOKUP(D39,'FDE 10-23 '!$A$4:$E$3180,3,0) -> M3 | G39: =VLOOKUP(B39,Planilha17!$A$8:$F$1259,6,0) -> 10.722 | H39: =VLOOKUP(D39,'FDE 10-23 '!$A$4:$E$3180,5,0) -> 485.76 | I39: =$L$10 -> 0.23 | J39: =ROUND(H39*(1+I39),2) -> 597.48 | K39: =SUM(G39*J39) -> 6406.1806
B40: 2.6 | D40: 02.06.000 | E40: EMBASAMENTO | H40: =IFERROR(IF(#REF!="CPU",VLOOKUP(#REF!,#REF!,4,0),IF(#REF!="SINAPI",VLOOKUP(#REF!,#REF!,5,0),IF(#REF!="EDIF",VLOOKUP(#REF!,#REF!,4,0),IF(#REF!="CDHU",VLOOKUP(#REF!,#REF!,6,0),IF(#REF!="FDE",VLOOKUP(#REF!,#REF!,4,0),IF(#REF!="INFRA",VLOOKUP(#REF!,#REF!,4,0),"")))))),"") | K40: =SUBTOTAL(9,K41) -> 26572.285
B41: 2.6.1 | C41: FDE | D41: 02.06.003 | E41: =IFERROR(UPPER(IF(C41="CPU",VLOOKUP(D41,#REF!,2,0),IF(C41="SINAPI",VLOOKUP(D41,#REF!,2,0),IF(C41="EDIF",VLOOKUP(D41,#REF!,2,0),IF(C41="CDHU",VLOOKUP(D41,#REF!,2,0),IF(C41="FDE",VLOOKUP(D41,'FDE 10-23 '!$A$4:$E$3180,2,0),IF(C41="INFRA",VLOOKUP(D41,#REF!,2,0),""))))))),"") -> ALVENARIA EMBASAMENTO TIJOLO BARRO MACIÇO E = 1 TIJOLO | F41: =VLOOKUP(D41,'FDE 10-23 '!$A$4:$E$3180,3,0) -> M2 | G41: =VLOOKUP(B41,Planilha17!$A$8:$F$1259,6,0) -> 114.255 | H41: =VLOOKUP(D41,'FDE 10-23 '!$A$4:$E$3180,5,0) -> 189.08 | I41: =$L$10 -> 0.23 | J41: =ROUND(H41*(1+I41),2) -> 232.57 | K41: =SUM(G41*J41) -> 26572.285
B42: 2.7 | D42: 02.07.000 | E42: IMPERMEABILIZACOES | H42: =IFERROR(IF(#REF!="CPU",VLOOKUP(#REF!,#REF!,4,0),IF(#REF!="SINAPI",VLOOKUP(#REF!,#REF!,5,0),IF(#REF!="EDIF",VLOOKUP(#REF!,#REF!,4,0),IF(#REF!="CDHU",VLOOKUP(#REF!,#REF!,6,0),IF(#REF!="FDE",VLOOKUP(#REF!,#REF!,4,0),IF(#REF!="INFRA",VLOOKUP(#REF!,#REF!,4,0),"")))))),"") | K42: =SUBTOTAL(9,K43) -> 17909.09
B43: 2.7.1 | C43: FDE | D43: 02.07.001 | E43: =IFERROR(UPPER(IF(C43="CPU",VLOOKUP(D43,#REF!,2,0),IF(C43="SINAPI",VLOOKUP(D43,#REF!,2,0),IF(C43="EDIF",VLOOKUP(D43,#REF!,2,0),IF(C43="CDHU",VLOOKUP(D43,#REF!,2,0),IF(C43="FDE",VLOOKUP(D43,'FDE 10-23 '!$A$4:$E$3180,2,0),IF(C43="INFRA",VLOOKUP(D43,#REF!,2,0),""))))))),"") -> IMPERM RESP ALV EMBAS COM ARGAM CIM-AREIA 1:3 CONTENDO HIDROFUGO | F43: =VLOOKUP(D43,'FDE 10-23 '!$A$4:$E$3180,3,0) -> M2 | G43: =VLOOKUP(B43,Planilha17!$A$8:$F$1259,6,0) -> 304.68 | H43: =VLOOKUP(D43,'FDE 10-23 '!$A$4:$E$3180,5,0) -> 47.79 | I43: =$L$10 -> 0.23 | J43: =ROUND(H43*(1+I43),2) -> 58.78 | K43: =SUM(G43*J43) -> 17909.09
B44: 3 | D44: 03.00.000 | E44: SUPER ESTRUTURA | H44: =IFERROR(IF(#REF!="CPU",VLOOKUP(#REF!,#REF!,4,0),IF(#REF!="SINAPI",VLOOKUP(#REF!,#REF!,5,0),IF(#REF!="EDIF",VLOOKUP(#REF!,#REF!,4,0),IF(#REF!="CDHU",VLOOKUP(#REF!,#REF!,6,0),IF(#REF!="FDE",VLOOKUP(#REF!,#REF!,4,0),IF(#REF!="INFRA",VLOOKUP(#REF!,#REF!,4,0),"")))))),"") | K44: =SUBTOTAL(9,K45:K61) -> 3423748
B45: 3.1 | D45: 03.01.000 | E45: FORMA | H45: =IFERROR(IF(#REF!="CPU",VLOOKUP(#REF!,#REF!,4,0),IF(#REF!="SINAPI",VLOOKUP(#REF!,#REF!,5,0),IF(#REF!="EDIF",VLOOKUP(#REF!,#REF!,4,0),IF(#REF!="CDHU",VLOOKUP(#REF!,#REF!,6,0),IF(#REF!="FDE",VLOOKUP(#REF!,#REF!,4,0),IF(#REF!="INFRA",VLOOKUP(#REF!,#REF!,4,0),"")))))),"") | K45: =SUBTOTAL(9,K46) -> 1278.298
B46: 3.1.1 | C46: FDE | D46: 03.01.002 | E46: =IFERROR(UPPER(IF(C46="CPU",VLOOKUP(D46,#REF!,2,0),IF(C46="SINAPI",VLOOKUP(D46,#REF!,2,0),IF(C46="EDIF",VLOOKUP(D46,#REF!,2,0),IF(C46="CDHU",VLOOKUP(D46,#REF!,2,0),IF(C46="FDE",VLOOKUP(D46,'FDE 10-23 '!$A$4:$E$3180,2,0),IF(C46="INFRA",VLOOKUP(D46,#REF!,2,0),""))))))),"") -> FORMAS PLANAS PLASTIFICADA PARA CONCRETO APARENTE | F46: =VLOOKUP(D46,'FDE 10-23 '!$A$4:$E$3180,3,0) -> M2 | G46: =VLOOKUP(B46,Planilha17!$A$8:$F$1259,6,0) -> 8.2 | H46: =VLOOKUP(D46,'FDE 10-23 '!$A$4:$E$3180,5,0) -> 126.74 | I46: =$L$10 -> 0.23 | J46: =ROUND(H46*(1+I46),2) -> 155.89 | K46: =SUM(G46*J46) -> 1278.298
B47: 3.2 | D47: 03.02.000 | E47: ARMADURA | H47: =IFERROR(IF(#REF!="CPU",VLOOKUP(#REF!,#REF!,4,0),IF(#REF!="SINAPI",VLOOKUP(#REF!,#REF!,5,0),IF(#REF!="EDIF",VLOOKUP(#REF!,#REF!,4,0),IF(#REF!="CDHU",VLOOKUP(#REF!,#REF!,6,0),IF(#REF!="FDE",VLOOKUP(#REF!,#REF!,4,0),IF(#REF!="INFRA",VLOOKUP(#REF!,#REF!,4,0),"")))))),"") | K47: =SUBTOTAL(9,K48:K52) -> 252892.13
B48: 3.2.1 | C48: FDE | D48: 03.02.002 | E48: =IFERROR(UPPER(IF(C48="CPU",VLOOKUP(D48,#REF!,2,0),IF(C48="SINAPI",VLOOKUP(D48,#REF!,2,0),IF(C48="EDIF",VLOOKUP(D48,#REF!,2,0),IF(C48="CDHU",VLOOKUP(D48,#REF!,2,0),IF(C48="FDE",VLOOKUP(D48,'FDE 10-23 '!$A$4:$E$3180,2,0),IF(C48="INFRA",VLOOKUP(D48,#REF!,2,0),""))))))),"") -> ACO CA 50 (A OU B) FYK= 500 M PA | F48: =VLOOKUP(D48,'FDE 10-23 '!$A$4:$E$3180,3,0) -> KG | G48: =VLOOKUP(B48,Planilha17!$A$8:$F$1259,6,0) -> 4425.6 | H48: =VLOOKUP(D48,'FDE 10-23 '!$A$4:$E$3180,5,0) -> 12.18 | I48: =$L$10 -> 0.23 | J48: =ROUND(H48*(1+I48),2) -> 14.98 | K48: =SUM(G48*J48) -> 66295.488
B49: 3.2.2 | C49: FDE | D49: 03.02.005 | E49: =IFERROR(UPPER(IF(C49="CPU",VLOOKUP(D49,#REF!,2,0),IF(C49="SINAPI",VLOOKUP(D49,#REF!,2,0),IF(C49="EDIF",VLOOKUP(D49,#REF!,2,0),IF(C49="CDHU",VLOOKUP(D49,#REF!,2,0),IF(C49="FDE",VLOOKUP(D49,'FDE 10-23 '!$A$4:$E$3180,2,0),IF(C49="INFRA",VLOOKUP(D49,#REF!,2,0),""))))))),"") -> TELA ARMADURA (MALHA ACO CA 60 FYK= 600 M PA) | F49: =VLOOKUP(D49,'FDE 10-23 '!$A$4:$E$3180,3,0) -> KG | G49: =VLOOKUP(B49,Planilha17!$A$8:$F$1259,6,0) -> 6456 | H49: =VLOOKUP(D49,'FDE 10-23 '!$A$4:$E$3180,5,0) -> 11.44 | I49: =$L$10 -> 0.23 | J49: =ROUND(H49*(1+I49),2) -> 14.07 | K49: =SUM(G49*J49) -> 90835.92
B50: 3.2.3 | C50: FDE | D50: 03.02.010 | E50: =IFERROR(UPPER(IF(C50="CPU",VLOOKUP(D50,#REF!,2,0),IF(C50="SINAPI",VLOOKUP(D50,#REF!,2,0),IF(C50="EDIF",VLOOKUP(D50,#REF!,2,0),IF(C50="CDHU",VLOOKUP(D50,#REF!,2,0),IF(C50="FDE",VLOOKUP(D50,'FDE 10-23 '!$A$4:$E$3180,2,0),IF(C50="INFRA",VLOOKUP(D50,#REF!,2,0),""))))))),"") -> INSERTS EM CANTONEIRAS OU CHAPA AÇO A-36 P/SOLIDARIZAÇÃO DE VIGAS E PILARES | F50: =VLOOKUP(D50,'FDE 10-23 '!$A$4:$E$3180,3,0) -> KG | G50: =VLOOKUP(B50,Planilha17!$A$8:$F$1259,6,0) -> 885.9 | H50: =VLOOKUP(D50,'FDE 10-23 '!$A$4:$E$3180,5,0) -> 60.44 | I50: =$L$10 -> 0.23 | J50: =ROUND(H50*(1+I50),2) -> 74.34 | K50: =SUM(G50*J50) -> 65857.806
B51: 3.2.4 | C51: FDE | D51: 03.02.020 | E51: =IFERROR(UPPER(IF(C51="CPU",VLOOKUP(D51,#REF!,2,0),IF(C51="SINAPI",VLOOKUP(D51,#REF!,2,0),IF(C51="EDIF",VLOOKUP(D51,#REF!,2,0),IF(C51="CDHU",VLOOKUP(D51,#REF!,2,0),IF(C51="FDE",VLOOKUP(D51,'FDE 10-23 '!$A$4:$E$3180,2,0),IF(C51="INFRA",VLOOKUP(D51,#REF!,2,0),""))))))),"") -> CONJUNTO DE LUVAS E PINO ROSCAVEL DN 12,5MM P/SOLIDARIZAÇÃO DE VIGA FORNEC. E INST. | F51: =VLOOKUP(D51,'FDE 10-23 '!$A$4:$E$3180,3,0) -> UN | G51: =VLOOKUP(B51,Planilha17!$A$8:$F$1259,6,0) -> 24 | H51: =VLOOKUP(D51,'FDE 10-23 '!$A$4:$E$3180,5,0) -> 88.07 | I51: =$L$10 -> 0.23 | J51: =ROUND(H51*(1+I51),2) -> 108.33 | K51: =SUM(G51*J51) -> 2599.92
B52: 3.2.5 | C52: FDE | D52: 03.02.022 | E52: =IFERROR(UPPER(IF(C52="CPU",VLOOKUP(D52,#REF!,2,0),IF(C52="SINAPI",VLOOKUP(D52,#REF!,2,0),IF(C52="EDIF",VLOOKUP(D52,#REF!,2,0),IF(C52="CDHU",VLOOKUP(D52,#REF!,2,0),IF(C52="FDE",VLOOKUP(D52,'FDE 10-23 '!$A$4:$E$3180,2,0),IF(C52="INFRA",VLOOKUP(D52,#REF!,2,0),""))))))),"") -> CONJUNTO DE LUVAS E PINO ROSCAVEL DN 20MM P/SOLIDARIZAÇÃO DE VIGA FORNEC. E INST. | F52: =VLOOKUP(D52,'FDE 10-23 '!$A$4:$E$3180,3,0) -> UN | G52: =VLOOKUP(B52,Planilha17!$A$8:$F$1259,6,0) -> 150 | H52: =VLOOKUP(D52,'FDE 10-23 '!$A$4:$E$3180,5,0) -> 147.98 | I52: =$L$10 -> 0.23 | J52: =ROUND(H52*(1+I52),2) -> 182.02 | K52: =SUM(G52*J52) -> 27303
B53: 3.3 | D53: 03.03.000 | E53: CONCRETO | H53: =IFERROR(IF(#REF!="CPU",VLOOKUP(#REF!,#REF!,4,0),IF(#REF!="SINAPI",VLOOKUP(#REF!,#REF!,5,0),IF(#REF!="EDIF",VLOOKUP(#REF!,#REF!,4,0),IF(#REF!="CDHU",VLOOKUP(#REF!,#REF!,6,0),IF(#REF!="FDE",VLOOKUP(#REF!,#REF!,4,0),IF(#REF!="INFRA",VLOOKUP(#REF!,#REF!,4,0),"")))))),"") | K53: =SUBTOTAL(9,K54:K59) -> 3012760.9
B54: 3.3.1 | C54: FDE | D54: 03.03.026 | E54: =IFERROR(UPPER(IF(C54="CPU",VLOOKUP(D54,#REF!,2,0),IF(C54="SINAPI",VLOOKUP(D54,#REF!,2,0),IF(C54="EDIF",VLOOKUP(D54,#REF!,2,0),IF(C54="CDHU",VLOOKUP(D54,#REF!,2,0),IF(C54="FDE",VLOOKUP(D54,'FDE 10-23 '!$A$4:$E$3180,2,0),IF(C54="INFRA",VLOOKUP(D54,#REF!,2,0),""))))))),"") -> CONCRETO DOSADO,BOMBEADO E LANCADO FCK 25 MPA | F54: =VLOOKUP(D54,'FDE 10-23 '!$A$4:$E$3180,3,0) -> M3 | G54: =VLOOKUP(B54,Planilha17!$A$8:$F$1259,6,0) -> 195.6 | H54: =VLOOKUP(D54,'FDE 10-23 '!$A$4:$E$3180,5,0) -> 563.26 | I54: =$L$10 -> 0.23 | J54: =ROUND(H54*(1+I54),2) -> 692.81 | K54: =SUM(G54*J54) -> 135513.64
B55: 3.3.2 | C55: FDE | D55: 03.03.034 | E55: =IFERROR(UPPER(IF(C55="CPU",VLOOKUP(D55,#REF!,2,0),IF(C55="SINAPI",VLOOKUP(D55,#REF!,2,0),IF(C55="EDIF",VLOOKUP(D55,#REF!,2,0),IF(C55="CDHU",VLOOKUP(D55,#REF!,2,0),IF(C55="FDE",VLOOKUP(D55,'FDE 10-23 '!$A$4:$E$3180,2,0),IF(C55="INFRA",VLOOKUP(D55,#REF!,2,0),""))))))),"") -> LAJE PRE-FABRICADA PAINEL ALVEOLAR CONCRETO PROTENDIDO H15-100KGF/M2 | F55: =VLOOKUP(D55,'FDE 10-23 '!$A$4:$E$3180,3,0) -> M2 | G55: =VLOOKUP(B55,Planilha17!$A$8:$F$1259,6,0) -> 1360.8 | H55: =VLOOKUP(D55,'FDE 10-23 '!$A$4:$E$3180,5,0) -> 303.82 | I55: =$L$10 -> 0.23 | J55: =ROUND(H55*(1+I55),2) -> 373.7 | K55: =SUM(G55*J55) -> 508530.96
B56: 3.3.3 | C56: FDE | D56: 03.03.036 | E56: =IFERROR(UPPER(IF(C56="CPU",VLOOKUP(D56,#REF!,2,0),IF(C56="SINAPI",VLOOKUP(D56,#REF!,2,0),IF(C56="EDIF",VLOOKUP(D56,#REF!,2,0),IF(C56="CDHU",VLOOKUP(D56,#REF!,2,0),IF(C56="FDE",VLOOKUP(D56,'FDE 10-23 '!$A$4:$E$3180,2,0),IF(C56="INFRA",VLOOKUP(D56,#REF!,2,0),""))))))),"") -> LAJE PRE-FABRICADA PAINEL ALVEOLAR CONCRETO PROTENDIDO H15-300KGF/M2 | F56: =VLOOKUP(D56,'FDE 10-23 '!$A$4:$E$3180,3,0) -> M2 | G56: =VLOOKUP(B56,Planilha17!$A$8:$F$1259,6,0) -> 794 | H56: =VLOOKUP(D56,'FDE 10-23 '!$A$4:$E$3180,5,0) -> 301.29 | I56: =$L$10 -> 0.23 | J56: =ROUND(H56*(1+I56),2) -> 370.59 | K56: =SUM(G56*J56) -> 294248.46
B57: 3.3.4 | C57: FDE | D57: 03.03.037 | E57: =IFERROR(UPPER(IF(C57="CPU",VLOOKUP(D57,#REF!,2,0),IF(C57="SINAPI",VLOOKUP(D57,#REF!,2,0),IF(C57="EDIF",VLOOKUP(D57,#REF!,2,0),IF(C57="CDHU",VLOOKUP(D57,#REF!,2,0),IF(C57="FDE",VLOOKUP(D57,'FDE 10-23 '!$A$4:$E$3180,2,0),IF(C57="INFRA",VLOOKUP(D57,#REF!,2,0),""))))))),"") -> LAJE PRE-FABRICADA PAINEL ALVEOLAR CONCRETO PROTENDIDO H15-500KGF/M2 | F57: =VLOOKUP(D57,'FDE 10-23 '!$A$4:$E$3180,3,0) -> M2 | G57: =VLOOKUP(B57,Planilha17!$A$8:$F$1259,6,0) -> 290.2 | H57: =VLOOKUP(D57,'FDE 10-23 '!$A$4:$E$3180,5,0) -> 307.3 | I57: =$L$10 -> 0.23 | J57: =ROUND(H57*(1+I57),2) -> 377.98 | K57: =SUM(G57*J57) -> 109689.8
B58: 3.3.5 | C58: FDE | D58: 03.03.095 | E58: =IFERROR(UPPER(IF(C58="CPU",VLOOKUP(D58,#REF!,2,0),IF(C58="SINAPI",VLOOKUP(D58,#REF!,2,0),IF(C58="EDIF",VLOOKUP(D58,#REF!,2,0),IF(C58="CDHU",VLOOKUP(D58,#REF!,2,0),IF(C58="FDE",VLOOKUP(D58,'FDE 10-23 '!$A$4:$E$3180,2,0),IF(C58="INFRA",VLOOKUP(D58,#REF!,2,0),""))))))),"") -> FORNEC. E MONTAGEM DE VIGA PROTENDIDA PRÉ-MOLDADA DE CONCRETO | F58: =VLOOKUP(D58,'FDE 10-23 '!$A$4:$E$3180,3,0) -> M3 | G58: =VLOOKUP(B58,Planilha17!$A$8:$F$1259,6,0) -> 75.6 | H58: =VLOOKUP(D58,'FDE 10-23 '!$A$4:$E$3180,5,0) -> 6119.1 | I58: =$L$10 -> 0.23 | J58: =ROUND(H58*(1+I58),2) -> 7526.49 | K58: =SUM(G58*J58) -> 569002.64
B59: 3.3.6 | C59: FDE | D59: 03.03.098 | E59: =IFERROR(UPPER(IF(C59="CPU",VLOOKUP(D59,#REF!,2,0),IF(C59="SINAPI",VLOOKUP(D59,#REF!,2,0),IF(C59="EDIF",VLOOKUP(D59,#REF!,2,0),IF(C59="CDHU",VLOOKUP(D59,#REF!,2,0),IF(C59="FDE",VLOOKUP(D59,'FDE 10-23 '!$A$4:$E$3180,2,0),IF(C59="INFRA",VLOOKUP(D59,#REF!,2,0),""))))))),"") -> FORNECIMENTO E MONTAGEM DE ESTRUTURA PRE-MOLDADA DE CONCRETO | F59: =VLOOKUP(D59,'FDE 10-23 '!$A$4:$E$3180,3,0) -> M3 | G59: =VLOOKUP(B59,Planilha17!$A$8:$F$1259,6,0) -> 206.66 | H59: =VLOOKUP(D59,'FDE 10-23 '!$A$4:$E$3180,5,0) -> 5491.03 | I59: =$L$10 -> 0.23 | J59: =ROUND(H59*(1+I59),2) -> 6753.97 | K59: =SUM(G59*J59) -> 1395775.4
B60: 3.4 | D60: 03.04.000 | E60: ESTRUTURA METÁLICA | F60: =IFERROR(UPPER(IF(C60="CPU",VLOOKUP(D60,#REF!,3,0),IF(C60="SINAPI",VLOOKUP(D60,#REF!,3,0),IF(C60="EDIF",VLOOKUP(D60,#REF!,3,0),IF(C60="CDHU",VLOOKUP(D60,#REF!,3,0),IF(C60="FDE",VLOOKUP(D60,#REF!,3,0),IF(C60="INFRA",VLOOKUP(D60,#REF!,3,0),""))))))),"") | H60: =IFERROR(IF(#REF!="CPU",VLOOKUP(#REF!,#REF!,4,0),IF(#REF!="SINAPI",VLOOKUP(#REF!,#REF!,5,0),IF(#REF!="EDIF",VLOOKUP(#REF!,#REF!,4,0),IF(#REF!="CDHU",VLOOKUP(#REF!,#REF!,6,0),IF(#REF!="FDE",VLOOKUP(#REF!,#REF!,4,0),IF(#REF!="INFRA",VLOOKUP(#REF!,#REF!,4,0),"")))))),"") | K60: =SUBTOTAL(9,K61) -> 156816.64
B61: 3.4.1 | C61: FDE | D61: 03.04.010 | E61: =IFERROR(UPPER(IF(C61="CPU",VLOOKUP(D61,#REF!,2,0),IF(C61="SINAPI",VLOOKUP(D61,#REF!,2,0),IF(C61="EDIF",VLOOKUP(D61,#REF!,2,0),IF(C61="CDHU",VLOOKUP(D61,#REF!,2,0),IF(C61="FDE",VLOOKUP(D61,'FDE 10-23 '!$A$4:$E$3180,2,0),IF(C61="INFRA",VLOOKUP(D61,#REF!,2,0),""))))))),"") -> FORNECIMENTO E MONTAGEM DE ESTRUTURA METALICA COM AÇO NAO PATINAVE (ASTM A36/A570) | F61: =VLOOKUP(D61,'FDE 10-23 '!$A$4:$E$3180,3,0) -> KG | G61: =VLOOKUP(B61,Planilha17!$A$8:$F$1259,6,0) -> 4852 | H61: =VLOOKUP(D61,'FDE 10-23 '!$A$4:$E$3180,5,0) -> 26.28 | I61: =$L$10 -> 0.23 | J61: =ROUND(H61*(1+I61),2) -> 32.32 | K61: =SUM(G61*J61) -> 156816.64
B62: 4 | D62: 04.00.000 | E62: ALVENARIA E OUTROS ELEMENTOS DIVISÓRIAS | F62: =IFERROR(UPPER(IF(C62="CPU",VLOOKUP(D62,#REF!,3,0),IF(C62="SINAPI",VLOOKUP(D62,#REF!,3,0),IF(C62="EDIF",VLOOKUP(D62,#REF!,3,0),IF(C62="CDHU",VLOOKUP(D62,#REF!,3,0),IF(C62="FDE",VLOOKUP(D62,#REF!,3,0),IF(C62="INFRA",VLOOKUP(D62,#REF!,3,0),""))))))),"") | H62: =IFERROR(IF(#REF!="CPU",VLOOKUP(#REF!,#REF!,4,0),IF(#REF!="SINAPI",VLOOKUP(#REF!,#REF!,5,0),IF(#REF!="EDIF",VLOOKUP(#REF!,#REF!,4,0),IF(#REF!="CDHU",VLOOKUP(#REF!,#REF!,6,0),IF(#REF!="FDE",VLOOKUP(#REF!,#REF!,4,0),IF(#REF!="INFRA",VLOOKUP(#REF!,#REF!,4,0),"")))))),"") | K62: =SUBTOTAL(9,K63:K75) -> 289485.69
B63: 4.1 | D63: 04.01.000 | E63: ALVENARIA | F63: =IFERROR(UPPER(IF(C63="CPU",VLOOKUP(D63,#REF!,3,0),IF(C63="SINAPI",VLOOKUP(D63,#REF!,3,0),IF(C63="EDIF",VLOOKUP(D63,#REF!,3,0),IF(C63="CDHU",VLOOKUP(D63,#REF!,3,0),IF(C63="FDE",VLOOKUP(D63,#REF!,3,0),IF(C63="INFRA",VLOOKUP(D63,#REF!,3,0),""))))))),"") | H63: =IFERROR(IF(#REF!="CPU",VLOOKUP(#REF!,#REF!,4,0),IF(#REF!="SINAPI",VLOOKUP(#REF!,#REF!,5,0),IF(#REF!="EDIF",VLOOKUP(#REF!,#REF!,4,0),IF(#REF!="CDHU",VLOOKUP(#REF!,#REF!,6,0),IF(#REF!="FDE",VLOOKUP(#REF!,#REF!,4,0),IF(#REF!="INFRA",VLOOKUP(#REF!,#REF!,4,0),"")))))),"") | K63: =SUBTOTAL(9,K64:K69) -> 248085.38
B64: 4.1.1 | C64: FDE | D64: 04.01.033 | E64: =IFERROR(UPPER(IF(C64="CPU",VLOOKUP(D64,#REF!,2,0),IF(C64="SINAPI",VLOOKUP(D64,#REF!,2,0),IF(C64="EDIF",VLOOKUP(D64,#REF!,2,0),IF(C64="CDHU",VLOOKUP(D64,#REF!,2,0),IF(C64="FDE",VLOOKUP(D64,'FDE 10-23 '!$A$4:$E$3180,2,0),IF(C64="INFRA",VLOOKUP(D64,#REF!,2,0),""))))))),"") -> ALVENARIA DE BLOCO DE CONCRETO 14X19X39 CM CLASSE C | F64: =VLOOKUP(D64,'FDE 10-23 '!$A$4:$E$3180,3,0) -> M2 | G64: =VLOOKUP(B64,Planilha17!$A$8:$F$1259,6,0) -> 268.73 | H64: =VLOOKUP(D64,'FDE 10-23 '!$A$4:$E$3180,5,0) -> 79.31 | I64: =$L$10 -> 0.23 | J64: =ROUND(H64*(1+I64),2) -> 97.55 | K64: =SUM(G64*J64) -> 26214.612
B65: 4.1.2 | C65: FDE | D65: 04.01.034 | E65: =IFERROR(UPPER(IF(C65="CPU",VLOOKUP(D65,#REF!,2,0),IF(C65="SINAPI",VLOOKUP(D65,#REF!,2,0),IF(C65="EDIF",VLOOKUP(D65,#REF!,2,0),IF(C65="CDHU",VLOOKUP(D65,#REF!,2,0),IF(C65="FDE",VLOOKUP(D65,'FDE 10-23 '!$A$4:$E$3180,2,0),IF(C65="INFRA",VLOOKUP(D65,#REF!,2,0),""))))))),"") -> ALVENARIA DE BLOCO DE CONCRETO 19X19X39 CM CLASSE C | F65: =VLOOKUP(D65,'FDE 10-23 '!$A$4:$E$3180,3,0) -> M2 | G65: =VLOOKUP(B65,Planilha17!$A$8:$F$1259,6,0) -> 1743.9198 | H65: =VLOOKUP(D65,'FDE 10-23 '!$A$4:$E$3180,5,0) -> 96.19 | I65: =$L$10 -> 0.23 | J65: =ROUND(H65*(1+I65),2) -> 118.31 | K65: =SUM(G65*J65) -> 206323.15
B66: 4.1.3 | C66: FDE | D66: 04.01.045 | E66: =IFERROR(UPPER(IF(C66="CPU",VLOOKUP(D66,#REF!,2,0),IF(C66="SINAPI",VLOOKUP(D66,#REF!,2,0),IF(C66="EDIF",VLOOKUP(D66,#REF!,2,0),IF(C66="CDHU",VLOOKUP(D66,#REF!,2,0),IF(C66="FDE",VLOOKUP(D66,'FDE 10-23 '!$A$4:$E$3180,2,0),IF(C66="INFRA",VLOOKUP(D66,#REF!,2,0),""))))))),"") -> CONCRETO GROUT, PREPARADO NO LOCAL, LANÇADO E ADENSADO | F66: =VLOOKUP(D66,'FDE 10-23 '!$A$4:$E$3180,3,0) -> M3 | G66: =VLOOKUP(B66,Planilha17!$A$8:$F$1259,6,0) -> 7 | H66: =VLOOKUP(D66,'FDE 10-23 '!$A$4:$E$3180,5,0) -> 485.76 | I66: =$L$10 -> 0.23 | J66: =ROUND(H66*(1+I66),2) -> 597.48 | K66: =SUM(G66*J66) -> 4182.36
B67: 4.1.4 | C67: FDE | D67: 04.01.046 | E67: =IFERROR(UPPER(IF(C67="CPU",VLOOKUP(D67,#REF!,2,0),IF(C67="SINAPI",VLOOKUP(D67,#REF!,2,0),IF(C67="EDIF",VLOOKUP(D67,#REF!,2,0),IF(C67="CDHU",VLOOKUP(D67,#REF!,2,0),IF(C67="FDE",VLOOKUP(D67,'FDE 10-23 '!$A$4:$E$3180,2,0),IF(C67="INFRA",VLOOKUP(D67,#REF!,2,0),""))))))),"") -> ARMADURA CA 50 PARA PAREDE AUTO-PORTANTE | F67: =VLOOKUP(D67,'FDE 10-23 '!$A$4:$E$3180,3,0) -> KG | G67: =VLOOKUP(B67,Planilha17!$A$8:$F$1259,6,0) -> 446 | H67: =VLOOKUP(D67,'FDE 10-23 '!$A$4:$E$3180,5,0) -> 12.18 | I67: =$L$10 -> 0.23 | J67: =ROUND(H67*(1+I67),2) -> 14.98 | K67: =SUM(G67*J67) -> 6681.08
B68: 4.1.5 | C68: FDE | D68: 04.01.049 | E68: =IFERROR(UPPER(IF(C68="CPU",VLOOKUP(D68,#REF!,2,0),IF(C68="SINAPI",VLOOKUP(D68,#REF!,2,0),IF(C68="EDIF",VLOOKUP(D68,#REF!,2,0),IF(C68="CDHU",VLOOKUP(D68,#REF!,2,0),IF(C68="FDE",VLOOKUP(D68,'FDE 10-23 '!$A$4:$E$3180,2,0),IF(C68="INFRA",VLOOKUP(D68,#REF!,2,0),""))))))),"") -> ALVENARIA AUTO-PORTANTE: BLOCO CONCRETO ESTRUTURAL DE 19X19X19CM CLASSE B | F68: =VLOOKUP(D68,'FDE 10-23 '!$A$4:$E$3180,3,0) -> M2 | G68: =VLOOKUP(B68,Planilha17!$A$8:$F$1259,6,0) -> 16.8 | H68: =VLOOKUP(D68,'FDE 10-23 '!$A$4:$E$3180,5,0) -> 140.87 | I68: =$L$10 -> 0.23 | J68: =ROUND(H68*(1+I68),2) -> 173.27 | K68: =SUM(G68*J68) -> 2910.936
B69: 4.1.6 | C69: FDE | D69: 04.01.064 | E69: =IFERROR(UPPER(IF(C69="CPU",VLOOKUP(D69,#REF!,2,0),IF(C69="SINAPI",VLOOKUP(D69,#REF!,2,0),IF(C69="EDIF",VLOOKUP(D69,#REF!,2,0),IF(C69="CDHU",VLOOKUP(D69,#REF!,2,0),IF(C69="FDE",VLOOKUP(D69,'FDE 10-23 '!$A$4:$E$3180,2,0),IF(C69="INFRA",VLOOKUP(D69,#REF!,2,0),""))))))),"") -> ALVENARIA DE CONCRETO CELULAR - BLOCOS E=10CM | F69: =VLOOKUP(D69,'FDE 10-23 '!$A$4:$E$3180,3,0) -> M2 | G69: =VLOOKUP(B69,Planilha17!$A$8:$F$1259,6,0) -> 10.73 | H69: =VLOOKUP(D69,'FDE 10-23 '!$A$4:$E$3180,5,0) -> 134.36 | I69: =$L$10 -> 0.23 | J69: =ROUND(H69*(1+I69),2) -> 165.26 | K69: =SUM(G69*J69) -> 1773.2398
B70: 4.2 | D70: 04.03.000 | E70: PLACAS DIVISÓRIAS | F70: =IFERROR(UPPER(IF(C70="CPU",VLOOKUP(D70,#REF!,3,0),IF(C70="SINAPI",VLOOKUP(D70,#REF!,3,0),IF(C70="EDIF",VLOOKUP(D70,#REF!,3,0),IF(C70="CDHU",VLOOKUP(D70,#REF!,3,0),IF(C70="FDE",VLOOKUP(D70,#REF!,3,0),IF(C70="INFRA",VLOOKUP(D70,#REF!,3,0),""))))))),"") | H70: =IFERROR(IF(#REF!="CPU",VLOOKUP(#REF!,#REF!,4,0),IF(#REF!="SINAPI",VLOOKUP(#REF!,#REF!,5,0),IF(#REF!="EDIF",VLOOKUP(#REF!,#REF!,4,0),IF(#REF!="CDHU",VLOOKUP(#REF!,#REF!,6,0),IF(#REF!="FDE",VLOOKUP(#REF!,#REF!,4,0),IF(#REF!="INFRA",VLOOKUP(#REF!,#REF!,4,0),"")))))),"") | K70: =SUBTOTAL(9,K71:K75) -> 41400.315
B71: 4.2.1 | C71: FDE | D71: 04.03.001 | E71: =IFERROR(UPPER(IF(C71="CPU",VLOOKUP(D71,#REF!,2,0),IF(C71="SINAPI",VLOOKUP(D71,#REF!,2,0),IF(C71="EDIF",VLOOKUP(D71,#REF!,2,0),IF(C71="CDHU",VLOOKUP(D71,#REF!,2,0),IF(C71="FDE",VLOOKUP(D71,'FDE 10-23 '!$A$4:$E$3180,2,0),IF(C71="INFRA",VLOOKUP(D71,#REF!,2,0),""))))))),"") -> DV-01 DIVISORIA DE GRANILITE - LATERAL ABERTA | F71: =VLOOKUP(D71,'FDE 10-23 '!$A$4:$E$3180,3,0) -> M | G71: =VLOOKUP(B71,Planilha17!$A$8:$F$1259,6,0) -> 15.2 | H71: =VLOOKUP(D71,'FDE 10-23 '!$A$4:$E$3180,5,0) -> 527.53 | I71: =$L$10 -> 0.23 | J71: =ROUND(H71*(1+I71),2) -> 648.86 | K71: =SUM(G71*J71) -> 9862.672
B72: 4.2.2 | C72: FDE | D72: 04.03.002 | E72: =IFERROR(UPPER(IF(C72="CPU",VLOOKUP(D72,#REF!,2,0),IF(C72="SINAPI",VLOOKUP(D72,#REF!,2,0),IF(C72="EDIF",VLOOKUP(D72,#REF!,2,0),IF(C72="CDHU",VLOOKUP(D72,#REF!,2,0),IF(C72="FDE",VLOOKUP(D72,'FDE 10-23 '!$A$4:$E$3180,2,0),IF(C72="INFRA",VLOOKUP(D72,#REF!,2,0),""))))))),"") -> DV-02 DIVISORIA DE GRANILITE - LATERAL FECHADA | F72: =VLOOKUP(D72,'FDE 10-23 '!$A$4:$E$3180,3,0) -> M | G72: =VLOOKUP(B72,Planilha17!$A$8:$F$1259,6,0) -> 13.8 | H72: =VLOOKUP(D72,'FDE 10-23 '!$A$4:$E$3180,5,0) -> 527.53 | I72: =$L$10 -> 0.23 | J72: =ROUND(H72*(1+I72),2) -> 648.86 | K72: =SUM(G72*J72) -> 8954.268
B73: 4.2.3 | C73: FDE | D73: 04.03.003 | E73: =IFERROR(UPPER(IF(C73="CPU",VLOOKUP(D73,#REF!,2,0),IF(C73="SINAPI",VLOOKUP(D73,#REF!,2,0),IF(C73="EDIF",VLOOKUP(D73,#REF!,2,0),IF(C73="CDHU",VLOOKUP(D73,#REF!,2,0),IF(C73="FDE",VLOOKUP(D73,'FDE 10-23 '!$A$4:$E$3180,2,0),IF(C73="INFRA",VLOOKUP(D73,#REF!,2,0),""))))))),"") -> DV-03 DIVISORIA DE GRANILITE - FRONTAL | F73: =VLOOKUP(D73,'FDE 10-23 '!$A$4:$E$3180,3,0) -> M | G73: =VLOOKUP(B73,Planilha17!$A$8:$F$1259,6,0) -> 6.9 | H73: =VLOOKUP(D73,'FDE 10-23 '!$A$4:$E$3180,5,0) -> 1826.33 | I73: =$L$10 -> 0.23 | J73: =ROUND(H73*(1+I73),2) -> 2246.39 | K73: =SUM(G73*J73) -> 15500.091
B74: 4.2.4 | C74: FDE | D74: 04.03.008 | E74: =IFERROR(UPPER(IF(C74="CPU",VLOOKUP(D74,#REF!,2,0),IF(C74="SINAPI",VLOOKUP(D74,#REF!,2,0),IF(C74="EDIF",VLOOKUP(D74,#REF!,2,0),IF(C74="CDHU",VLOOKUP(D74,#REF!,2,0),IF(C74="FDE",VLOOKUP(D74,'FDE 10-23 '!$A$4:$E$3180,2,0),IF(C74="INFRA",VLOOKUP(D74,#REF!,2,0),""))))))),"") -> DV-04 DIVISÓRIA DE GRANILITE - ANTEPARO | F74: =VLOOKUP(D74,'FDE 10-23 '!$A$4:$E$3180,3,0) -> M | G74: =VLOOKUP(B74,Planilha17!$A$8:$F$1259,6,0) -> 1.6 | H74: =VLOOKUP(D74,'FDE 10-23 '!$A$4:$E$3180,5,0) -> 552.02 | I74: =$L$10 -> 0.23 | J74: =ROUND(H74*(1+I74),2) -> 678.98 | K74: =SUM(G74*J74) -> 1086.368
B75: 4.2.5 | C75: FDE | D75: 04.03.023 | E75: =IFERROR(UPPER(IF(C75="CPU",VLOOKUP(D75,#REF!,2,0),IF(C75="SINAPI",VLOOKUP(D75,#REF!,2,0),IF(C75="EDIF",VLOOKUP(D75,#REF!,2,0),IF(C75="CDHU",VLOOKUP(D75,#REF!,2,0),IF(C75="FDE",VLOOKUP(D75,'FDE 10-23 '!$A$4:$E$3180,2,0),IF(C75="INFRA",VLOOKUP(D75,#REF!,2,0),""))))))),"") -> DIVISORIA CHAPA FIBRA MAD PRENS BP/PAINEL CEGO 1,20X2,11M E=35MM | F75: =VLOOKUP(D75,'FDE 10-23 '!$A$4:$E$3180,3,0) -> M2 | G75: =VLOOKUP(B75,Planilha17!$A$8:$F$1259,6,0) -> 32.4 | H75: =VLOOKUP(D75,'FDE 10-23 '!$A$4:$E$3180,5,0) -> 150.48 | I75: =$L$10 -> 0.23 | J75: =ROUND(H75*(1+I75),2) -> 185.09 | K75: =SUM(G75*J75) -> 5996.916
B76: 5 | D76: 05.00.000 | E76: ELEMENTOS DE MADEIRA/COMPONENTES ESPECIAIS | F76: =IFERROR(UPPER(IF(C76="CPU",VLOOKUP(D76,#REF!,3,0),IF(C76="SINAPI",VLOOKUP(D76,#REF!,3,0),IF(C76="EDIF",VLOOKUP(D76,#REF!,3,0),IF(C76="CDHU",VLOOKUP(D76,#REF!,3,0),IF(C76="FDE",VLOOKUP(D76,#REF!,3,0),IF(C76="INFRA",VLOOKUP(D76,#REF!,3,0),""))))))),"") | H76: =IFERROR(IF(#REF!="CPU",VLOOKUP(#REF!,#REF!,4,0),IF(#REF!="SINAPI",VLOOKUP(#REF!,#REF!,5,0),IF(#REF!="EDIF",VLOOKUP(#REF!,#REF!,4,0),IF(#REF!="CDHU",VLOOKUP(#REF!,#REF!,6,0),IF(#REF!="FDE",VLOOKUP(#REF!,#REF!,4,0),IF(#REF!="INFRA",VLOOKUP(#REF!,#REF!,4,0),"")))))),"") | K76: =SUBTOTAL(9,K77:K105) -> 237171.21
B77: 5.1 | D77: 05.01.000 | E77: PORTAS/BATENTES/FERRAGENS | F77: =IFERROR(UPPER(IF(C77="CPU",VLOOKUP(D77,#REF!,3,0),IF(C77="SINAPI",VLOOKUP(D77,#REF!,3,0),IF(C77="EDIF",VLOOKUP(D77,#REF!,3,0),IF(C77="CDHU",VLOOKUP(D77,#REF!,3,0),IF(C77="FDE",VLOOKUP(D77,#REF!,3,0),IF(C77="INFRA",VLOOKUP(D77,#REF!,3,0),""))))))),"") | H77: =IFERROR(IF(#REF!="CPU",VLOOKUP(#REF!,#REF!,4,0),IF(#REF!="SINAPI",VLOOKUP(#REF!,#REF!,5,0),IF(#REF!="EDIF",VLOOKUP(#REF!,#REF!,4,0),IF(#REF!="CDHU",VLOOKUP(#REF!,#REF!,6,0),IF(#REF!="FDE",VLOOKUP(#REF!,#REF!,4,0),IF(#REF!="INFRA",VLOOKUP(#REF!,#REF!,4,0),"")))))),"") | K77: =SUBTOTAL(9,K78:K84) -> 87826.02
B78: 5.1.1 | C78: FDE | D78: 05.01.001 | E78: =IFERROR(UPPER(IF(C78="CPU",VLOOKUP(D78,#REF!,2,0),IF(C78="SINAPI",VLOOKUP(D78,#REF!,2,0),IF(C78="EDIF",VLOOKUP(D78,#REF!,2,0),IF(C78="CDHU",VLOOKUP(D78,#REF!,2,0),IF(C78="FDE",VLOOKUP(D78,'FDE 10-23 '!$A$4:$E$3180,2,0),IF(C78="INFRA",VLOOKUP(D78,#REF!,2,0),""))))))),"") -> PM-67 PORTA DE MADEIRA MACHO/FEMEA P/ PINT. BAT. MET. L=82CM | F78: =VLOOKUP(D78,'FDE 10-23 '!$A$4:$E$3180,3,0) -> UN | G78: =VLOOKUP(B78,Planilha17!$A$8:$F$1259,6,0) -> 2 | H78: =VLOOKUP(D78,'FDE 10-23 '!$A$4:$E$3180,5,0) -> 2435.36 | I78: =$L$10 -> 0.23 | J78: =ROUND(H78*(1+I78),2) -> 2995.49 | K78: =SUM(G78*J78) -> 5990.98
B79: 5.1.2 | C79: FDE | D79: 05.01.002 | E79: =IFERROR(UPPER(IF(C79="CPU",VLOOKUP(D79,#REF!,2,0),IF(C79="SINAPI",VLOOKUP(D79,#REF!,2,0),IF(C79="EDIF",VLOOKUP(D79,#REF!,2,0),IF(C79="CDHU",VLOOKUP(D79,#REF!,2,0),IF(C79="FDE",VLOOKUP(D79,'FDE 10-23 '!$A$4:$E$3180,2,0),IF(C79="INFRA",VLOOKUP(D79,#REF!,2,0),""))))))),"") -> PM-68 PORTA DE MADEIRA MACHO/FEMEA P/ PINT. BAT. MET. L=92CM | F79: =VLOOKUP(D79,'FDE 10-23 '!$A$4:$E$3180,3,0) -> UN | G79: =VLOOKUP(B79,Planilha17!$A$8:$F$1259,6,0) -> 14 | H79: =VLOOKUP(D79,'FDE 10-23 '!$A$4:$E$3180,5,0) -> 2539.69 | I79: =$L$10 -> 0.23 | J79: =ROUND(H79*(1+I79),2) -> 3123.82 | K79: =SUM(G79*J79) -> 43733.48
B80: 5.1.3 | C80: FDE | D80: 05.01.028 | E80: =IFERROR(UPPER(IF(C80="CPU",VLOOKUP(D80,#REF!,2,0),IF(C80="SINAPI",VLOOKUP(D80,#REF!,2,0),IF(C80="EDIF",VLOOKUP(D80,#REF!,2,0),IF(C80="CDHU",VLOOKUP(D80,#REF!,2,0),IF(C80="FDE",VLOOKUP(D80,'FDE 10-23 '!$A$4:$E$3180,2,0),IF(C80="INFRA",VLOOKUP(D80,#REF!,2,0),""))))))),"") -> PORTAS PARA DIVISORIAS CHAPA FIBRA MAD PRENS BP COM FERRAGENS | F80: =VLOOKUP(D80,'FDE 10-23 '!$A$4:$E$3180,3,0) -> UN | G80: =VLOOKUP(B80,Planilha17!$A$8:$F$1259,6,0) -> 5 | H80: =VLOOKUP(D80,'FDE 10-23 '!$A$4:$E$3180,5,0) -> 540.78 | I80: =$L$10 -> 0.23 | J80: =ROUND(H80*(1+I80),2) -> 665.16 | K80: =SUM(G80*J80) -> 3325.8
B81: 5.1.4 | C81: FDE | D81: 05.01.029 | E81: =IFERROR(UPPER(IF(C81="CPU",VLOOKUP(D81,#REF!,2,0),IF(C81="SINAPI",VLOOKUP(D81,#REF!,2,0),IF(C81="EDIF",VLOOKUP(D81,#REF!,2,0),IF(C81="CDHU",VLOOKUP(D81,#REF!,2,0),IF(C81="FDE",VLOOKUP(D81,'FDE 10-23 '!$A$4:$E$3180,2,0),IF(C81="INFRA",VLOOKUP(D81,#REF!,2,0),""))))))),"") -> PM-74 PORTA SARRAFEADO MACIÇO P/BOXES L=62CM-COMPLETA | F81: =VLOOKUP(D81,'FDE 10-23 '!$A$4:$E$3180,3,0) -> UN | G81: =VLOOKUP(B81,Planilha17!$A$8:$F$1259,6,0) -> 23 | H81: =VLOOKUP(D81,'FDE 10-23 '!$A$4:$E$3180,5,0) -> 603.87 | I81: =$L$10 -> 0.23 | J81: =ROUND(H81*(1+I81),2) -> 742.76 | K81: =SUM(G81*J81) -> 17083.48
B82: 5.1.5 | C82: FDE | D82: 05.01.048 | E82: =IFERROR(UPPER(IF(C82="CPU",VLOOKUP(D82,#REF!,2,0),IF(C82="SINAPI",VLOOKUP(D82,#REF!,2,0),IF(C82="EDIF",VLOOKUP(D82,#REF!,2,0),IF(C82="CDHU",VLOOKUP(D82,#REF!,2,0),IF(C82="FDE",VLOOKUP(D82,'FDE 10-23 '!$A$4:$E$3180,2,0),IF(C82="INFRA",VLOOKUP(D82,#REF!,2,0),""))))))),"") -> PM-72 PORTA DE MADEIRA SARRAFEADA P/ PINT. BAT. MET. L=92CM | F82: =VLOOKUP(D82,'FDE 10-23 '!$A$4:$E$3180,3,0) -> UN | G82: =VLOOKUP(B82,Planilha17!$A$8:$F$1259,6,0) -> 2 | H82: =VLOOKUP(D82,'FDE 10-23 '!$A$4:$E$3180,5,0) -> 1935.33 | I82: =$L$10 -> 0.23 | J82: =ROUND(H82*(1+I82),2) -> 2380.46 | K82: =SUM(G82*J82) -> 4760.92
B83: 5.1.6 | C83: FDE | D83: 05.01.051 | E83: =IFERROR(UPPER(IF(C83="CPU",VLOOKUP(D83,#REF!,2,0),IF(C83="SINAPI",VLOOKUP(D83,#REF!,2,0),IF(C83="EDIF",VLOOKUP(D83,#REF!,2,0),IF(C83="CDHU",VLOOKUP(D83,#REF!,2,0),IF(C83="FDE",VLOOKUP(D83,'FDE 10-23 '!$A$4:$E$3180,2,0),IF(C83="INFRA",VLOOKUP(D83,#REF!,2,0),""))))))),"") -> PM-75 PORTA SARRAFEADA MACICA SANIT. ACESSIVEL BAT. MET. | F83: =VLOOKUP(D83,'FDE 10-23 '!$A$4:$E$3180,3,0) -> UN | G83: =VLOOKUP(B83,Planilha17!$A$8:$F$1259,6,0) -> 2 | H83: =VLOOKUP(D83,'FDE 10-23 '!$A$4:$E$3180,5,0) -> 2153.5 | I83: =$L$10 -> 0.23 | J83: =ROUND(H83*(1+I83),2) -> 2648.81 | K83: =SUM(G83*J83) -> 5297.62
B84: 5.1.7 | C84: FDE | D84: 05.01.070 | E84: =IFERROR(UPPER(IF(C84="CPU",VLOOKUP(D84,#REF!,2,0),IF(C84="SINAPI",VLOOKUP(D84,#REF!,2,0),IF(C84="EDIF",VLOOKUP(D84,#REF!,2,0),IF(C84="CDHU",VLOOKUP(D84,#REF!,2,0),IF(C84="FDE",VLOOKUP(D84,'FDE 10-23 '!$A$4:$E$3180,2,0),IF(C84="INFRA",VLOOKUP(D84,#REF!,2,0),""))))))),"") -> PM-83 PORTA DE CORRER ACESSIVEL SARRAFEADA MACIÇA G1-C1 P/PINTURA L=101CM | F84: =VLOOKUP(D84,'FDE 10-23 '!$A$4:$E$3180,3,0) -> UN | G84: =VLOOKUP(B84,Planilha17!$A$8:$F$1259,6,0) -> 2 | H84: =VLOOKUP(D84,'FDE 10-23 '!$A$4:$E$3180,5,0) -> 3103.15 | I84: =$L$10 -> 0.23 | J84: =ROUND(H84*(1+I84),2) -> 3816.87 | K84: =SUM(G84*J84) -> 7633.74
B85: 5.2 | D85: 05.05.000 | E85: OUTROS COMPONENTES PADRONIZADOS | F85: =IFERROR(UPPER(IF(C85="CPU",VLOOKUP(D85,#REF!,3,0),IF(C85="SINAPI",VLOOKUP(D85,#REF!,3,0),IF(C85="EDIF",VLOOKUP(D85,#REF!,3,0),IF(C85="CDHU",VLOOKUP(D85,#REF!,3,0),IF(C85="FDE",VLOOKUP(D85,#REF!,3,0),IF(C85="INFRA",VLOOKUP(D85,#REF!,3,0),""))))))),"") | H85: =IFERROR(IF(#REF!="CPU",VLOOKUP(#REF!,#REF!,4,0),IF(#REF!="SINAPI",VLOOKUP(#REF!,#REF!,5,0),IF(#REF!="EDIF",VLOOKUP(#REF!,#REF!,4,0),IF(#REF!="CDHU",VLOOKUP(#REF!,#REF!,6,0),IF(#REF!="FDE",VLOOKUP(#REF!,#REF!,4,0),IF(#REF!="INFRA",VLOOKUP(#REF!,#REF!,4,0),"")))))),"") | K85: =SUBTOTAL(9,K86:K105) -> 149345.19
B86: 5.2.1 | C86: FDE | D86: 05.05.040 | E86: =IFERROR(UPPER(IF(C86="CPU",VLOOKUP(D86,#REF!,2,0),IF(C86="SINAPI",VLOOKUP(D86,#REF!,2,0),IF(C86="EDIF",VLOOKUP(D86,#REF!,2,0),IF(C86="CDHU",VLOOKUP(D86,#REF!,2,0),IF(C86="FDE",VLOOKUP(D86,'FDE 10-23 '!$A$4:$E$3180,2,0),IF(C86="INFRA",VLOOKUP(D86,#REF!,2,0),""))))))),"") -> BS-05 BANCADA PARA COZINHA - GRANITO POLIDO 20MM | F86: =VLOOKUP(D86,'FDE 10-23 '!$A$4:$E$3180,3,0) -> M | G86: =VLOOKUP(B86,Planilha17!$A$8:$F$1259,6,0) -> 13.2 | H86: =VLOOKUP(D86,'FDE 10-23 '!$A$4:$E$3180,5,0) -> 430.57 | I86: =$L$10 -> 0.23 | J86: =ROUND(H86*(1+I86),2) -> 529.6 | K86: =SUM(G86*J86) -> 6990.72
B87: 5.2.2 | C87: FDE | D87: 05.05.053 | E87: =IFERROR(UPPER(IF(C87="CPU",VLOOKUP(D87,#REF!,2,0),IF(C87="SINAPI",VLOOKUP(D87,#REF!,2,0),IF(C87="EDIF",VLOOKUP(D87,#REF!,2,0),IF(C87="CDHU",VLOOKUP(D87,#REF!,2,0),IF(C87="FDE",VLOOKUP(D87,'FDE 10-23 '!$A$4:$E$3180,2,0),IF(C87="INFRA",VLOOKUP(D87,#REF!,2,0),""))))))),"") -> BE-08 BANCADA ALUNOS / QUIMICA E BIOLOGIA (150CM) | F87: =VLOOKUP(D87,'FDE 10-23 '!$A$4:$E$3180,3,0) -> UN | G87: =VLOOKUP(B87,Planilha17!$A$8:$F$1259,6,0) -> 4 | H87: =VLOOKUP(D87,'FDE 10-23 '!$A$4:$E$3180,5,0) -> 1691.7 | I87: =$L$10 -> 0.23 | J87: =ROUND(H87*(1+I87),2) -> 2080.79 | K87: =SUM(G87*J87) -> 8323.16
B88: 5.2.3 | C88: FDE | D88: 05.05.054 | E88: =IFERROR(UPPER(IF(C88="CPU",VLOOKUP(D88,#REF!,2,0),IF(C88="SINAPI",VLOOKUP(D88,#REF!,2,0),IF(C88="EDIF",VLOOKUP(D88,#REF!,2,0),IF(C88="CDHU",VLOOKUP(D88,#REF!,2,0),IF(C88="FDE",VLOOKUP(D88,'FDE 10-23 '!$A$4:$E$3180,2,0),IF(C88="INFRA",VLOOKUP(D88,#REF!,2,0),""))))))),"") -> BE-09 BANCADA ALUNOS / QUIMICA E BIOLOGIA (195CM) | F88: =VLOOKUP(D88,'FDE 10-23 '!$A$4:$E$3180,3,0) -> UN | G88: =VLOOKUP(B88,Planilha17!$A$8:$F$1259,6,0) -> 2 | H88: =VLOOKUP(D88,'FDE 10-23 '!$A$4:$E$3180,5,0) -> 1943.14 | I88: =$L$10 -> 0.23 | J88: =ROUND(H88*(1+I88),2) -> 2390.06 | K88: =SUM(G88*J88) -> 4780.12
B89: 5.2.4 | C89: FDE | D89: 05.05.055 | E89: =IFERROR(UPPER(IF(C89="CPU",VLOOKUP(D89,#REF!,2,0),IF(C89="SINAPI",VLOOKUP(D89,#REF!,2,0),IF(C89="EDIF",VLOOKUP(D89,#REF!,2,0),IF(C89="CDHU",VLOOKUP(D89,#REF!,2,0),IF(C89="FDE",VLOOKUP(D89,'FDE 10-23 '!$A$4:$E$3180,2,0),IF(C89="INFRA",VLOOKUP(D89,#REF!,2,0),""))))))),"") -> BE-10 BANCADA ALUNOS / MATEMATICA E FISICA (280CM) | F89: =VLOOKUP(D89,'FDE 10-23 '!$A$4:$E$3180,3,0) -> UN | G89: =VLOOKUP(B89,Planilha17!$A$8:$F$1259,6,0) -> 4 | H89: =VLOOKUP(D89,'FDE 10-23 '!$A$4:$E$3180,5,0) -> 3028.7 | I89: =$L$10 -> 0.23 | J89: =ROUND(H89*(1+I89),2) -> 3725.3 | K89: =SUM(G89*J89) -> 14901.2
B90: 5.2.5 | C90: FDE | D90: 05.05.060 | E90: =IFERROR(UPPER(IF(C90="CPU",VLOOKUP(D90,#REF!,2,0),IF(C90="SINAPI",VLOOKUP(D90,#REF!,2,0),IF(C90="EDIF",VLOOKUP(D90,#REF!,2,0),IF(C90="CDHU",VLOOKUP(D90,#REF!,2,0),IF(C90="FDE",VLOOKUP(D90,'FDE 10-23 '!$A$4:$E$3180,2,0),IF(C90="INFRA",VLOOKUP(D90,#REF!,2,0),""))))))),"") -> BE-14 BANCADA APOIO PARA CAPELA | F90: =VLOOKUP(D90,'FDE 10-23 '!$A$4:$E$3180,3,0) -> UN | G90: =VLOOKUP(B90,Planilha17!$A$8:$F$1259,6,0) -> 1 | H90: =VLOOKUP(D90,'FDE 10-23 '!$A$4:$E$3180,5,0) -> 914.29 | I90: =$L$10 -> 0.23 | J90: =ROUND(H90*(1+I90),2) -> 1124.58 | K90: =SUM(G90*J90) -> 1124.58
B91: 5.2.6 | C91: FDE | D91: 05.05.061 | E91: =IFERROR(UPPER(IF(C91="CPU",VLOOKUP(D91,#REF!,2,0),IF(C91="SINAPI",VLOOKUP(D91,#REF!,2,0),IF(C91="EDIF",VLOOKUP(D91,#REF!,2,0),IF(C91="CDHU",VLOOKUP(D91,#REF!,2,0),IF(C91="FDE",VLOOKUP(D91,'FDE 10-23 '!$A$4:$E$3180,2,0),IF(C91="INFRA",VLOOKUP(D91,#REF!,2,0),""))))))),"") -> BE-15 BANCADA LABORATORIO COM PRATELEIRA | F91: =VLOOKUP(D91,'FDE 10-23 '!$A$4:$E$3180,3,0) -> M | G91: =VLOOKUP(B91,Planilha17!$A$8:$F$1259,6,0) -> 12.7 | H91: =VLOOKUP(D91,'FDE 10-23 '!$A$4:$E$3180,5,0) -> 1526.22 | I91: =$L$10 -> 0.23 | J91: =ROUND(H91*(1+I91),2) -> 1877.25 | K91: =SUM(G91*J91) -> 23841.075
B92: 5.2.7 | C92: FDE | D92: 05.05.062 | E92: =IFERROR(UPPER(IF(C92="CPU",VLOOKUP(D92,#REF!,2,0),IF(C92="SINAPI",VLOOKUP(D92,#REF!,2,0),IF(C92="EDIF",VLOOKUP(D92,#REF!,2,0),IF(C92="CDHU",VLOOKUP(D92,#REF!,2,0),IF(C92="FDE",VLOOKUP(D92,'FDE 10-23 '!$A$4:$E$3180,2,0),IF(C92="INFRA",VLOOKUP(D92,#REF!,2,0),""))))))),"") -> BE-16 BANCADA LABORATORIO 2 CUBAS 50X40X25CM (L=180CM) | F92: =VLOOKUP(D92,'FDE 10-23 '!$A$4:$E$3180,3,0) -> UN | G92: =VLOOKUP(B92,Planilha17!$A$8:$F$1259,6,0) -> 1 | H92: =VLOOKUP(D92,'FDE 10-23 '!$A$4:$E$3180,5,0) -> 4269.84 | I92: =$L$10 -> 0.23 | J92: =ROUND(H92*(1+I92),2) -> 5251.9 | K92: =SUM(G92*J92) -> 5251.9
B93: 5.2.8 | C93: FDE | D93: 05.05.064 | E93: =IFERROR(UPPER(IF(C93="CPU",VLOOKUP(D93,#REF!,2,0),IF(C93="SINAPI",VLOOKUP(D93,#REF!,2,0),IF(C93="EDIF",VLOOKUP(D93,#REF!,2,0),IF(C93="CDHU",VLOOKUP(D93,#REF!,2,0),IF(C93="FDE",VLOOKUP(D93,'FDE 10-23 '!$A$4:$E$3180,2,0),IF(C93="INFRA",VLOOKUP(D93,#REF!,2,0),""))))))),"") -> PR-08 PRATELEIRA DE GRANITO | F93: =VLOOKUP(D93,'FDE 10-23 '!$A$4:$E$3180,3,0) -> M | G93: =VLOOKUP(B93,Planilha17!$A$8:$F$1259,6,0) -> 23.9 | H93: =VLOOKUP(D93,'FDE 10-23 '!$A$4:$E$3180,5,0) -> 210.23 | I93: =$L$10 -> 0.23 | J93: =ROUND(H93*(1+I93),2) -> 258.58 | K93: =SUM(G93*J93) -> 6180.062
B94: 5.2.9 | C94: FDE | D94: 05.05.067 | E94: =IFERROR(UPPER(IF(C94="CPU",VLOOKUP(D94,#REF!,2,0),IF(C94="SINAPI",VLOOKUP(D94,#REF!,2,0),IF(C94="EDIF",VLOOKUP(D94,#REF!,2,0),IF(C94="CDHU",VLOOKUP(D94,#REF!,2,0),IF(C94="FDE",VLOOKUP(D94,'FDE 10-23 '!$A$4:$E$3180,2,0),IF(C94="INFRA",VLOOKUP(D94,#REF!,2,0),""))))))),"") -> PR-03 PRATELEIRA DE GRANILITE - L=30CM | F94: =VLOOKUP(D94,'FDE 10-23 '!$A$4:$E$3180,3,0) -> M | G94: =VLOOKUP(B94,Planilha17!$A$8:$F$1259,6,0) -> 4.3 | H94: =VLOOKUP(D94,'FDE 10-23 '!$A$4:$E$3180,5,0) -> 980.64 | I94: =$L$10 -> 0.23 | J94: =ROUND(H94*(1+I94),2) -> 1206.19 | K94: =SUM(G94*J94) -> 5186.617
B95: 5.2.10 | C95: FDE | D95: 05.05.068 | E95: =IFERROR(UPPER(IF(C95="CPU",VLOOKUP(D95,#REF!,2,0),IF(C95="SINAPI",VLOOKUP(D95,#REF!,2,0),IF(C95="EDIF",VLOOKUP(D95,#REF!,2,0),IF(C95="CDHU",VLOOKUP(D95,#REF!,2,0),IF(C95="FDE",VLOOKUP(D95,'FDE 10-23 '!$A$4:$E$3180,2,0),IF(C95="INFRA",VLOOKUP(D95,#REF!,2,0),""))))))),"") -> BE-18 BANCADA LABORATORIO 1 CUBA 60X50X30CM (L=180CM) | F95: =VLOOKUP(D95,'FDE 10-23 '!$A$4:$E$3180,3,0) -> UN | G95: =VLOOKUP(B95,Planilha17!$A$8:$F$1259,6,0) -> 1 | H95: =VLOOKUP(D95,'FDE 10-23 '!$A$4:$E$3180,5,0) -> 3494.64 | I95: =$L$10 -> 0.23 | J95: =ROUND(H95*(1+I95),2) -> 4298.41 | K95: =SUM(G95*J95) -> 4298.41
B96: 5.2.11 | C96: FDE | D96: 05.05.069 | E96: =IFERROR(UPPER(IF(C96="CPU",VLOOKUP(D96,#REF!,2,0),IF(C96="SINAPI",VLOOKUP(D96,#REF!,2,0),IF(C96="EDIF",VLOOKUP(D96,#REF!,2,0),IF(C96="CDHU",VLOOKUP(D96,#REF!,2,0),IF(C96="FDE",VLOOKUP(D96,'FDE 10-23 '!$A$4:$E$3180,2,0),IF(C96="INFRA",VLOOKUP(D96,#REF!,2,0),""))))))),"") -> BE-19 BANCADA LABORATORIO SIMPLES | F96: =VLOOKUP(D96,'FDE 10-23 '!$A$4:$E$3180,3,0) -> M | G96: =VLOOKUP(B96,Planilha17!$A$8:$F$1259,6,0) -> 6.3 | H96: =VLOOKUP(D96,'FDE 10-23 '!$A$4:$E$3180,5,0) -> 734.43 | I96: =$L$10 -> 0.23 | J96: =ROUND(H96*(1+I96),2) -> 903.35 | K96: =SUM(G96*J96) -> 5691.105
B97: 5.2.12 | C97: FDE | D97: 05.05.075 | E97: =IFERROR(UPPER(IF(C97="CPU",VLOOKUP(D97,#REF!,2,0),IF(C97="SINAPI",VLOOKUP(D97,#REF!,2,0),IF(C97="EDIF",VLOOKUP(D97,#REF!,2,0),IF(C97="CDHU",VLOOKUP(D97,#REF!,2,0),IF(C97="FDE",VLOOKUP(D97,'FDE 10-23 '!$A$4:$E$3180,2,0),IF(C97="INFRA",VLOOKUP(D97,#REF!,2,0),""))))))),"") -> PR-09 PRATELEIRA EM GRANILITE - L=55CM | F97: =VLOOKUP(D97,'FDE 10-23 '!$A$4:$E$3180,3,0) -> M | G97: =VLOOKUP(B97,Planilha17!$A$8:$F$1259,6,0) -> 13.7 | H97: =VLOOKUP(D97,'FDE 10-23 '!$A$4:$E$3180,5,0) -> 1154.63 | I97: =$L$10 -> 0.23 | J97: =ROUND(H97*(1+I97),2) -> 1420.19 | K97: =SUM(G97*J97) -> 19456.603
... B105: 5.2.20 | C105: FDE | D105: 05.05.104 | E105: =IFERROR(UPPER(IF(C105="CPU",VLOOKUP(D105,#REF!,2,0),IF(C105="SINAPI",VLOOKUP(D105,#REF!,2,0),IF(C105="EDIF",VLOOKUP(D105,#REF!,2,0),IF(C105="CDHU",VLOOKUP(D105,#REF!,2,0),IF(C105="FDE",VLOOKUP(D105,'FDE 10-23 '!$A$4:$E$3180,2,0),IF(C105="INFRA",VLOOKUP(D105,#REF!,2,0),""))))))),"") -> CC-04 CUBA DUPLA INOX (102X40X25CM) INCLUSIVE VÁLVULA AMERICANA-GRANITO | F105: =VLOOKUP(D105,'FDE 10-23 '!$A$4:$E$3180,3,0) -> UN | G105: =VLOOKUP(B105,Planilha17!$A$8:$F$1259,6,0) -> 1 | H105: =VLOOKUP(D105,'FDE 10-23 '!$A$4:$E$3180,5,0) -> 4812.56 | I105: =$L$10 -> 0.23 | J105: =ROUND(H105*(1+I105),2) -> 5919.45 | K105: =SUM(G105*J105) -> 5919.45
B106: 6 | D106: 06.00.000 | E106: ELEMENTOS METALICOS/COMPONENTES ESPECIAIS | F106: =IFERROR(UPPER(IF(C106="CPU",VLOOKUP(D106,#REF!,3,0),IF(C106="SINAPI",VLOOKUP(D106,#REF!,3,0),IF(C106="EDIF",VLOOKUP(D106,#REF!,3,0),IF(C106="CDHU",VLOOKUP(D106,#REF!,3,0),IF(C106="FDE",VLOOKUP(D106,#REF!,3,0),IF(C106="INFRA",VLOOKUP(D106,#REF!,3,0),""))))))),"") | H106: =IFERROR(IF(#REF!="CPU",VLOOKUP(#REF!,#REF!,4,0),IF(#REF!="SINAPI",VLOOKUP(#REF!,#REF!,5,0),IF(#REF!="EDIF",VLOOKUP(#REF!,#REF!,4,0),IF(#REF!="CDHU",VLOOKUP(#REF!,#REF!,6,0),IF(#REF!="FDE",VLOOKUP(#REF!,#REF!,4,0),IF(#REF!="INFRA",VLOOKUP(#REF!,#REF!,4,0),"")))))),"") | K106: =SUBTOTAL(9,K107:K138) -> 1238592.4
B107: 6.1 | D107: 06.01.000 | E107: ESQUADRIAS METALICAS | F107: =IFERROR(UPPER(IF(C107="CPU",VLOOKUP(D107,#REF!,3,0),IF(C107="SINAPI",VLOOKUP(D107,#REF!,3,0),IF(C107="EDIF",VLOOKUP(D107,#REF!,3,0),IF(C107="CDHU",VLOOKUP(D107,#REF!,3,0),IF(C107="FDE",VLOOKUP(D107,#REF!,3,0),IF(C107="INFRA",VLOOKUP(D107,#REF!,3,0),""))))))),"") | H107: =IFERROR(IF(#REF!="CPU",VLOOKUP(#REF!,#REF!,4,0),IF(#REF!="SINAPI",VLOOKUP(#REF!,#REF!,5,0),IF(#REF!="EDIF",VLOOKUP(#REF!,#REF!,4,0),IF(#REF!="CDHU",VLOOKUP(#REF!,#REF!,6,0),IF(#REF!="FDE",VLOOKUP(#REF!,#REF!,4,0),IF(#REF!="INFRA",VLOOKUP(#REF!,#REF!,4,0),"")))))),"") | K107: =SUBTOTAL(9,K108:K118) -> 673175.63
B108: 6.1.1 | C108: FDE | D108: 06.01.001 | E108: =IFERROR(UPPER(IF(C108="CPU",VLOOKUP(D108,#REF!,2,0),IF(C108="SINAPI",VLOOKUP(D108,#REF!,2,0),IF(C108="EDIF",VLOOKUP(D108,#REF!,2,0),IF(C108="CDHU",VLOOKUP(D108,#REF!,2,0),IF(C108="FDE",VLOOKUP(D108,'FDE 10-23 '!$A$4:$E$3180,2,0),IF(C108="INFRA",VLOOKUP(D108,#REF!,2,0),""))))))),"") -> EF-01 ESQUADRIA DE FERRO 90X60CM | F108: =VLOOKUP(D108,'FDE 10-23 '!$A$4:$E$3180,3,0) -> UN | G108: =VLOOKUP(B108,Planilha17!$A$8:$F$1259,6,0) -> 2 | H108: =VLOOKUP(D108,'FDE 10-23 '!$A$4:$E$3180,5,0) -> 772.08 | I108: =$L$10 -> 0.23 | J108: =ROUND(H108*(1+I108),2) -> 949.66 | K108: =SUM(G108*J108) -> 1899.32
B109: 6.1.2 | C109: FDE | D109: 06.01.002 | E109: =IFERROR(UPPER(IF(C109="CPU",VLOOKUP(D109,#REF!,2,0),IF(C109="SINAPI",VLOOKUP(D109,#REF!,2,0),IF(C109="EDIF",VLOOKUP(D109,#REF!,2,0),IF(C109="CDHU",VLOOKUP(D109,#REF!,2,0),IF(C109="FDE",VLOOKUP(D109,'FDE 10-23 '!$A$4:$E$3180,2,0),IF(C109="INFRA",VLOOKUP(D109,#REF!,2,0),""))))))),"") -> EF-02 ESQUADRIA DE FERRO 90X120CM | F109: =VLOOKUP(D109,'FDE 10-23 '!$A$4:$E$3180,3,0) -> UN | G109: =VLOOKUP(B109,Planilha17!$A$8:$F$1259,6,0) -> 2 | H109: =VLOOKUP(D109,'FDE 10-23 '!$A$4:$E$3180,5,0) -> 1525.82 | I109: =$L$10 -> 0.23 | J109: =ROUND(H109*(1+I109),2) -> 1876.76 | K109: =SUM(G109*J109) -> 3753.52
B110: 6.1.3 | C110: FDE | D110: 06.01.003 | E110: =IFERROR(UPPER(IF(C110="CPU",VLOOKUP(D110,#REF!,2,0),IF(C110="SINAPI",VLOOKUP(D110,#REF!,2,0),IF(C110="EDIF",VLOOKUP(D110,#REF!,2,0),IF(C110="CDHU",VLOOKUP(D110,#REF!,2,0),IF(C110="FDE",VLOOKUP(D110,'FDE 10-23 '!$A$4:$E$3180,2,0),IF(C110="INFRA",VLOOKUP(D110,#REF!,2,0),""))))))),"") -> EF-03 ESQUADRIA DE FERRO 90X150CM | F110: =VLOOKUP(D110,'FDE 10-23 '!$A$4:$E$3180,3,0) -> UN | G110: =VLOOKUP(B110,Planilha17!$A$8:$F$1259,6,0) -> 9 | H110: =VLOOKUP(D110,'FDE 10-23 '!$A$4:$E$3180,5,0) -> 1912.63 | I110: =$L$10 -> 0.23 | J110: =ROUND(H110*(1+I110),2) -> 2352.53 | K110: =SUM(G110*J110) -> 21172.77
...

Sheet ORÇ Atualizado
B1: PREFEITURA DE PORTO FERREIRA “A CAPITAL NACIONAL DA CERÂMICA ARTÍSTICA E DA DECORAÇÃO” SECRETARIA DE OBRAS E DESENVOLVIMENTO URBANO
B4: Objeto | D4: REMANESCENTE DE OBRA PARA CONSTRUÇÃO DA ESCOLA ESTADUAL DO PARQUE RESIDENCIAL PORTO BELO
B5: Endereço: | D5: RUA JOSÉ GOMES, PARQUE RESIDENCIAL PORTO BELO
B6: Local e Data da Elaboração: | D6: PORTO FERREIRA – SP
B7: Fonte: | D7: FDE OUTUBRO 2023
B8: BDI: | D8: 0.23
B10: ITEM | C10: FONTE | D10: CÓD. | E10: REFORMA E REPAROS EM PONTES DO MUNICÍPIO | F10: UNID | G10: QUANT. | H10: P UNIT S/ BDI | I10: BDI | J10: P UNIT C/ BDI | K10: PREÇO TOTAL COM BDI | L10: 0.23
B11: 1 | D11: 01.00.000 | E11: SERVICOS PRELIMINARES | K11: =SUBTOTAL(9,K12:K17) -> 0
B12: 1.1 | D12: 01.01.000 | E12: LIMPEZA DO TERRENO | K12: =SUBTOTAL(9,K13) -> 0
B13: 1.1.1 | C13: FDE | D13: 01.01.001 | E13: =IFERROR(UPPER(IF(C13="CPU",VLOOKUP(D13,#REF!,2,0),IF(C13="SINAPI",VLOOKUP(D13,#REF!,2,0),IF(C13="EDIF",VLOOKUP(D13,#REF!,2,0),IF(C13="CDHU",VLOOKUP(D13,#REF!,2,0),IF(C13="FDE",VLOOKUP(D13,'FDE 10-23 '!$A$4:$E$3180,2,0),IF(C13="INFRA",VLOOKUP(D13,#REF!,2,0),""))))))),"") -> RETIRANDO A VEGETACAO, TRONCOS ATE 5CM DE DIAMETRO E RASPAGEM. | F13: =VLOOKUP(D13,'FDE 10-23 '!$A$4:$E$3180,3,0) -> M2 | H13: =VLOOKUP(D13,'FDE 10-23 '!$A$4:$E$3180,5,0) -> 3.07 | I13: =$L$10 -> 0.23 | J13: =ROUND(H13*(1+I13),2) -> 3.78 | K13: =SUM(G13*J13) -> 0
B14: 1.2 | D14: 01.03.000 | E14: MOVIMENTO DE TERRA MECANIZADO | K14: =SUBTOTAL(9,K15:K17) -> 0
B15: 1.2.1 | C15: FDE | D15: 01.03.001 | E15: =IFERROR(UPPER(IF(C15="CPU",VLOOKUP(D15,#REF!,2,0),IF(C15="SINAPI",VLOOKUP(D15,#REF!,2,0),IF(C15="EDIF",VLOOKUP(D15,#REF!,2,0),IF(C15="CDHU",VLOOKUP(D15,#REF!,2,0),IF(C15="FDE",VLOOKUP(D15,'FDE 10-23 '!$A$4:$E$3180,2,0),IF(C15="INFRA",VLOOKUP(D15,#REF!,2,0),""))))))),"") -> CORTE E ATERRO DENTRO DA OBRA COM TRANSPORTE INTERNO | F15: =VLOOKUP(D15,'FDE 10-23 '!$A$4:$E$3180,3,0) -> M3 | H15: =VLOOKUP(D15,'FDE 10-23 '!$A$4:$E$3180,5,0) -> 9.03 | I15: =$L$10 -> 0.23 | J15: =ROUND(H15*(1+I15),2) -> 11.11 | K15: =SUM(G15*J15) -> 0
B16: 1.2.2 | C16: FDE | D16: 01.03.002 | E16: =IFERROR(UPPER(IF(C16="CPU",VLOOKUP(D16,#REF!,2,0),IF(C16="SINAPI",VLOOKUP(D16,#REF!,2,0),IF(C16="EDIF",VLOOKUP(D16,#REF!,2,0),IF(C16="CDHU",VLOOKUP(D16,#REF!,2,0),IF(C16="FDE",VLOOKUP(D16,'FDE 10-23 '!$A$4:$E$3180,2,0),IF(C16="INFRA",VLOOKUP(D16,#REF!,2,0),""))))))),"") -> CORTE COM RETIRADA POR CAMINHAO NOS PRIMEIROS 100 M | F16: =VLOOKUP(D16,'FDE 10-23 '!$A$4:$E$3180,3,0) -> M3 | H16: =VLOOKUP(D16,'FDE 10-23 '!$A$4:$E$3180,5,0) -> 25.05 | I16: =$L$10 -> 0.23 | J16: =ROUND(H16*(1+I16),2) -> 30.81 | K16: =SUM(G16*J16) -> 0
B17: 1.2.3 | C17: FDE | D17: 01.03.005 | E17: =IFERROR(UPPER(IF(C17="CPU",VLOOKUP(D17,#REF!,2,0),IF(C17="SINAPI",VLOOKUP(D17,#REF!,2,0),IF(C17="EDIF",VLOOKUP(D17,#REF!,2,0),IF(C17="CDHU",VLOOKUP(D17,#REF!,2,0),IF(C17="FDE",VLOOKUP(D17,'FDE 10-23 '!$A$4:$E$3180,2,0),IF(C17="INFRA",VLOOKUP(D17,#REF!,2,0),""))))))),"") -> TRANSPORTE POR CAMINHAO M3X | F17: =VLOOKUP(D17,'FDE 10-23 '!$A$4:$E$3180,3,0) -> KM | H17: =VLOOKUP(D17,'FDE 10-23 '!$A$4:$E$3180,5,0) -> 2.69 | I17: =$L$10 -> 0.23 | J17: =ROUND(H17*(1+I17),2) -> 3.31 | K17: =SUM(G17*J17) -> 0
B18: 2 | D18: 02.00.000 | E18: INFRA ESTRUTURA | H18: =IFERROR(IF(#REF!="CPU",VLOOKUP(#REF!,#REF!,4,0),IF(#REF!="SINAPI",VLOOKUP(#REF!,#REF!,5,0),IF(#REF!="EDIF",VLOOKUP(#REF!,#REF!,4,0),IF(#REF!="CDHU",VLOOKUP(#REF!,#REF!,6,0),IF(#REF!="FDE",VLOOKUP(#REF!,#REF!,4,0),IF(#REF!="INFRA",VLOOKUP(#REF!,#REF!,4,0),"")))))),"") | K18: =SUBTOTAL(9,K19:K43) -> 97651.561
B19: 2.1 | D19: 02.01.000 | E19: ESCAVACAO | H19: =IFERROR(IF(#REF!="CPU",VLOOKUP(#REF!,#REF!,4,0),IF(#REF!="SINAPI",VLOOKUP(#REF!,#REF!,5,0),IF(#REF!="EDIF",VLOOKUP(#REF!,#REF!,4,0),IF(#REF!="CDHU",VLOOKUP(#REF!,#REF!,6,0),IF(#REF!="FDE",VLOOKUP(#REF!,#REF!,4,0),IF(#REF!="INFRA",VLOOKUP(#REF!,#REF!,4,0),"")))))),"") | K19: =SUBTOTAL(9,K20:K24) -> 10948.634
B20: 2.1.1 | C20: FDE | D20: 02.01.001 | E20: =IFERROR(UPPER(IF(C20="CPU",VLOOKUP(D20,#REF!,2,0),IF(C20="SINAPI",VLOOKUP(D20,#REF!,2,0),IF(C20="EDIF",VLOOKUP(D20,#REF!,2,0),IF(C20="CDHU",VLOOKUP(D20,#REF!,2,0),IF(C20="FDE",VLOOKUP(D20,'FDE 10-23 '!$A$4:$E$3180,2,0),IF(C20="INFRA",VLOOKUP(D20,#REF!,2,0),""))))))),"") -> ESCAVACAO MANUAL - PROFUNDIDADE ATE 1.80 M | F20: =VLOOKUP(D20,'FDE 10-23 '!$A$4:$E$3180,3,0) -> M3 | G20: 15 | H20: =VLOOKUP(D20,'FDE 10-23 '!$A$4:$E$3180,5,0) -> 61.58 | I20: =$L$10 -> 0.23 | J20: =ROUND(H20*(1+I20),2) -> 75.74 | K20: =SUM(G20*J20) -> 1136.1
B21: 2.1.2 | C21: FDE | D21: 02.01.010 | E21: =IFERROR(UPPER(IF(C21="CPU",VLOOKUP(D21,#REF!,2,0),IF(C21="SINAPI",VLOOKUP(D21,#REF!,2,0),IF(C21="EDIF",VLOOKUP(D21,#REF!,2,0),IF(C21="CDHU",VLOOKUP(D21,#REF!,2,0),IF(C21="FDE",VLOOKUP(D21,'FDE 10-23 '!$A$4:$E$3180,2,0),IF(C21="INFRA",VLOOKUP(D21,#REF!,2,0),""))))))),"") -> APILOAMENTO PARA SIMPLES REGULARIZACAO | F21: =VLOOKUP(D21,'FDE 10-23 '!$A$4:$E$3180,3,0) -> M2 | G21: 20.6 | H21: =VLOOKUP(D21,'FDE 10-23 '!$A$4:$E$3180,5,0) -> 6.15 | I21: =$L$10 -> 0.23 | J21: =ROUND(H21*(1+I21),2) -> 7.56 | K21: =SUM(G21*J21) -> 155.736
B22: 2.1.3 | C22: FDE | D22: 02.01.012 | E22: =IFERROR(UPPER(IF(C22="CPU",VLOOKUP(D22,#REF!,2,0),IF(C22="SINAPI",VLOOKUP(D22,#REF!,2,0),IF(C22="EDIF",VLOOKUP(D22,#REF!,2,0),IF(C22="CDHU",VLOOKUP(D22,#REF!,2,0),IF(C22="FDE",VLOOKUP(D22,'FDE 10-23 '!$A$4:$E$3180,2,0),IF(C22="INFRA",VLOOKUP(D22,#REF!,2,0),""))))))),"") -> LASTRO DE PEDRA BRITADA - 5CM | F22: =VLOOKUP(D22,'FDE 10-23 '!$A$4:$E$3180,3,0) -> M2 | G22: 20.6 | H22: =VLOOKUP(D22,'FDE 10-23 '!$A$4:$E$3180,5,0) -> 9.71 | I22: =$L$10 -> 0.23 | J22: =ROUND(H22*(1+I22),2) -> 11.94 | K22: =SUM(G22*J22) -> 245.964
B23: 2.1.4 | C23: FDE | D23: 02.01.015 | E23: =IFERROR(UPPER(IF(C23="CPU",VLOOKUP(D23,#REF!,2,0),IF(C23="SINAPI",VLOOKUP(D23,#REF!,2,0),IF(C23="EDIF",VLOOKUP(D23,#REF!,2,0),IF(C23="CDHU",VLOOKUP(D23,#REF!,2,0),IF(C23="FDE",VLOOKUP(D23,'FDE 10-23 '!$A$4:$E$3180,2,0),IF(C23="INFRA",VLOOKUP(D23,#REF!,2,0),""))))))),"") -> LASTRO DE CONCRETO - 5 CM | F23: =VLOOKUP(D23,'FDE 10-23 '!$A$4:$E$3180,3,0) -> M2 | G23: 20.6 | H23: =VLOOKUP(D23,'FDE 10-23 '!$A$4:$E$3180,5,0) -> 33.81 | I23: =$L$10 -> 0.23 | J23: =ROUND(H23*(1+I23),2) -> 41.59 | K23: =SUM(G23*J23) -> 856.754
B24: 2.1.5 | C24: FDE | D24: 02.01.025 | E24: =IFERROR(UPPER(IF(C24="CPU",VLOOKUP(D24,#REF!,2,0),IF(C24="SINAPI",VLOOKUP(D24,#REF!,2,0),IF(C24="EDIF",VLOOKUP(D24,#REF!,2,0),IF(C24="CDHU",VLOOKUP(D24,#REF!,2,0),IF(C24="FDE",VLOOKUP(D24,'FDE 10-23 '!$A$4:$E$3180,2,0),IF(C24="INFRA",VLOOKUP(D24,#REF!,2,0),""))))))),"") -> REATERRO INTERNO APILOADO | F24: =VLOOKUP(D24,'FDE 10-23 '!$A$4:$E$3180,3,0) -> M3 | G24: 150.6 | H24: =VLOOKUP(D24,'FDE 10-23 '!$A$4:$E$3180,5,0) -> 46.18 | I24: =$L$10 -> 0.23 | J24: =ROUND(H24*(1+I24),2) -> 56.8 | K24: =SUM(G24*J24) -> 8554.08
B25: 2.2 | D25: 02.02.000 | E25: FUNDACAO PROFUNDA | H25: =IFERROR(IF(#REF!="CPU",VLOOKUP(#REF!,#REF!,4,0),IF(#REF!="SINAPI",VLOOKUP(#REF!,#REF!,5,0),IF(#REF!="EDIF",VLOOKUP(#REF!,#REF!,4,0),IF(#REF!="CDHU",VLOOKUP(#REF!,#REF!,6,0),IF(#REF!="FDE",VLOOKUP(#REF!,#REF!,4,0),IF(#REF!="INFRA",VLOOKUP(#REF!,#REF!,4,0),"")))))),"") | K25: =SUBTOTAL(9,K26:K31) -> 0
B26: 2.2.1 | C26: FDE | D26: 02.02.021 | E26: =IFERROR(UPPER(IF(C26="CPU",VLOOKUP(D26,#REF!,2,0),IF(C26="SINAPI",VLOOKUP(D26,#REF!,2,0),IF(C26="EDIF",VLOOKUP(D26,#REF!,2,0),IF(C26="CDHU",VLOOKUP(D26,#REF!,2,0),IF(C26="FDE",VLOOKUP(D26,'FDE 10-23 '!$A$4:$E$3180,2,0),IF(C26="INFRA",VLOOKUP(D26,#REF!,2,0),""))))))),"") -> ACO CA-50 (A OU B) FYK = 500 MPA | F26: =VLOOKUP(D26,'FDE 10-23 '!$A$4:$E$3180,3,0) -> KG | H26: =VLOOKUP(D26,'FDE 10-23 '!$A$4:$E$3180,5,0) -> 12.18 | I26: =$L$10 -> 0.23 | J26: =ROUND(H26*(1+I26),2) -> 14.98 | K26: =SUM(G26*J26) -> 0
B27: 2.2.2 | C27: FDE | D27: 02.02.026 | E27: =IFERROR(UPPER(IF(C27="CPU",VLOOKUP(D27,#REF!,2,0),IF(C27="SINAPI",VLOOKUP(D27,#REF!,2,0),IF(C27="EDIF",VLOOKUP(D27,#REF!,2,0),IF(C27="CDHU",VLOOKUP(D27,#REF!,2,0),IF(C27="FDE",VLOOKUP(D27,'FDE 10-23 '!$A$4:$E$3180,2,0),IF(C27="INFRA",VLOOKUP(D27,#REF!,2,0),""))))))),"") -> BROCA DE CONCRETO DE DIAMETRO 25CM - INCL ARRANQUES | F27: =VLOOKUP(D27,'FDE 10-23 '!$A$4:$E$3180,3,0) -> M | H27: =VLOOKUP(D27,'FDE 10-23 '!$A$4:$E$3180,5,0) -> 71.07 | I27: =$L$10 -> 0.23 | J27: =ROUND(H27*(1+I27),2) -> 87.42 | K27: =SUM(G27*J27) -> 0
B28: 2.2.3 | C28: FDE | D28: 02.02.070 | E28: =IFERROR(UPPER(IF(C28="CPU",VLOOKUP(D28,#REF!,2,0),IF(C28="SINAPI",VLOOKUP(D28,#REF!,2,0),IF(C28="EDIF",VLOOKUP(D28,#REF!,2,0),IF(C28="CDHU",VLOOKUP(D28,#REF!,2,0),IF(C28="FDE",VLOOKUP(D28,'FDE 10-23 '!$A$4:$E$3180,2,0),IF(C28="INFRA",VLOOKUP(D28,#REF!,2,0),""))))))),"") -> ESTACA TIPO HELICE DN 25CM | F28: =VLOOKUP(D28,'FDE 10-23 '!$A$4:$E$3180,3,0) -> M | H28: =VLOOKUP(D28,'FDE 10-23 '!$A$4:$E$3180,5,0) -> 62.61 | I28: =$L$10 -> 0.23 | J28: =ROUND(H28*(1+I28),2) -> 77.01 | K28: =SUM(G28*J28) -> 0
B29: 2.2.4 | C29: FDE | D29: 02.02.071 | E29: =IFERROR(UPPER(IF(C29="CPU",VLOOKUP(D29,#REF!,2,0),IF(C29="SINAPI",VLOOKUP(D29,#REF!,2,0),IF(C29="EDIF",VLOOKUP(D29,#REF!,2,0),IF(C29="CDHU",VLOOKUP(D29,#REF!,2,0),IF(C29="FDE",VLOOKUP(D29,'FDE 10-23 '!$A$4:$E$3180,2,0),IF(C29="INFRA",VLOOKUP(D29,#REF!,2,0),""))))))),"") -> ESTACA TIPO HELICE DN 30CM | F29: =VLOOKUP(D29,'FDE 10-23 '!$A$4:$E$3180,3,0) -> M | H29: =VLOOKUP(D29,'FDE 10-23 '!$A$4:$E$3180,5,0) -> 80.69 | I29: =$L$10 -> 0.23 | J29: =ROUND(H29*(1+I29),2) -> 99.25 | K29: =SUM(G29*J29) -> 0
B30: 2.2.5 | C30: FDE | D30: 02.02.072 | E30: =IFERROR(UPPER(IF(C30="CPU",VLOOKUP(D30,#REF!,2,0),IF(C30="SINAPI",VLOOKUP(D30,#REF!,2,0),IF(C30="EDIF",VLOOKUP(D30,#REF!,2,0),IF(C30="CDHU",VLOOKUP(D30,#REF!,2,0),IF(C30="FDE",VLOOKUP(D30,'FDE 10-23 '!$A$4:$E$3180,2,0),IF(C30="INFRA",VLOOKUP(D30,#REF!,2,0),""))))))),"") -> ESTACA TIPO HELICE DN 35CM | F30: =VLOOKUP(D30,'FDE 10-23 '!$A$4:$E$3180,3,0) -> M | H30: =VLOOKUP(D30,'FDE 10-23 '!$A$4:$E$3180,5,0) -> 101.64 | I30: =$L$10 -> 0.23 | J30: =ROUND(H30*(1+I30),2) -> 125.02 | K30: =SUM(G30*J30) -> 0
B31: 2.2.6 | C31: FDE | D31: 02.02.085 | E31: =IFERROR(UPPER(IF(C31="CPU",VLOOKUP(D31,#REF!,2,0),IF(C31="SINAPI",VLOOKUP(D31,#REF!,2,0),IF(C31="EDIF",VLOOKUP(D31,#REF!,2,0),IF(C31="CDHU",VLOOKUP(D31,#REF!,2,0),IF(C31="FDE",VLOOKUP(D31,'FDE 10-23 '!$A$4:$E$3180,2,0),IF(C31="INFRA",VLOOKUP(D31,#REF!,2,0),""))))))),"") -> TRANSPORTE E ATERRO INTERNO DE MATERIAL ESCAVADO DE FUNDAÇÃO-ESTACA-TUBULÃO | F31: =VLOOKUP(D31,'FDE 10-23 '!$A$4:$E$3180,3,0) -> M3 | H31: =VLOOKUP(D31,'FDE 10-23 '!$A$4:$E$3180,5,0) -> 56.96 | I31: =$L$10 -> 0.23 | J31: =ROUND(H31*(1+I31),2) -> 70.06 | K31: =SUM(G31*J31) -> 0
B32: 2.3 | D32: 02.03.000 | E32: FORMA | H32: =IFERROR(IF(#REF!="CPU",VLOOKUP(#REF!,#REF!,4,0),IF(#REF!="SINAPI",VLOOKUP(#REF!,#REF!,5,0),IF(#REF!="EDIF",VLOOKUP(#REF!,#REF!,4,0),IF(#REF!="CDHU",VLOOKUP(#REF!,#REF!,6,0),IF(#REF!="FDE",VLOOKUP(#REF!,#REF!,4,0),IF(#REF!="INFRA",VLOOKUP(#REF!,#REF!,4,0),"")))))),"") | K32: =SUBTOTAL(9,K33) -> 15146.088
B33: 2.3.1 | C33: FDE | D33: 02.03.001 | E33: =IFERROR(UPPER(IF(C33="CPU",VLOOKUP(D33,#REF!,2,0),IF(C33="SINAPI",VLOOKUP(D33,#REF!,2,0),IF(C33="EDIF",VLOOKUP(D33,#REF!,2,0),IF(C33="CDHU",VLOOKUP(D33,#REF!,2,0),IF(C33="FDE",VLOOKUP(D33,'FDE 10-23 '!$A$4:$E$3180,2,0),IF(C33="INFRA",VLOOKUP(D33,#REF!,2,0),""))))))),"") -> FORMA DE MADEIRA MACICA | F33: =VLOOKUP(D33,'FDE 10-23 '!$A$4:$E$3180,3,0) -> M2 | G33: 163.6 | H33: =VLOOKUP(D33,'FDE 10-23 '!$A$4:$E$3180,5,0) -> 75.27 | I33: =$L$10 -> 0.23 | J33: =ROUND(H33*(1+I33),2) -> 92.58 | K33: =SUM(G33*J33) -> 15146.088
B34: 2.4 | D34: 02.04.000 | E34: ARMADURA | H34: =IFERROR(IF(#REF!="CPU",VLOOKUP(#REF!,#REF!,4,0),IF(#REF!="SINAPI",VLOOKUP(#REF!,#REF!,5,0),IF(#REF!="EDIF",VLOOKUP(#REF!,#REF!,4,0),IF(#REF!="CDHU",VLOOKUP(#REF!,#REF!,6,0),IF(#REF!="FDE",VLOOKUP(#REF!,#REF!,4,0),IF(#REF!="INFRA",VLOOKUP(#REF!,#REF!,4,0),"")))))),"") | K34: =SUBTOTAL(9,K35:K36) -> 9229.808
B35: 2.4.1 | C35: FDE | D35: 02.04.002 | E35: =IFERROR(UPPER(IF(C35="CPU",VLOOKUP(D35,#REF!,2,0),IF(C35="SINAPI",VLOOKUP(D35,#REF!,2,0),IF(C35="EDIF",VLOOKUP(D35,#REF!,2,0),IF(C35="CDHU",VLOOKUP(D35,#REF!,2,0),IF(C35="FDE",VLOOKUP(D35,'FDE 10-23 '!$A$4:$E$3180,2,0),IF(C35="INFRA",VLOOKUP(D35,#REF!,2,0),""))))))),"") -> ACO CA 50 (A OU B) FYK= 500 M PA | F35: =VLOOKUP(D35,'FDE 10-23 '!$A$4:$E$3180,3,0) -> KG | G35: 520.1 | H35: =VLOOKUP(D35,'FDE 10-23 '!$A$4:$E$3180,5,0) -> 12.18 | I35: =$L$10 -> 0.23 | J35: =ROUND(H35*(1+I35),2) -> 14.98 | K35: =SUM(G35*J35) -> 7791.098
B36: 2.4.2 | C36: FDE | D36: 02.04.003 | E36: =IFERROR(UPPER(IF(C36="CPU",VLOOKUP(D36,#REF!,2,0),IF(C36="SINAPI",VLOOKUP(D36,#REF!,2,0),IF(C36="EDIF",VLOOKUP(D36,#REF!,2,0),IF(C36="CDHU",VLOOKUP(D36,#REF!,2,0),IF(C36="FDE",VLOOKUP(D36,'FDE 10-23 '!$A$4:$E$3180,2,0),IF(C36="INFRA",VLOOKUP(D36,#REF!,2,0),""))))))),"") -> ACO CA 60 (A OU B) FYK= 600 M PA | F36: =VLOOKUP(D36,'FDE 10-23 '!$A$4:$E$3180,3,0) -> KG | G36: 93 | H36: =VLOOKUP(D36,'FDE 10-23 '!$A$4:$E$3180,5,0) -> 12.58 | I36: =$L$10 -> 0.23 | J36: =ROUND(H36*(1+I36),2) -> 15.47 | K36: =SUM(G36*J36) -> 1438.71
B37: 2.5 | D37: 02.05.000 | E37: CONCRETO | H37: =IFERROR(IF(#REF!="CPU",VLOOKUP(#REF!,#REF!,4,0),IF(#REF!="SINAPI",VLOOKUP(#REF!,#REF!,5,0),IF(#REF!="EDIF",VLOOKUP(#REF!,#REF!,4,0),IF(#REF!="CDHU",VLOOKUP(#REF!,#REF!,6,0),IF(#REF!="FDE",VLOOKUP(#REF!,#REF!,4,0),IF(#REF!="INFRA",VLOOKUP(#REF!,#REF!,4,0),"")))))),"") | K37: =SUBTOTAL(9,K38:K39) -> 18225.342
B38: 2.5.1 | C38: FDE | D38: 02.05.018 | E38: =IFERROR(UPPER(IF(C38="CPU",VLOOKUP(D38,#REF!,2,0),IF(C38="SINAPI",VLOOKUP(D38,#REF!,2,0),IF(C38="EDIF",VLOOKUP(D38,#REF!,2,0),IF(C38="CDHU",VLOOKUP(D38,#REF!,2,0),IF(C38="FDE",VLOOKUP(D38,'FDE 10-23 '!$A$4:$E$3180,2,0),IF(C38="INFRA",VLOOKUP(D38,#REF!,2,0),""))))))),"") -> CONCRETO DOSADO E LANCADO FCK=25MPA | F38: =VLOOKUP(D38,'FDE 10-23 '!$A$4:$E$3180,3,0) -> M3 | G38: 20.5 | H38: =VLOOKUP(D38,'FDE 10-23 '!$A$4:$E$3180,5,0) -> 523.76 | I38: =$L$10 -> 0.23 | J38: =ROUND(H38*(1+I38),2) -> 644.22 | K38: =SUM(G38*J38) -> 13206.51
B39: 2.5.2 | C39: FDE | D39: 02.05.050 | E39: =IFERROR(UPPER(IF(C39="CPU",VLOOKUP(D39,#REF!,2,0),IF(C39="SINAPI",VLOOKUP(D39,#REF!,2,0),IF(C39="EDIF",VLOOKUP(D39,#REF!,2,0),IF(C39="CDHU",VLOOKUP(D39,#REF!,2,0),IF(C39="FDE",VLOOKUP(D39,'FDE 10-23 '!$A$4:$E$3180,2,0),IF(C39="INFRA",VLOOKUP(D39,#REF!,2,0),""))))))),"") -> CONCRETO GROUT, PREPARADO NO LOCAL, LANÇADO E ADENSADO | F39: =VLOOKUP(D39,'FDE 10-23 '!$A$4:$E$3180,3,0) -> M3 | G39: 8.4 | H39: =VLOOKUP(D39,'FDE 10-23 '!$A$4:$E$3180,5,0) -> 485.76 | I39: =$L$10 -> 0.23 | J39: =ROUND(H39*(1+I39),2) -> 597.48 | K39: =SUM(G39*J39) -> 5018.832
B40: 2.6 | D40: 02.06.000 | E40: EMBASAMENTO | H40: =IFERROR(IF(#REF!="CPU",VLOOKUP(#REF!,#REF!,4,0),IF(#REF!="SINAPI",VLOOKUP(#REF!,#REF!,5,0),IF(#REF!="EDIF",VLOOKUP(#REF!,#REF!,4,0),IF(#REF!="CDHU",VLOOKUP(#REF!,#REF!,6,0),IF(#REF!="FDE",VLOOKUP(#REF!,#REF!,4,0),IF(#REF!="INFRA",VLOOKUP(#REF!,#REF!,4,0),"")))))),"") | K40: =SUBTOTAL(9,K41) -> 24210.537
B41: 2.6.1 | C41: FDE | D41: 02.06.003 | E41: =IFERROR(UPPER(IF(C41="CPU",VLOOKUP(D41,#REF!,2,0),IF(C41="SINAPI",VLOOKUP(D41,#REF!,2,0),IF(C41="EDIF",VLOOKUP(D41,#REF!,2,0),IF(C41="CDHU",VLOOKUP(D41,#REF!,2,0),IF(C41="FDE",VLOOKUP(D41,'FDE 10-23 '!$A$4:$E$3180,2,0),IF(C41="INFRA",VLOOKUP(D41,#REF!,2,0),""))))))),"") -> ALVENARIA EMBASAMENTO TIJOLO BARRO MACIÇO E = 1 TIJOLO | F41: =VLOOKUP(D41,'FDE 10-23 '!$A$4:$E$3180,3,0) -> M2 | G41: 104.1 | H41: =VLOOKUP(D41,'FDE 10-23 '!$A$4:$E$3180,5,0) -> 189.08 | I41: =$L$10 -> 0.23 | J41: =ROUND(H41*(1+I41),2) -> 232.57 | K41: =SUM(G41*J41) -> 24210.537
B42: 2.7 | D42: 02.07.000 | E42: IMPERMEABILIZACOES | H42: =IFERROR(IF(#REF!="CPU",VLOOKUP(#REF!,#REF!,4,0),IF(#REF!="SINAPI",VLOOKUP(#REF!,#REF!,5,0),IF(#REF!="EDIF",VLOOKUP(#REF!,#REF!,4,0),IF(#REF!="CDHU",VLOOKUP(#REF!,#REF!,6,0),IF(#REF!="FDE",VLOOKUP(#REF!,#REF!,4,0),IF(#REF!="INFRA",VLOOKUP(#REF!,#REF!,4,0),"")))))),"") | K42: =SUBTOTAL(9,K43) -> 19891.152
B43: 2.7.1 | C43: FDE | D43: 02.07.001 | E43: =IFERROR(UPPER(IF(C43="CPU",VLOOKUP(D43,#REF!,2,0),IF(C43="SINAPI",VLOOKUP(D43,#REF!,2,0),IF(C43="EDIF",VLOOKUP(D43,#REF!,2,0),IF(C43="CDHU",VLOOKUP(D43,#REF!,2,0),IF(C43="FDE",VLOOKUP(D43,'FDE 10-23 '!$A$4:$E$3180,2,0),IF(C43="INFRA",VLOOKUP(D43,#REF!,2,0),""))))))),"") -> IMPERM RESP ALV EMBAS COM ARGAM CIM-AREIA 1:3 CONTENDO HIDROFUGO | F43: =VLOOKUP(D43,'FDE 10-23 '!$A$4:$E$3180,3,0) -> M2 | G43: 338.4 | H43: =VLOOKUP(D43,'FDE 10-23 '!$A$4:$E$3180,5,0) -> 47.79 | I43: =$L$10 -> 0.23 | J43: =ROUND(H43*(1+I43),2) -> 58.78 | K43: =SUM(G43*J43) -> 19891.152
B44: 3 | D44: 03.00.000 | E44: SUPER ESTRUTURA | H44: =IFERROR(IF(#REF!="CPU",VLOOKUP(#REF!,#REF!,4,0),IF(#REF!="SINAPI",VLOOKUP(#REF!,#REF!,5,0),IF(#REF!="EDIF",VLOOKUP(#REF!,#REF!,4,0),IF(#REF!="CDHU",VLOOKUP(#REF!,#REF!,6,0),IF(#REF!="FDE",VLOOKUP(#REF!,#REF!,4,0),IF(#REF!="INFRA",VLOOKUP(#REF!,#REF!,4,0),"")))))),"") | K44: =SUBTOTAL(9,K45:K61) -> 3314123.1
B45: 3.1 | D45: 03.01.000 | E45: FORMA | H45: =IFERROR(IF(#REF!="CPU",VLOOKUP(#REF!,#REF!,4,0),IF(#REF!="SINAPI",VLOOKUP(#REF!,#REF!,5,0),IF(#REF!="EDIF",VLOOKUP(#REF!,#REF!,4,0),IF(#REF!="CDHU",VLOOKUP(#REF!,#REF!,6,0),IF(#REF!="FDE",VLOOKUP(#REF!,#REF!,4,0),IF(#REF!="INFRA",VLOOKUP(#REF!,#REF!,4,0),"")))))),"") | K45: =SUBTOTAL(9,K46) -> 1278.298
B46: 3.1.1 | C46: FDE | D46: 03.01.002 | E46: =IFERROR(UPPER(IF(C46="CPU",VLOOKUP(D46,#REF!,2,0),IF(C46="SINAPI",VLOOKUP(D46,#REF!,2,0),IF(C46="EDIF",VLOOKUP(D46,#REF!,2,0),IF(C46="CDHU",VLOOKUP(D46,#REF!,2,0),IF(C46="FDE",VLOOKUP(D46,'FDE 10-23 '!$A$4:$E$3180,2,0),IF(C46="INFRA",VLOOKUP(D46,#REF!,2,0),""))))))),"") -> FORMAS PLANAS PLASTIFICADA PARA CONCRETO APARENTE | F46: =VLOOKUP(D46,'FDE 10-23 '!$A$4:$E$3180,3,0) -> M2 | G46: 8.2 | H46: =VLOOKUP(D46,'FDE 10-23 '!$A$4:$E$3180,5,0) -> 126.74 | I46: =$L$10 -> 0.23 | J46: =ROUND(H46*(1+I46),2) -> 155.89 | K46: =SUM(G46*J46) -> 1278.298
B47: 3.2 | D47: 03.02.000 | E47: ARMADURA | H47: =IFERROR(IF(#REF!="CPU",VLOOKUP(#REF!,#REF!,4,0),IF(#REF!="SINAPI",VLOOKUP(#REF!,#REF!,5,0),IF(#REF!="EDIF",VLOOKUP(#REF!,#REF!,4,0),IF(#REF!="CDHU",VLOOKUP(#REF!,#REF!,6,0),IF(#REF!="FDE",VLOOKUP(#REF!,#REF!,4,0),IF(#REF!="INFRA",VLOOKUP(#REF!,#REF!,4,0),"")))))),"") | K47: =SUBTOTAL(9,K48:K52) -> 255624.49
B48: 3.2.1 | C48: FDE | D48: 03.02.002 | E48: =IFERROR(UPPER(IF(C48="CPU",VLOOKUP(D48,#REF!,2,0),IF(C48="SINAPI",VLOOKUP(D48,#REF!,2,0),IF(C48="EDIF",VLOOKUP(D48,#REF!,2,0),IF(C48="CDHU",VLOOKUP(D48,#REF!,2,0),IF(C48="FDE",VLOOKUP(D48,'FDE 10-23 '!$A$4:$E$3180,2,0),IF(C48="INFRA",VLOOKUP(D48,#REF!,2,0),""))))))),"") -> ACO CA 50 (A OU B) FYK= 500 M PA | F48: =VLOOKUP(D48,'FDE 10-23 '!$A$4:$E$3180,3,0) -> KG | G48: 4608 | H48: =VLOOKUP(D48,'FDE 10-23 '!$A$4:$E$3180,5,0) -> 12.18 | I48: =$L$10 -> 0.23 | J48: =ROUND(H48*(1+I48),2) -> 14.98 | K48: =SUM(G48*J48) -> 69027.84
B49: 3.2.2 | C49: FDE | D49: 03.02.005 | E49: =IFERROR(UPPER(IF(C49="CPU",VLOOKUP(D49,#REF!,2,0),IF(C49="SINAPI",VLOOKUP(D49,#REF!,2,0),IF(C49="EDIF",VLOOKUP(D49,#REF!,2,0),IF(C49="CDHU",VLOOKUP(D49,#REF!,2,0),IF(C49="FDE",VLOOKUP(D49,'FDE 10-23 '!$A$4:$E$3180,2,0),IF(C49="INFRA",VLOOKUP(D49,#REF!,2,0),""))))))),"") -> TELA ARMADURA (MALHA ACO CA 60 FYK= 600 M PA) | F49: =VLOOKUP(D49,'FDE 10-23 '!$A$4:$E$3180,3,0) -> KG | G49: 6456 | H49: =VLOOKUP(D49,'FDE 10-23 '!$A$4:$E$3180,5,0) -> 11.44 | I49: =$L$10 -> 0.23 | J49: =ROUND(H49*(1+I49),2) -> 14.07 | K49: =SUM(G49*J49) -> 90835.92
B50: 3.2.3 | C50: FDE | D50: 03.02.010 | E50: =IFERROR(UPPER(IF(C50="CPU",VLOOKUP(D50,#REF!,2,0),IF(C50="SINAPI",VLOOKUP(D50,#REF!,2,0),IF(C50="EDIF",VLOOKUP(D50,#REF!,2,0),IF(C50="CDHU",VLOOKUP(D50,#REF!,2,0),IF(C50="FDE",VLOOKUP(D50,'FDE 10-23 '!$A$4:$E$3180,2,0),IF(C50="INFRA",VLOOKUP(D50,#REF!,2,0),""))))))),"") -> INSERTS EM CANTONEIRAS OU CHAPA AÇO A-36 P/SOLIDARIZAÇÃO DE VIGAS E PILARES | F50: =VLOOKUP(D50,'FDE 10-23 '!$A$4:$E$3180,3,0) -> KG | G50: 885.9 | H50: =VLOOKUP(D50,'FDE 10-23 '!$A$4:$E$3180,5,0) -> 60.44 | I50: =$L$10 -> 0.23 | J50: =ROUND(H50*(1+I50),2) -> 74.34 | K50: =SUM(G50*J50) -> 65857.806
B51: 3.2.4 | C51: FDE | D51: 03.02.020 | E51: =IFERROR(UPPER(IF(C51="CPU",VLOOKUP(D51,#REF!,2,0),IF(C51="SINAPI",VLOOKUP(D51,#REF!,2,0),IF(C51="EDIF",VLOOKUP(D51,#REF!,2,0),IF(C51="CDHU",VLOOKUP(D51,#REF!,2,0),IF(C51="FDE",VLOOKUP(D51,'FDE 10-23 '!$A$4:$E$3180,2,0),IF(C51="INFRA",VLOOKUP(D51,#REF!,2,0),""))))))),"") -> CONJUNTO DE LUVAS E PINO ROSCAVEL DN 12,5MM P/SOLIDARIZAÇÃO DE VIGA FORNEC. E INST. | F51: =VLOOKUP(D51,'FDE 10-23 '!$A$4:$E$3180,3,0) -> UN | G51: 24 | H51: =VLOOKUP(D51,'FDE 10-23 '!$A$4:$E$3180,5,0) -> 88.07 | I51: =$L$10 -> 0.23 | J51: =ROUND(H51*(1+I51),2) -> 108.33 | K51: =SUM(G51*J51) -> 2599.92
B52: 3.2.5 | C52: FDE | D52: 03.02.022 | E52: =IFERROR(UPPER(IF(C52="CPU",VLOOKUP(D52,#REF!,2,0),IF(C52="SINAPI",VLOOKUP(D52,#REF!,2,0),IF(C52="EDIF",VLOOKUP(D52,#REF!,2,0),IF(C52="CDHU",VLOOKUP(D52,#REF!,2,0),IF(C52="FDE",VLOOKUP(D52,'FDE 10-23 '!$A$4:$E$3180,2,0),IF(C52="INFRA",VLOOKUP(D52,#REF!,2,0),""))))))),"") -> CONJUNTO DE LUVAS E PINO ROSCAVEL DN 20MM P/SOLIDARIZAÇÃO DE VIGA FORNEC. E INST. | F52: =VLOOKUP(D52,'FDE 10-23 '!$A$4:$E$3180,3,0) -> UN | G52: 150 | H52: =VLOOKUP(D52,'FDE 10-23 '!$A$4:$E$3180,5,0) -> 147.98 | I52: =$L$10 -> 0.23 | J52: =ROUND(H52*(1+I52),2) -> 182.02 | K52: =SUM(G52*J52) -> 27303
B53: 3.3 | D53: 03.03.000 | E53: CONCRETO | H53: =IFERROR(IF(#REF!="CPU",VLOOKUP(#REF!,#REF!,4,0),IF(#REF!="SINAPI",VLOOKUP(#REF!,#REF!,5,0),IF(#REF!="EDIF",VLOOKUP(#REF!,#REF!,4,0),IF(#REF!="CDHU",VLOOKUP(#REF!,#REF!,6,0),IF(#REF!="FDE",VLOOKUP(#REF!,#REF!,4,0),IF(#REF!="INFRA",VLOOKUP(#REF!,#REF!,4,0),"")))))),"") | K53: =SUBTOTAL(9,K54:K59) -> 2900403.7
B54: 3.3.1 | C54: FDE | D54: 03.03.026 | E54: =IFERROR(UPPER(IF(C54="CPU",VLOOKUP(D54,#REF!,2,0),IF(C54="SINAPI",VLOOKUP(D54,#REF!,2,0),IF(C54="EDIF",VLOOKUP(D54,#REF!,2,0),IF(C54="CDHU",VLOOKUP(D54,#REF!,2,0),IF(C54="FDE",VLOOKUP(D54,'FDE 10-23 '!$A$4:$E$3180,2,0),IF(C54="INFRA",VLOOKUP(D54,#REF!,2,0),""))))))),"") -> CONCRETO DOSADO,BOMBEADO E LANCADO FCK 25 MPA | F54: =VLOOKUP(D54,'FDE 10-23 '!$A$4:$E$3180,3,0) -> M3 | G54: 37.8 | H54: =VLOOKUP(D54,'FDE 10-23 '!$A$4:$E$3180,5,0) -> 563.26 | I54: =$L$10 -> 0.23 | J54: =ROUND(H54*(1+I54),2) -> 692.81 | K54: =SUM(G54*J54) -> 26188.218
B55: 3.3.2 | C55: FDE | D55: 03.03.034 | E55: =IFERROR(UPPER(IF(C55="CPU",VLOOKUP(D55,#REF!,2,0),IF(C55="SINAPI",VLOOKUP(D55,#REF!,2,0),IF(C55="EDIF",VLOOKUP(D55,#REF!,2,0),IF(C55="CDHU",VLOOKUP(D55,#REF!,2,0),IF(C55="FDE",VLOOKUP(D55,'FDE 10-23 '!$A$4:$E$3180,2,0),IF(C55="INFRA",VLOOKUP(D55,#REF!,2,0),""))))))),"") -> LAJE PRE-FABRICADA PAINEL ALVEOLAR CONCRETO PROTENDIDO H15-100KGF/M2 | F55: =VLOOKUP(D55,'FDE 10-23 '!$A$4:$E$3180,3,0) -> M2 | G55: 1360.8 | H55: =VLOOKUP(D55,'FDE 10-23 '!$A$4:$E$3180,5,0) -> 303.82 | I55: =$L$10 -> 0.23 | J55: =ROUND(H55*(1+I55),2) -> 373.7 | K55: =SUM(G55*J55) -> 508530.96
B56: 3.3.3 | C56: FDE | D56: 03.03.036 | E56: =IFERROR(UPPER(IF(C56="CPU",VLOOKUP(D56,#REF!,2,0),IF(C56="SINAPI",VLOOKUP(D56,#REF!,2,0),IF(C56="EDIF",VLOOKUP(D56,#REF!,2,0),IF(C56="CDHU",VLOOKUP(D56,#REF!,2,0),IF(C56="FDE",VLOOKUP(D56,'FDE 10-23 '!$A$4:$E$3180,2,0),IF(C56="INFRA",VLOOKUP(D56,#REF!,2,0),""))))))),"") -> LAJE PRE-FABRICADA PAINEL ALVEOLAR CONCRETO PROTENDIDO H15-300KGF/M2 | F56: =VLOOKUP(D56,'FDE 10-23 '!$A$4:$E$3180,3,0) -> M2 | G56: 794 | H56: =VLOOKUP(D56,'FDE 10-23 '!$A$4:$E$3180,5,0) -> 301.29 | I56: =$L$10 -> 0.23 | J56: =ROUND(H56*(1+I56),2) -> 370.59 | K56: =SUM(G56*J56) -> 294248.46
B57: 3.3.4 | C57: FDE | D57: 03.03.037 | E57: =IFERROR(UPPER(IF(C57="CPU",VLOOKUP(D57,#REF!,2,0),IF(C57="SINAPI",VLOOKUP(D57,#REF!,2,0),IF(C57="EDIF",VLOOKUP(D57,#REF!,2,0),IF(C57="CDHU",VLOOKUP(D57,#REF!,2,0),IF(C57="FDE",VLOOKUP(D57,'FDE 10-23 '!$A$4:$E$3180,2,0),IF(C57="INFRA",VLOOKUP(D57,#REF!,2,0),""))))))),"") -> LAJE PRE-FABRICADA PAINEL ALVEOLAR CONCRETO PROTENDIDO H15-500KGF/M2 | F57: =VLOOKUP(D57,'FDE 10-23 '!$A$4:$E$3180,3,0) -> M2 | G57: 290.2 | H57: =VLOOKUP(D57,'FDE 10-23 '!$A$4:$E$3180,5,0) -> 307.3 | I57: =$L$10 -> 0.23 | J57: =ROUND(H57*(1+I57),2) -> 377.98 | K57: =SUM(G57*J57) -> 109689.8
B58: 3.3.5 | C58: FDE | D58: 03.03.095 | E58: =IFERROR(UPPER(IF(C58="CPU",VLOOKUP(D58,#REF!,2,0),IF(C58="SINAPI",VLOOKUP(D58,#REF!,2,0),IF(C58="EDIF",VLOOKUP(D58,#REF!,2,0),IF(C58="CDHU",VLOOKUP(D58,#REF!,2,0),IF(C58="FDE",VLOOKUP(D58,'FDE 10-23 '!$A$4:$E$3180,2,0),IF(C58="INFRA",VLOOKUP(D58,#REF!,2,0),""))))))),"") -> FORNEC. E MONTAGEM DE VIGA PROTENDIDA PRÉ-MOLDADA DE CONCRETO | F58: =VLOOKUP(D58,'FDE 10-23 '!$A$4:$E$3180,3,0) -> M3 | G58: 72.2 | H58: =VLOOKUP(D58,'FDE 10-23 '!$A$4:$E$3180,5,0) -> 6119.1 | I58: =$L$10 -> 0.23 | J58: =ROUND(H58*(1+I58),2) -> 7526.49 | K58: =SUM(G58*J58) -> 543412.58
B59: 3.3.6 | C59: FDE | D59: 03.03.098 | E59: =IFERROR(UPPER(IF(C59="CPU",VLOOKUP(D59,#REF!,2,0),IF(C59="SINAPI",VLOOKUP(D59,#REF!,2,0),IF(C59="EDIF",VLOOKUP(D59,#REF!,2,0),IF(C59="CDHU",VLOOKUP(D59,#REF!,2,0),IF(C59="FDE",VLOOKUP(D59,'FDE 10-23 '!$A$4:$E$3180,2,0),IF(C59="INFRA",VLOOKUP(D59,#REF!,2,0),""))))))),"") -> FORNECIMENTO E MONTAGEM DE ESTRUTURA PRE-MOLDADA DE CONCRETO | F59: =VLOOKUP(D59,'FDE 10-23 '!$A$4:$E$3180,3,0) -> M3 | G59: 210 | H59: =VLOOKUP(D59,'FDE 10-23 '!$A$4:$E$3180,5,0) -> 5491.03 | I59: =$L$10 -> 0.23 | J59: =ROUND(H59*(1+I59),2) -> 6753.97 | K59: =SUM(G59*J59) -> 1418333.7
B60: 3.4 | D60: 03.04.000 | E60: ESTRUTURA METÁLICA | F60: =IFERROR(UPPER(IF(C60="CPU",VLOOKUP(D60,#REF!,3,0),IF(C60="SINAPI",VLOOKUP(D60,#REF!,3,0),IF(C60="EDIF",VLOOKUP(D60,#REF!,3,0),IF(C60="CDHU",VLOOKUP(D60,#REF!,3,0),IF(C60="FDE",VLOOKUP(D60,#REF!,3,0),IF(C60="INFRA",VLOOKUP(D60,#REF!,3,0),""))))))),"") | H60: =IFERROR(IF(#REF!="CPU",VLOOKUP(#REF!,#REF!,4,0),IF(#REF!="SINAPI",VLOOKUP(#REF!,#REF!,5,0),IF(#REF!="EDIF",VLOOKUP(#REF!,#REF!,4,0),IF(#REF!="CDHU",VLOOKUP(#REF!,#REF!,6,0),IF(#REF!="FDE",VLOOKUP(#REF!,#REF!,4,0),IF(#REF!="INFRA",VLOOKUP(#REF!,#REF!,4,0),"")))))),"") | K60: =SUBTOTAL(9,K61) -> 156816.64
B61: 3.4.1 | C61: FDE | D61: 03.04.010 | E61: =IFERROR(UPPER(IF(C61="CPU",VLOOKUP(D61,#REF!,2,0),IF(C61="SINAPI",VLOOKUP(D61,#REF!,2,0),IF(C61="EDIF",VLOOKUP(D61,#REF!,2,0),IF(C61="CDHU",VLOOKUP(D61,#REF!,2,0),IF(C61="FDE",VLOOKUP(D61,'FDE 10-23 '!$A$4:$E$3180,2,0),IF(C61="INFRA",VLOOKUP(D61,#REF!,2,0),""))))))),"") -> FORNECIMENTO E MONTAGEM DE ESTRUTURA METALICA COM AÇO NAO PATINAVE (ASTM A36/A570) | F61: =VLOOKUP(D61,'FDE 10-23 '!$A$4:$E$3180,3,0) -> KG | G61: 4852 | H61: =VLOOKUP(D61,'FDE 10-23 '!$A$4:$E$3180,5,0) -> 26.28 | I61: =$L$10 -> 0.23 | J61: =ROUND(H61*(1+I61),2) -> 32.32 | K61: =SUM(G61*J61) -> 156816.64
B62: 4 | D62: 04.00.000 | E62: ALVENARIA E OUTROS ELEMENTOS DIVISÓRIAS | F62: =IFERROR(UPPER(IF(C62="CPU",VLOOKUP(D62,#REF!,3,0),IF(C62="SINAPI",VLOOKUP(D62,#REF!,3,0),IF(C62="EDIF",VLOOKUP(D62,#REF!,3,0),IF(C62="CDHU",VLOOKUP(D62,#REF!,3,0),IF(C62="FDE",VLOOKUP(D62,#REF!,3,0),IF(C62="INFRA",VLOOKUP(D62,#REF!,3,0),""))))))),"") | H62: =IFERROR(IF(#REF!="CPU",VLOOKUP(#REF!,#REF!,4,0),IF(#REF!="SINAPI",VLOOKUP(#REF!,#REF!,5,0),IF(#REF!="EDIF",VLOOKUP(#REF!,#REF!,4,0),IF(#REF!="CDHU",VLOOKUP(#REF!,#REF!,6,0),IF(#REF!="FDE",VLOOKUP(#REF!,#REF!,4,0),IF(#REF!="INFRA",VLOOKUP(#REF!,#REF!,4,0),"")))))),"") | K62: =SUBTOTAL(9,K63:K75) -> 289471.52
B63: 4.1 | D63: 04.01.000 | E63: ALVENARIA | F63: =IFERROR(UPPER(IF(C63="CPU",VLOOKUP(D63,#REF!,3,0),IF(C63="SINAPI",VLOOKUP(D63,#REF!,3,0),IF(C63="EDIF",VLOOKUP(D63,#REF!,3,0),IF(C63="CDHU",VLOOKUP(D63,#REF!,3,0),IF(C63="FDE",VLOOKUP(D63,#REF!,3,0),IF(C63="INFRA",VLOOKUP(D63,#REF!,3,0),""))))))),"") | H63: =IFERROR(IF(#REF!="CPU",VLOOKUP(#REF!,#REF!,4,0),IF(#REF!="SINAPI",VLOOKUP(#REF!,#REF!,5,0),IF(#REF!="EDIF",VLOOKUP(#REF!,#REF!,4,0),IF(#REF!="CDHU",VLOOKUP(#REF!,#REF!,6,0),IF(#REF!="FDE",VLOOKUP(#REF!,#REF!,4,0),IF(#REF!="INFRA",VLOOKUP(#REF!,#REF!,4,0),"")))))),"") | K63: =SUBTOTAL(9,K64:K69) -> 248071.21
B64: 4.1.1 | C64: FDE | D64: 04.01.033 | E64: =IFERROR(UPPER(IF(C64="CPU",VLOOKUP(D64,#REF!,2,0),IF(C64="SINAPI",VLOOKUP(D64,#REF!,2,0),IF(C64="EDIF",VLOOKUP(D64,#REF!,2,0),IF(C64="CDHU",VLOOKUP(D64,#REF!,2,0),IF(C64="FDE",VLOOKUP(D64,'FDE 10-23 '!$A$4:$E$3180,2,0),IF(C64="INFRA",VLOOKUP(D64,#REF!,2,0),""))))))),"") -> ALVENARIA DE BLOCO DE CONCRETO 14X19X39 CM CLASSE C | F64: =VLOOKUP(D64,'FDE 10-23 '!$A$4:$E$3180,3,0) -> M2 | G64: 268.73 | H64: =VLOOKUP(D64,'FDE 10-23 '!$A$4:$E$3180,5,0) -> 79.31 | I64: =$L$10 -> 0.23 | J64: =ROUND(H64*(1+I64),2) -> 97.55 | K64: =SUM(G64*J64) -> 26214.612
B65: 4.1.2 | C65: FDE | D65: 04.01.034 | E65: =IFERROR(UPPER(IF(C65="CPU",VLOOKUP(D65,#REF!,2,0),IF(C65="SINAPI",VLOOKUP(D65,#REF!,2,0),IF(C65="EDIF",VLOOKUP(D65,#REF!,2,0),IF(C65="CDHU",VLOOKUP(D65,#REF!,2,0),IF(C65="FDE",VLOOKUP(D65,'FDE 10-23 '!$A$4:$E$3180,2,0),IF(C65="INFRA",VLOOKUP(D65,#REF!,2,0),""))))))),"") -> ALVENARIA DE BLOCO DE CONCRETO 19X19X39 CM CLASSE C | F65: =VLOOKUP(D65,'FDE 10-23 '!$A$4:$E$3180,3,0) -> M2 | G65: 1743.8 | H65: =VLOOKUP(D65,'FDE 10-23 '!$A$4:$E$3180,5,0) -> 96.19 | I65: =$L$10 -> 0.23 | J65: =ROUND(H65*(1+I65),2) -> 118.31 | K65: =SUM(G65*J65) -> 206308.98
B66: 4.1.3 | C66: FDE | D66: 04.01.045 | E66: =IFERROR(UPPER(IF(C66="CPU",VLOOKUP(D66,#REF!,2,0),IF(C66="SINAPI",VLOOKUP(D66,#REF!,2,0),IF(C66="EDIF",VLOOKUP(D66,#REF!,2,0),IF(C66="CDHU",VLOOKUP(D66,#REF!,2,0),IF(C66="FDE",VLOOKUP(D66,'FDE 10-23 '!$A$4:$E$3180,2,0),IF(C66="INFRA",VLOOKUP(D66,#REF!,2,0),""))))))),"") -> CONCRETO GROUT, PREPARADO NO LOCAL, LANÇADO E ADENSADO | F66: =VLOOKUP(D66,'FDE 10-23 '!$A$4:$E$3180,3,0) -> M3 | G66: 7 | H66: =VLOOKUP(D66,'FDE 10-23 '!$A$4:$E$3180,5,0) -> 485.76 | I66: =$L$10 -> 0.23 | J66: =ROUND(H66*(1+I66),2) -> 597.48 | K66: =SUM(G66*J66) -> 4182.36
B67: 4.1.4 | C67: FDE | D67: 04.01.046 | E67: =IFERROR(UPPER(IF(C67="CPU",VLOOKUP(D67,#REF!,2,0),IF(C67="SINAPI",VLOOKUP(D67,#REF!,2,0),IF(C67="EDIF",VLOOKUP(D67,#REF!,2,0),IF(C67="CDHU",VLOOKUP(D67,#REF!,2,0),IF(C67="FDE",VLOOKUP(D67,'FDE 10-23 '!$A$4:$E$3180,2,0),IF(C67="INFRA",VLOOKUP(D67,#REF!,2,0),""))))))),"") -> ARMADURA CA 50 PARA PAREDE AUTO-PORTANTE | F67: =VLOOKUP(D67,'FDE 10-23 '!$A$4:$E$3180,3,0) -> KG | G67: 446 | H67: =VLOOKUP(D67,'FDE 10-23 '!$A$4:$E$3180,5,0) -> 12.18 | I67: =$L$10 -> 0.23 | J67: =ROUND(H67*(1+I67),2) -> 14.98 | K67: =SUM(G67*J67) -> 6681.08
B68: 4.1.5 | C68: FDE | D68: 04.01.049 | E68: =IFERROR(UPPER(IF(C68="CPU",VLOOKUP(D68,#REF!,2,0),IF(C68="SINAPI",VLOOKUP(D68,#REF!,2,0),IF(C68="EDIF",VLOOKUP(D68,#REF!,2,0),IF(C68="CDHU",VLOOKUP(D68,#REF!,2,0),IF(C68="FDE",VLOOKUP(D68,'FDE 10-23 '!$A$4:$E$3180,2,0),IF(C68="INFRA",VLOOKUP(D68,#REF!,2,0),""))))))),"") -> ALVENARIA AUTO-PORTANTE: BLOCO CONCRETO ESTRUTURAL DE 19X19X19CM CLASSE B | F68: =VLOOKUP(D68,'FDE 10-23 '!$A$4:$E$3180,3,0) -> M2 | G68: 16.8 | H68: =VLOOKUP(D68,'FDE 10-23 '!$A$4:$E$3180,5,0) -> 140.87 | I68: =$L$10 -> 0.23 | J68: =ROUND(H68*(1+I68),2) -> 173.27 | K68: =SUM(G68*J68) -> 2910.936
B69: 4.1.6 | C69: FDE | D69: 04.01.064 | E69: =IFERROR(UPPER(IF(C69="CPU",VLOOKUP(D69,#REF!,2,0),IF(C69="SINAPI",VLOOKUP(D69,#REF!,2,0),IF(C69="EDIF",VLOOKUP(D69,#REF!,2,0),IF(C69="CDHU",VLOOKUP(D69,#REF!,2,0),IF(C69="FDE",VLOOKUP(D69,'FDE 10-23 '!$A$4:$E$3180,2,0),IF(C69="INFRA",VLOOKUP(D69,#REF!,2,0),""))))))),"") -> ALVENARIA DE CONCRETO CELULAR - BLOCOS E=10CM | F69: =VLOOKUP(D69,'FDE 10-23 '!$A$4:$E$3180,3,0) -> M2 | G69: 10.73 | H69: =VLOOKUP(D69,'FDE 10-23 '!$A$4:$E$3180,5,0) -> 134.36 | I69: =$L$10 -> 0.23 | J69: =ROUND(H69*(1+I69),2) -> 165.26 | K69: =SUM(G69*J69) -> 1773.2398
B70: 4.2 | D70: 04.03.000 | E70: PLACAS DIVISÓRIAS | F70: =IFERROR(UPPER(IF(C70="CPU",VLOOKUP(D70,#REF!,3,0),IF(C70="SINAPI",VLOOKUP(D70,#REF!,3,0),IF(C70="EDIF",VLOOKUP(D70,#REF!,3,0),IF(C70="CDHU",VLOOKUP(D70,#REF!,3,0),IF(C70="FDE",VLOOKUP(D70,#REF!,3,0),IF(C70="INFRA",VLOOKUP(D70,#REF!,3,0),""))))))),"") | H70: =IFERROR(IF(#REF!="CPU",VLOOKUP(#REF!,#REF!,4,0),IF(#REF!="SINAPI",VLOOKUP(#REF!,#REF!,5,0),IF(#REF!="EDIF",VLOOKUP(#REF!,#REF!,4,0),IF(#REF!="CDHU",VLOOKUP(#REF!,#REF!,6,0),IF(#REF!="FDE",VLOOKUP(#REF!,#REF!,4,0),IF(#REF!="INFRA",VLOOKUP(#REF!,#REF!,4,0),"")))))),"") | K70: =SUBTOTAL(9,K71:K75) -> 41400.315
B71: 4.2.1 | C71: FDE | D71: 04.03.001 | E71: =IFERROR(UPPER(IF(C71="CPU",VLOOKUP(D71,#REF!,2,0),IF(C71="SINAPI",VLOOKUP(D71,#REF!,2,0),IF(C71="EDIF",VLOOKUP(D71,#REF!,2,0),IF(C71="CDHU",VLOOKUP(D71,#REF!,2,0),IF(C71="FDE",VLOOKUP(D71,'FDE 10-23 '!$A$4:$E$3180,2,0),IF(C71="INFRA",VLOOKUP(D71,#REF!,2,0),""))))))),"") -> DV-01 DIVISORIA DE GRANILITE - LATERAL ABERTA | F71: =VLOOKUP(D71,'FDE 10-23 '!$A$4:$E$3180,3,0) -> M | G71: 15.2 | H71: =VLOOKUP(D71,'FDE 10-23 '!$A$4:$E$3180,5,0) -> 527.53 | I71: =$L$10 -> 0.23 | J71: =ROUND(H71*(1+I71),2) -> 648.86 | K71: =SUM(G71*J71) -> 9862.672
B72: 4.2.2 | C72: FDE | D72: 04.03.002 | E72: =IFERROR(UPPER(IF(C72="CPU",VLOOKUP(D72,#REF!,2,0),IF(C72="SINAPI",VLOOKUP(D72,#REF!,2,0),IF(C72="EDIF",VLOOKUP(D72,#REF!,2,0),IF(C72="CDHU",VLOOKUP(D72,#REF!,2,0),IF(C72="FDE",VLOOKUP(D72,'FDE 10-23 '!$A$4:$E$3180,2,0),IF(C72="INFRA",VLOOKUP(D72,#REF!,2,0),""))))))),"") -> DV-02 DIVISORIA DE GRANILITE - LATERAL FECHADA | F72: =VLOOKUP(D72,'FDE 10-23 '!$A$4:$E$3180,3,0) -> M | G72: 13.8 | H72: =VLOOKUP(D72,'FDE 10-23 '!$A$4:$E$3180,5,0) -> 527.53 | I72: =$L$10 -> 0.23 | J72: =ROUND(H72*(1+I72),2) -> 648.86 | K72: =SUM(G72*J72) -> 8954.268
B73: 4.2.3 | C73: FDE | D73: 04.03.003 | E73: =IFERROR(UPPER(IF(C73="CPU",VLOOKUP(D73,#REF!,2,0),IF(C73="SINAPI",VLOOKUP(D73,#REF!,2,0),IF(C73="EDIF",VLOOKUP(D73,#REF!,2,0),IF(C73="CDHU",VLOOKUP(D73,#REF!,2,0),IF(C73="FDE",VLOOKUP(D73,'FDE 10-23 '!$A$4:$E$3180,2,0),IF(C73="INFRA",VLOOKUP(D73,#REF!,2,0),""))))))),"") -> DV-03 DIVISORIA DE GRANILITE - FRONTAL | F73: =VLOOKUP(D73,'FDE 10-23 '!$A$4:$E$3180,3,0) -> M | G73: 6.9 | H73: =VLOOKUP(D73,'FDE 10-23 '!$A$4:$E$3180,5,0) -> 1826.33 | I73: =$L$10 -> 0.23 | J73: =ROUND(H73*(1+I73),2) -> 2246.39 | K73: =SUM(G73*J73) -> 15500.091
B74: 4.2.4 | C74: FDE | D74: 04.03.008 | E74: =IFERROR(UPPER(IF(C74="CPU",VLOOKUP(D74,#REF!,2,0),IF(C74="SINAPI",VLOOKUP(D74,#REF!,2,0),IF(C74="EDIF",VLOOKUP(D74,#REF!,2,0),IF(C74="CDHU",VLOOKUP(D74,#REF!,2,0),IF(C74="FDE",VLOOKUP(D74,'FDE 10-23 '!$A$4:$E$3180,2,0),IF(C74="INFRA",VLOOKUP(D74,#REF!,2,0),""))))))),"") -> DV-04 DIVISÓRIA DE GRANILITE - ANTEPARO | F74: =VLOOKUP(D74,'FDE 10-23 '!$A$4:$E$3180,3,0) -> M | G74: 1.6 | H74: =VLOOKUP(D74,'FDE 10-23 '!$A$4:$E$3180,5,0) -> 552.02 | I74: =$L$10 -> 0.23 | J74: =ROUND(H74*(1+I74),2) -> 678.98 | K74: =SUM(G74*J74) -> 1086.368
B75: 4.2.5 | C75: FDE | D75: 04.03.023 | E75: =IFERROR(UPPER(IF(C75="CPU",VLOOKUP(D75,#REF!,2,0),IF(C75="SINAPI",VLOOKUP(D75,#REF!,2,0),IF(C75="EDIF",VLOOKUP(D75,#REF!,2,0),IF(C75="CDHU",VLOOKUP(D75,#REF!,2,0),IF(C75="FDE",VLOOKUP(D75,'FDE 10-23 '!$A$4:$E$3180,2,0),IF(C75="INFRA",VLOOKUP(D75,#REF!,2,0),""))))))),"") -> DIVISORIA CHAPA FIBRA MAD PRENS BP/PAINEL CEGO 1,20X2,11M E=35MM | F75: =VLOOKUP(D75,'FDE 10-23 '!$A$4:$E$3180,3,0) -> M2 | G75: 32.4 | H75: =VLOOKUP(D75,'FDE 10-23 '!$A$4:$E$3180,5,0) -> 150.48 | I75: =$L$10 -> 0.23 | J75: =ROUND(H75*(1+I75),2) -> 185.09 | K75: =SUM(G75*J75) -> 5996.916
B76: 5 | D76: 05.00.000 | E76: ELEMENTOS DE MADEIRA/COMPONENTES ESPECIAIS | F76: =IFERROR(UPPER(IF(C76="CPU",VLOOKUP(D76,#REF!,3,0),IF(C76="SINAPI",VLOOKUP(D76,#REF!,3,0),IF(C76="EDIF",VLOOKUP(D76,#REF!,3,0),IF(C76="CDHU",VLOOKUP(D76,#REF!,3,0),IF(C76="FDE",VLOOKUP(D76,#REF!,3,0),IF(C76="INFRA",VLOOKUP(D76,#REF!,3,0),""))))))),"") | H76: =IFERROR(IF(#REF!="CPU",VLOOKUP(#REF!,#REF!,4,0),IF(#REF!="SINAPI",VLOOKUP(#REF!,#REF!,5,0),IF(#REF!="EDIF",VLOOKUP(#REF!,#REF!,4,0),IF(#REF!="CDHU",VLOOKUP(#REF!,#REF!,6,0),IF(#REF!="FDE",VLOOKUP(#REF!,#REF!,4,0),IF(#REF!="INFRA",VLOOKUP(#REF!,#REF!,4,0),"")))))),"") | K76: =SUBTOTAL(9,K77:K105) -> 237171.21
B77: 5.1 | D77: 05.01.000 | E77: PORTAS/BATENTES/FERRAGENS | F77: =IFERROR(UPPER(IF(C77="CPU",VLOOKUP(D77,#REF!,3,0),IF(C77="SINAPI",VLOOKUP(D77,#REF!,3,0),IF(C77="EDIF",VLOOKUP(D77,#REF!,3,0),IF(C77="CDHU",VLOOKUP(D77,#REF!,3,0),IF(C77="FDE",VLOOKUP(D77,#REF!,3,0),IF(C77="INFRA",VLOOKUP(D77,#REF!,3,0),""))))))),"") | H77: =IFERROR(IF(#REF!="CPU",VLOOKUP(#REF!,#REF!,4,0),IF(#REF!="SINAPI",VLOOKUP(#REF!,#REF!,5,0),IF(#REF!="EDIF",VLOOKUP(#REF!,#REF!,4,0),IF(#REF!="CDHU",VLOOKUP(#REF!,#REF!,6,0),IF(#REF!="FDE",VLOOKUP(#REF!,#REF!,4,0),IF(#REF!="INFRA",VLOOKUP(#REF!,#REF!,4,0),"")))))),"") | K77: =SUBTOTAL(9,K78:K84) -> 87826.02
B78: 5.1.1 | C78: FDE | D78: 05.01.001 | E78: =IFERROR(UPPER(IF(C78="CPU",VLOOKUP(D78,#REF!,2,0),IF(C78="SINAPI",VLOOKUP(D78,#REF!,2,0),IF(C78="EDIF",VLOOKUP(D78,#REF!,2,0),IF(C78="CDHU",VLOOKUP(D78,#REF!,2,0),IF(C78="FDE",VLOOKUP(D78,'FDE 10-23 '!$A$4:$E$3180,2,0),IF(C78="INFRA",VLOOKUP(D78,#REF!,2,0),""))))))),"") -> PM-67 PORTA DE MADEIRA MACHO/FEMEA P/ PINT. BAT. MET. L=82CM | F78: =VLOOKUP(D78,'FDE 10-23 '!$A$4:$E$3180,3,0) -> UN | G78: 2 | H78: =VLOOKUP(D78,'FDE 10-23 '!$A$4:$E$3180,5,0) -> 2435.36 | I78: =$L$10 -> 0.23 | J78: =ROUND(H78*(1+I78),2) -> 2995.49 | K78: =SUM(G78*J78) -> 5990.98
B79: 5.1.2 | C79: FDE | D79: 05.01.002 | E79: =IFERROR(UPPER(IF(C79="CPU",VLOOKUP(D79,#REF!,2,0),IF(C79="SINAPI",VLOOKUP(D79,#REF!,2,0),IF(C79="EDIF",VLOOKUP(D79,#REF!,2,0),IF(C79="CDHU",VLOOKUP(D79,#REF!,2,0),IF(C79="FDE",VLOOKUP(D79,'FDE 10-23 '!$A$4:$E$3180,2,0),IF(C79="INFRA",VLOOKUP(D79,#REF!,2,0),""))))))),"") -> PM-68 PORTA DE MADEIRA MACHO/FEMEA P/ PINT. BAT. MET. L=92CM | F79: =VLOOKUP(D79,'FDE 10-23 '!$A$4:$E$3180,3,0) -> UN | G79: 14 | H79: =VLOOKUP(D79,'FDE 10-23 '!$A$4:$E$3180,5,0) -> 2539.69 | I79: =$L$10 -> 0.23 | J79: =ROUND(H79*(1+I79),2) -> 3123.82 | K79: =SUM(G79*J79) -> 43733.48
B80: 5.1.3 | C80: FDE | D80: 05.01.028 | E80: =IFERROR(UPPER(IF(C80="CPU",VLOOKUP(D80,#REF!,2,0),IF(C80="SINAPI",VLOOKUP(D80,#REF!,2,0),IF(C80="EDIF",VLOOKUP(D80,#REF!,2,0),IF(C80="CDHU",VLOOKUP(D80,#REF!,2,0),IF(C80="FDE",VLOOKUP(D80,'FDE 10-23 '!$A$4:$E$3180,2,0),IF(C80="INFRA",VLOOKUP(D80,#REF!,2,0),""))))))),"") -> PORTAS PARA DIVISORIAS CHAPA FIBRA MAD PRENS BP COM FERRAGENS | F80: =VLOOKUP(D80,'FDE 10-23 '!$A$4:$E$3180,3,0) -> UN | G80: 5 | H80: =VLOOKUP(D80,'FDE 10-23 '!$A$4:$E$3180,5,0) -> 540.78 | I80: =$L$10 -> 0.23 | J80: =ROUND(H80*(1+I80),2) -> 665.16 | K80: =SUM(G80*J80) -> 3325.8
B81: 5.1.4 | C81: FDE | D81: 05.01.029 | E81: =IFERROR(UPPER(IF(C81="CPU",VLOOKUP(D81,#REF!,2,0),IF(C81="SINAPI",VLOOKUP(D81,#REF!,2,0),IF(C81="EDIF",VLOOKUP(D81,#REF!,2,0),IF(C81="CDHU",VLOOKUP(D81,#REF!,2,0),IF(C81="FDE",VLOOKUP(D81,'FDE 10-23 '!$A$4:$E$3180,2,0),IF(C81="INFRA",VLOOKUP(D81,#REF!,2,0),""))))))),"") -> PM-74 PORTA SARRAFEADO MACIÇO P/BOXES L=62CM-COMPLETA | F81: =VLOOKUP(D81,'FDE 10-23 '!$A$4:$E$3180,3,0) -> UN | G81: 23 | H81: =VLOOKUP(D81,'FDE 10-23 '!$A$4:$E$3180,5,0) -> 603.87 | I81: =$L$10 -> 0.23 | J81: =ROUND(H81*(1+I81),2) -> 742.76 | K81: =SUM(G81*J81) -> 17083.48
B82: 5.1.5 | C82: FDE | D82: 05.01.048 | E82: =IFERROR(UPPER(IF(C82="CPU",VLOOKUP(D82,#REF!,2,0),IF(C82="SINAPI",VLOOKUP(D82,#REF!,2,0),IF(C82="EDIF",VLOOKUP(D82,#REF!,2,0),IF(C82="CDHU",VLOOKUP(D82,#REF!,2,0),IF(C82="FDE",VLOOKUP(D82,'FDE 10-23 '!$A$4:$E$3180,2,0),IF(C82="INFRA",VLOOKUP(D82,#REF!,2,0),""))))))),"") -> PM-72 PORTA DE MADEIRA SARRAFEADA P/ PINT. BAT. MET. L=92CM | F82: =VLOOKUP(D82,'FDE 10-23 '!$A$4:$E$3180,3,0) -> UN | G82: 2 | H82: =VLOOKUP(D82,'FDE 10-23 '!$A$4:$E$3180,5,0) -> 1935.33 | I82: =$L$10 -> 0.23 | J82: =ROUND(H82*(1+I82),2) -> 2380.46 | K82: =SUM(G82*J82) -> 4760.92
B83: 5.1.6 | C83: FDE | D83: 05.01.051 | E83: =IFERROR(UPPER(IF(C83="CPU",VLOOKUP(D83,#REF!,2,0),IF(C83="SINAPI",VLOOKUP(D83,#REF!,2,0),IF(C83="EDIF",VLOOKUP(D83,#REF!,2,0),IF(C83="CDHU",VLOOKUP(D83,#REF!,2,0),IF(C83="FDE",VLOOKUP(D83,'FDE 10-23 '!$A$4:$E$3180,2,0),IF(C83="INFRA",VLOOKUP(D83,#REF!,2,0),""))))))),"") -> PM-75 PORTA SARRAFEADA MACICA SANIT. ACESSIVEL BAT. MET. | F83: =VLOOKUP(D83,'FDE 10-23 '!$A$4:$E$3180,3,0) -> UN | G83: 2 | H83: =VLOOKUP(D83,'FDE 10-23 '!$A$4:$E$3180,5,0) -> 2153.5 | I83: =$L$10 -> 0.23 | J83: =ROUND(H83*(1+I83),2) -> 2648.81 | K83: =SUM(G83*J83) -> 5297.62
B84: 5.1.7 | C84: FDE | D84: 05.01.070 | E84: =IFERROR(UPPER(IF(C84="CPU",VLOOKUP(D84,#REF!,2,0),IF(C84="SINAPI",VLOOKUP(D84,#REF!,2,0),IF(C84="EDIF",VLOOKUP(D84,#REF!,2,0),IF(C84="CDHU",VLOOKUP(D84,#REF!,2,0),IF(C84="FDE",VLOOKUP(D84,'FDE 10-23 '!$A$4:$E$3180,2,0),IF(C84="INFRA",VLOOKUP(D84,#REF!,2,0),""))))))),"") -> PM-83 PORTA DE CORRER ACESSIVEL SARRAFEADA MACIÇA G1-C1 P/PINTURA L=101CM | F84: =VLOOKUP(D84,'FDE 10-23 '!$A$4:$E$3180,3,0) -> UN | G84: 2 | H84: =VLOOKUP(D84,'FDE 10-23 '!$A$4:$E$3180,5,0) -> 3103.15 | I84: =$L$10 -> 0.23 | J84: =ROUND(H84*(1+I84),2) -> 3816.87 | K84: =SUM(G84*J84) -> 7633.74
B85: 5.2 | D85: 05.05.000 | E85: OUTROS COMPONENTES PADRONIZADOS | F85: =IFERROR(UPPER(IF(C85="CPU",VLOOKUP(D85,#REF!,3,0),IF(C85="SINAPI",VLOOKUP(D85,#REF!,3,0),IF(C85="EDIF",VLOOKUP(D85,#REF!,3,0),IF(C85="CDHU",VLOOKUP(D85,#REF!,3,0),IF(C85="FDE",VLOOKUP(D85,#REF!,3,0),IF(C85="INFRA",VLOOKUP(D85,#REF!,3,0),""))))))),"") | H85: =IFERROR(IF(#REF!="CPU",VLOOKUP(#REF!,#REF!,4,0),IF(#REF!="SINAPI",VLOOKUP(#REF!,#REF!,5,0),IF(#REF!="EDIF",VLOOKUP(#REF!,#REF!,4,0),IF(#REF!="CDHU",VLOOKUP(#REF!,#REF!,6,0),IF(#REF!="FDE",VLOOKUP(#REF!,#REF!,4,0),IF(#REF!="INFRA",VLOOKUP(#REF!,#REF!,4,0),"")))))),"") | K85: =SUBTOTAL(9,K86:K105) -> 149345.19
B86: 5.2.1 | C86: FDE | D86: 05.05.040 | E86: =IFERROR(UPPER(IF(C86="CPU",VLOOKUP(D86,#REF!,2,0),IF(C86="SINAPI",VLOOKUP(D86,#REF!,2,0),IF(C86="EDIF",VLOOKUP(D86,#REF!,2,0),IF(C86="CDHU",VLOOKUP(D86,#REF!,2,0),IF(C86="FDE",VLOOKUP(D86,'FDE 10-23 '!$A$4:$E$3180,2,0),IF(C86="INFRA",VLOOKUP(D86,#REF!,2,0),""))))))),"") -> BS-05 BANCADA PARA COZINHA - GRANITO POLIDO 20MM | F86: =VLOOKUP(D86,'FDE 10-23 '!$A$4:$E$3180,3,0) -> M | G86: 13.2 | H86: =VLOOKUP(D86,'FDE 10-23 '!$A$4:$E$3180,5,0) -> 430.57 | I86: =$L$10 -> 0.23 | J86: =ROUND(H86*(1+I86),2) -> 529.6 | K86: =SUM(G86*J86) -> 6990.72
B87: 5.2.2 | C87: FDE | D87: 05.05.053 | E87: =IFERROR(UPPER(IF(C87="CPU",VLOOKUP(D87,#REF!,2,0),IF(C87="SINAPI",VLOOKUP(D87,#REF!,2,0),IF(C87="EDIF",VLOOKUP(D87,#REF!,2,0),IF(C87="CDHU",VLOOKUP(D87,#REF!,2,0),IF(C87="FDE",VLOOKUP(D87,'FDE 10-23 '!$A$4:$E$3180,2,0),IF(C87="INFRA",VLOOKUP(D87,#REF!,2,0),""))))))),"") -> BE-08 BANCADA ALUNOS / QUIMICA E BIOLOGIA (150CM) | F87: =VLOOKUP(D87,'FDE 10-23 '!$A$4:$E$3180,3,0) -> UN | G87: 4 | H87: =VLOOKUP(D87,'FDE 10-23 '!$A$4:$E$3180,5,0) -> 1691.7 | I87: =$L$10 -> 0.23 | J87: =ROUND(H87*(1+I87),2) -> 2080.79 | K87: =SUM(G87*J87) -> 8323.16
B88: 5.2.3 | C88: FDE | D88: 05.05.054 | E88: =IFERROR(UPPER(IF(C88="CPU",VLOOKUP(D88,#REF!,2,0),IF(C88="SINAPI",VLOOKUP(D88,#REF!,2,0),IF(C88="EDIF",VLOOKUP(D88,#REF!,2,0),IF(C88="CDHU",VLOOKUP(D88,#REF!,2,0),IF(C88="FDE",VLOOKUP(D88,'FDE 10-23 '!$A$4:$E$3180,2,0),IF(C88="INFRA",VLOOKUP(D88,#REF!,2,0),""))))))),"") -> BE-09 BANCADA ALUNOS / QUIMICA E BIOLOGIA (195CM) | F88: =VLOOKUP(D88,'FDE 10-23 '!$A$4:$E$3180,3,0) -> UN | G88: 2 | H88: =VLOOKUP(D88,'FDE 10-23 '!$A$4:$E$3180,5,0) -> 1943.14 | I88: =$L$10 -> 0.23 | J88: =ROUND(H88*(1+I88),2) -> 2390.06 | K88: =SUM(G88*J88) -> 4780.12
B89: 5.2.4 | C89: FDE | D89: 05.05.055 | E89: =IFERROR(UPPER(IF(C89="CPU",VLOOKUP(D89,#REF!,2,0),IF(C89="SINAPI",VLOOKUP(D89,#REF!,2,0),IF(C89="EDIF",VLOOKUP(D89,#REF!,2,0),IF(C89="CDHU",VLOOKUP(D89,#REF!,2,0),IF(C89="FDE",VLOOKUP(D89,'FDE 10-23 '!$A$4:$E$3180,2,0),IF(C89="INFRA",VLOOKUP(D89,#REF!,2,0),""))))))),"") -> BE-10 BANCADA ALUNOS / MATEMATICA E FISICA (280CM) | F89: =VLOOKUP(D89,'FDE 10-23 '!$A$4:$E$3180,3,0) -> UN | G89: 4 | H89: =VLOOKUP(D89,'FDE 10-23 '!$A$4:$E$3180,5,0) -> 3028.7 | I89: =$L$10 -> 0.23 | J89: =ROUND(H89*(1+I89),2) -> 3725.3 | K89: =SUM(G89*J89) -> 14901.2
B90: 5.2.5 | C90: FDE | D90: 05.05.060 | E90: =IFERROR(UPPER(IF(C90="CPU",VLOOKUP(D90,#REF!,2,0),IF(C90="SINAPI",VLOOKUP(D90,#REF!,2,0),IF(C90="EDIF",VLOOKUP(D90,#REF!,2,0),IF(C90="CDHU",VLOOKUP(D90,#REF!,2,0),IF(C90="FDE",VLOOKUP(D90,'FDE 10-23 '!$A$4:$E$3180,2,0),IF(C90="INFRA",VLOOKUP(D90,#REF!,2,0),""))))))),"") -> BE-14 BANCADA APOIO PARA CAPELA | F90: =VLOOKUP(D90,'FDE 10-23 '!$A$4:$E$3180,3,0) -> UN | G90: 1 | H90: =VLOOKUP(D90,'FDE 10-23 '!$A$4:$E$3180,5,0) -> 914.29 | I90: =$L$10 -> 0.23 | J90: =ROUND(H90*(1+I90),2) -> 1124.58 | K90: =SUM(G90*J90) -> 1124.58
B91: 5.2.6 | C91: FDE | D91: 05.05.061 | E91: =IFERROR(UPPER(IF(C91="CPU",VLOOKUP(D91,#REF!,2,0),IF(C91="SINAPI",VLOOKUP(D91,#REF!,2,0),IF(C91="EDIF",VLOOKUP(D91,#REF!,2,0),IF(C91="CDHU",VLOOKUP(D91,#REF!,2,0),IF(C91="FDE",VLOOKUP(D91,'FDE 10-23 '!$A$4:$E$3180,2,0),IF(C91="INFRA",VLOOKUP(D91,#REF!,2,0),""))))))),"") -> BE-15 BANCADA LABORATORIO COM PRATELEIRA | F91: =VLOOKUP(D91,'FDE 10-23 '!$A$4:$E$3180,3,0) -> M | G91: 12.7 | H91: =VLOOKUP(D91,'FDE 10-23 '!$A$4:$E$3180,5,0) -> 1526.22 | I91: =$L$10 -> 0.23 | J91: =ROUND(H91*(1+I91),2) -> 1877.25 | K91: =SUM(G91*J91) -> 23841.075
B92: 5.2.7 | C92: FDE | D92: 05.05.062 | E92: =IFERROR(UPPER(IF(C92="CPU",VLOOKUP(D92,#REF!,2,0),IF(C92="SINAPI",VLOOKUP(D92,#REF!,2,0),IF(C92="EDIF",VLOOKUP(D92,#REF!,2,0),IF(C92="CDHU",VLOOKUP(D92,#REF!,2,0),IF(C92="FDE",VLOOKUP(D92,'FDE 10-23 '!$A$4:$E$3180,2,0),IF(C92="INFRA",VLOOKUP(D92,#REF!,2,0),""))))))),"") -> BE-16 BANCADA LABORATORIO 2 CUBAS 50X40X25CM (L=180CM) | F92: =VLOOKUP(D92,'FDE 10-23 '!$A$4:$E$3180,3,0) -> UN | G92: 1 | H92: =VLOOKUP(D92,'FDE 10-23 '!$A$4:$E$3180,5,0) -> 4269.84 | I92: =$L$10 -> 0.23 | J92: =ROUND(H92*(1+I92),2) -> 5251.9 | K92: =SUM(G92*J92) -> 5251.9
B93: 5.2.8 | C93: FDE | D93: 05.05.064 | E93: =IFERROR(UPPER(IF(C93="CPU",VLOOKUP(D93,#REF!,2,0),IF(C93="SINAPI",VLOOKUP(D93,#REF!,2,0),IF(C93="EDIF",VLOOKUP(D93,#REF!,2,0),IF(C93="CDHU",VLOOKUP(D93,#REF!,2,0),IF(C93="FDE",VLOOKUP(D93,'FDE 10-23 '!$A$4:$E$3180,2,0),IF(C93="INFRA",VLOOKUP(D93,#REF!,2,0),""))))))),"") -> PR-08 PRATELEIRA DE GRANITO | F93: =VLOOKUP(D93,'FDE 10-23 '!$A$4:$E$3180,3,0) -> M | G93: 23.9 | H93: =VLOOKUP(D93,'FDE 10-23 '!$A$4:$E$3180,5,0) -> 210.23 | I93: =$L$10 -> 0.23 | J93: =ROUND(H93*(1+I93),2) -> 258.58 | K93: =SUM(G93*J93) -> 6180.062
B94: 5.2.9 | C94: FDE | D94: 05.05.067 | E94: =IFERROR(UPPER(IF(C94="CPU",VLOOKUP(D94,#REF!,2,0),IF(C94="SINAPI",VLOOKUP(D94,#REF!,2,0),IF(C94="EDIF",VLOOKUP(D94,#REF!,2,0),IF(C94="CDHU",VLOOKUP(D94,#REF!,2,0),IF(C94="FDE",VLOOKUP(D94,'FDE 10-23 '!$A$4:$E$3180,2,0),IF(C94="INFRA",VLOOKUP(D94,#REF!,2,0),""))))))),"") -> PR-03 PRATELEIRA DE GRANILITE - L=30CM | F94: =VLOOKUP(D94,'FDE 10-23 '!$A$4:$E$3180,3,0) -> M | G94: 4.3 | H94: =VLOOKUP(D94,'FDE 10-23 '!$A$4:$E$3180,5,0) -> 980.64 | I94: =$L$10 -> 0.23 | J94: =ROUND(H94*(1+I94),2) -> 1206.19 | K94: =SUM(G94*J94) -> 5186.617
B95: 5.2.10 | C95: FDE | D95: 05.05.068 | E95: =IFERROR(UPPER(IF(C95="CPU",VLOOKUP(D95,#REF!,2,0),IF(C95="SINAPI",VLOOKUP(D95,#REF!,2,0),IF(C95="EDIF",VLOOKUP(D95,#REF!,2,0),IF(C95="CDHU",VLOOKUP(D95,#REF!,2,0),IF(C95="FDE",VLOOKUP(D95,'FDE 10-23 '!$A$4:$E$3180,2,0),IF(C95="INFRA",VLOOKUP(D95,#REF!,2,0),""))))))),"") -> BE-18 BANCADA LABORATORIO 1 CUBA 60X50X30CM (L=180CM) | F95: =VLOOKUP(D95,'FDE 10-23 '!$A$4:$E$3180,3,0) -> UN | G95: 1 | H95: =VLOOKUP(D95,'FDE 10-23 '!$A$4:$E$3180,5,0) -> 3494.64 | I95: =$L$10 -> 0.23 | J95: =ROUND(H95*(1+I95),2) -> 4298.41 | K95: =SUM(G95*J95) -> 4298.41
B96: 5.2.11 | C96: FDE | D96: 05.05.069 | E96: =IFERROR(UPPER(IF(C96="CPU",VLOOKUP(D96,#REF!,2,0),IF(C96="SINAPI",VLOOKUP(D96,#REF!,2,0),IF(C96="EDIF",VLOOKUP(D96,#REF!,2,0),IF(C96="CDHU",VLOOKUP(D96,#REF!,2,0),IF(C96="FDE",VLOOKUP(D96,'FDE 10-23 '!$A$4:$E$3180,2,0),IF(C96="INFRA",VLOOKUP(D96,#REF!,2,0),""))))))),"") -> BE-19 BANCADA LABORATORIO SIMPLES | F96: =VLOOKUP(D96,'FDE 10-23 '!$A$4:$E$3180,3,0) -> M | G96: 6.3 | H96: =VLOOKUP(D96,'FDE 10-23 '!$A$4:$E$3180,5,0) -> 734.43 | I96: =$L$10 -> 0.23 | J96: =ROUND(H96*(1+I96),2) -> 903.35 | K96: =SUM(G96*J96) -> 5691.105
B97: 5.2.12 | C97: FDE | D97: 05.05.075 | E97: =IFERROR(UPPER(IF(C97="CPU",VLOOKUP(D97,#REF!,2,0),IF(C97="SINAPI",VLOOKUP(D97,#REF!,2,0),IF(C97="EDIF",VLOOKUP(D97,#REF!,2,0),IF(C97="CDHU",VLOOKUP(D97,#REF!,2,0),IF(C97="FDE",VLOOKUP(D97,'FDE 10-23 '!$A$4:$E$3180,2,0),IF(C97="INFRA",VLOOKUP(D97,#REF!,2,0),""))))))),"") -> PR-09 PRATELEIRA EM GRANILITE - L=55CM | F97: =VLOOKUP(D97,'FDE 10-23 '!$A$4:$E$3180,3,0) -> M | G97: 13.7 | H97: =VLOOKUP(D97,'FDE 10-23 '!$A$4:$E$3180,5,0) -> 1154.63 | I97: =$L$10 -> 0.23 | J97: =ROUND(H97*(1+I97),2) -> 1420.19 | K97: =SUM(G97*J97) -> 19456.603
... B105: 5.2.20 | C105: FDE | D105: 05.05.104 | E105: =IFERROR(UPPER(IF(C105="CPU",VLOOKUP(D105,#REF!,2,0),IF(C105="SINAPI",VLOOKUP(D105,#REF!,2,0),IF(C105="EDIF",VLOOKUP(D105,#REF!,2,0),IF(C105="CDHU",VLOOKUP(D105,#REF!,2,0),IF(C105="FDE",VLOOKUP(D105,'FDE 10-23 '!$A$4:$E$3180,2,0),IF(C105="INFRA",VLOOKUP(D105,#REF!,2,0),""))))))),"") -> CC-04 CUBA DUPLA INOX (102X40X25CM) INCLUSIVE VÁLVULA AMERICANA-GRANITO | F105: =VLOOKUP(D105,'FDE 10-23 '!$A$4:$E$3180,3,0) -> UN | G105: 1 | H105: =VLOOKUP(D105,'FDE 10-23 '!$A$4:$E$3180,5,0) -> 4812.56 | I105: =$L$10 -> 0.23 | J105: =ROUND(H105*(1+I105),2) -> 5919.45 | K105: =SUM(G105*J105) -> 5919.45
B106: 6 | D106: 06.00.000 | E106: ELEMENTOS METALICOS/COMPONENTES ESPECIAIS | F106: =IFERROR(UPPER(IF(C106="CPU",VLOOKUP(D106,#REF!,3,0),IF(C106="SINAPI",VLOOKUP(D106,#REF!,3,0),IF(C106="EDIF",VLOOKUP(D106,#REF!,3,0),IF(C106="CDHU",VLOOKUP(D106,#REF!,3,0),IF(C106="FDE",VLOOKUP(D106,#REF!,3,0),IF(C106="INFRA",VLOOKUP(D106,#REF!,3,0),""))))))),"") | H106: =IFERROR(IF(#REF!="CPU",VLOOKUP(#REF!,#REF!,4,0),IF(#REF!="SINAPI",VLOOKUP(#REF!,#REF!,5,0),IF(#REF!="EDIF",VLOOKUP(#REF!,#REF!,4,0),IF(#REF!="CDHU",VLOOKUP(#REF!,#REF!,6,0),IF(#REF!="FDE",VLOOKUP(#REF!,#REF!,4,0),IF(#REF!="INFRA",VLOOKUP(#REF!,#REF!,4,0),"")))))),"") | K106: =SUBTOTAL(9,K107:K138) -> 1249270.5
B107: 6.1 | D107: 06.01.000 | E107: ESQUADRIAS METALICAS | F107: =IFERROR(UPPER(IF(C107="CPU",VLOOKUP(D107,#REF!,3,0),IF(C107="SINAPI",VLOOKUP(D107,#REF!,3,0),IF(C107="EDIF",VLOOKUP(D107,#REF!,3,0),IF(C107="CDHU",VLOOKUP(D107,#REF!,3,0),IF(C107="FDE",VLOOKUP(D107,#REF!,3,0),IF(C107="INFRA",VLOOKUP(D107,#REF!,3,0),""))))))),"") | H107: =IFERROR(IF(#REF!="CPU",VLOOKUP(#REF!,#REF!,4,0),IF(#REF!="SINAPI",VLOOKUP(#REF!,#REF!,5,0),IF(#REF!="EDIF",VLOOKUP(#REF!,#REF!,4,0),IF(#REF!="CDHU",VLOOKUP(#REF!,#REF!,6,0),IF(#REF!="FDE",VLOOKUP(#REF!,#REF!,4,0),IF(#REF!="INFRA",VLOOKUP(#REF!,#REF!,4,0),"")))))),"") | K107: =SUBTOTAL(9,K108:K118) -> 677902.46
B108: 6.1.1 | C108: FDE | D108: 06.01.001 | E108: =IFERROR(UPPER(IF(C108="CPU",VLOOKUP(D108,#REF!,2,0),IF(C108="SINAPI",VLOOKUP(D108,#REF!,2,0),IF(C108="EDIF",VLOOKUP(D108,#REF!,2,0),IF(C108="CDHU",VLOOKUP(D108,#REF!,2,0),IF(C108="FDE",VLOOKUP(D108,'FDE 10-23 '!$A$4:$E$3180,2,0),IF(C108="INFRA",VLOOKUP(D108,#REF!,2,0),""))))))),"") -> EF-01 ESQUADRIA DE FERRO 90X60CM | F108: =VLOOKUP(D108,'FDE 10-23 '!$A$4:$E$3180,3,0) -> UN | G108: 2 | H108: =VLOOKUP(D108,'FDE 10-23 '!$A$4:$E$3180,5,0) -> 772.08 | I108: =$L$10 -> 0.23 | J108: =ROUND(H108*(1+I108),2) -> 949.66 | K108: =SUM(G108*J108) -> 1899.32
B109: 6.1.2 | C109: FDE | D109: 06.01.002 | E109: =IFERROR(UPPER(IF(C109="CPU",VLOOKUP(D109,#REF!,2,0),IF(C109="SINAPI",VLOOKUP(D109,#REF!,2,0),IF(C109="EDIF",VLOOKUP(D109,#REF!,2,0),IF(C109="CDHU",VLOOKUP(D109,#REF!,2,0),IF(C109="FDE",VLOOKUP(D109,'FDE 10-23 '!$A$4:$E$3180,2,0),IF(C109="INFRA",VLOOKUP(D109,#REF!,2,0),""))))))),"") -> EF-02 ESQUADRIA DE FERRO 90X120CM | F109: =VLOOKUP(D109,'FDE 10-23 '!$A$4:$E$3180,3,0) -> UN | G109: 2 | H109: =VLOOKUP(D109,'FDE 10-23 '!$A$4:$E$3180,5,0) -> 1525.82 | I109: =$L$10 -> 0.23 | J109: =ROUND(H109*(1+I109),2) -> 1876.76 | K109: =SUM(G109*J109) -> 3753.52
B110: 6.1.3 | C110: FDE | D110: 06.01.003 | E110: =IFERROR(UPPER(IF(C110="CPU",VLOOKUP(D110,#REF!,2,0),IF(C110="SINAPI",VLOOKUP(D110,#REF!,2,0),IF(C110="EDIF",VLOOKUP(D110,#REF!,2,0),IF(C110="CDHU",VLOOKUP(D110,#REF!,2,0),IF(C110="FDE",VLOOKUP(D110,'FDE 10-23 '!$A$4:$E$3180,2,0),IF(C110="INFRA",VLOOKUP(D110,#REF!,2,0),""))))))),"") -> EF-03 ESQUADRIA DE FERRO 90X150CM | F110: =VLOOKUP(D110,'FDE 10-23 '!$A$4:$E$3180,3,0) -> UN | G110: 9 | H110: =VLOOKUP(D110,'FDE 10-23 '!$A$4:$E$3180,5,0) -> 1912.63 | I110: =$L$10 -> 0.23 | J110: =ROUND(H110*(1+I110),2) -> 2352.53 | K110: =SUM(G110*J110) -> 21172.77
...

Sheet ORÇAMENTO 
B1: PREFEITURA DE PORTO FERREIRA “A CAPITAL NACIONAL DA CERÂMICA ARTÍSTICA E DA DECORAÇÃO” SECRETARIA DE OBRAS E DESENVOLVIMENTO URBANO
B4: Objeto
B5: Endereço:
B6: Local e Data da Elaboração:
B7: Fonte:
B8: BDI:
B10: ITEM | C10: FONTE | D10: CÓD. | E10: REFORMA E REPAROS EM PONTES DO MUNICÍPIO | F10: UNID | G10: QUANT. | H10: P UNIT S/ BDI | I10: BDI | J10: P UNIT C/ BDI | K10: PREÇO TOTAL COM BDI | L10: 0.23
B11: 1 | D11: 01.00.000 | E11: SERVICOS PRELIMINARES | K11: =SUBTOTAL(9,K12:K17) -> 0
D12: 01.01.000 | E12: LIMPEZA DO TERRENO | K12: =SUBTOTAL(9,K13) -> 0
C13: FDE | D13: 01.01.001 | E13: =IFERROR(UPPER(IF(C13="CPU",VLOOKUP(D13,#REF!,2,0),IF(C13="SINAPI",VLOOKUP(D13,#REF!,2,0),IF(C13="EDIF",VLOOKUP(D13,#REF!,2,0),IF(C13="CDHU",VLOOKUP(D13,#REF!,2,0),IF(C13="FDE",VLOOKUP(D13,'FDE 10-23 '!$A$4:$E$3180,2,0),IF(C13="INFRA",VLOOKUP(D13,#REF!,2,0),""))))))),"") -> RETIRANDO A VEGETACAO, TRONCOS ATE 5CM DE DIAMETRO E RASPAGEM. | F13: =VLOOKUP(D13,'FDE 10-23 '!$A$4:$E$3180,3,0) -> M2 | H13: =VLOOKUP(D13,'FDE 10-23 '!$A$4:$E$3180,5,0) -> 3.07 | I13: =$L$10 -> 0.23 | J13: =ROUND(H13*(1+I13),2) -> 3.78 | K13: =SUM(G13*J13) -> 0
D14: 01.03.000 | E14: MOVIMENTO DE TERRA MECANIZADO | K14: =SUBTOTAL(9,K15:K17) -> 0
C15: FDE | D15: 01.03.001 | E15: =IFERROR(UPPER(IF(C15="CPU",VLOOKUP(D15,#REF!,2,0),IF(C15="SINAPI",VLOOKUP(D15,#REF!,2,0),IF(C15="EDIF",VLOOKUP(D15,#REF!,2,0),IF(C15="CDHU",VLOOKUP(D15,#REF!,2,0),IF(C15="FDE",VLOOKUP(D15,'FDE 10-23 '!$A$4:$E$3180,2,0),IF(C15="INFRA",VLOOKUP(D15,#REF!,2,0),""))))))),"") -> CORTE E ATERRO DENTRO DA OBRA COM TRANSPORTE INTERNO | F15: =VLOOKUP(D15,'FDE 10-23 '!$A$4:$E$3180,3,0) -> M3 | H15: =VLOOKUP(D15,'FDE 10-23 '!$A$4:$E$3180,5,0) -> 9.03 | I15: =$L$10 -> 0.23 | J15: =ROUND(H15*(1+I15),2) -> 11.11 | K15: =SUM(G15*J15) -> 0
C16: FDE | D16: 01.03.002 | E16: =IFERROR(UPPER(IF(C16="CPU",VLOOKUP(D16,#REF!,2,0),IF(C16="SINAPI",VLOOKUP(D16,#REF!,2,0),IF(C16="EDIF",VLOOKUP(D16,#REF!,2,0),IF(C16="CDHU",VLOOKUP(D16,#REF!,2,0),IF(C16="FDE",VLOOKUP(D16,'FDE 10-23 '!$A$4:$E$3180,2,0),IF(C16="INFRA",VLOOKUP(D16,#REF!,2,0),""))))))),"") -> CORTE COM RETIRADA POR CAMINHAO NOS PRIMEIROS 100 M | F16: =VLOOKUP(D16,'FDE 10-23 '!$A$4:$E$3180,3,0) -> M3 | H16: =VLOOKUP(D16,'FDE 10-23 '!$A$4:$E$3180,5,0) -> 25.05 | I16: =$L$10 -> 0.23 | J16: =ROUND(H16*(1+I16),2) -> 30.81 | K16: =SUM(G16*J16) -> 0
C17: FDE | D17: 01.03.005 | E17: =IFERROR(UPPER(IF(C17="CPU",VLOOKUP(D17,#REF!,2,0),IF(C17="SINAPI",VLOOKUP(D17,#REF!,2,0),IF(C17="EDIF",VLOOKUP(D17,#REF!,2,0),IF(C17="CDHU",VLOOKUP(D17,#REF!,2,0),IF(C17="FDE",VLOOKUP(D17,'FDE 10-23 '!$A$4:$E$3180,2,0),IF(C17="INFRA",VLOOKUP(D17,#REF!,2,0),""))))))),"") -> TRANSPORTE POR CAMINHAO M3X | F17: =VLOOKUP(D17,'FDE 10-23 '!$A$4:$E$3180,3,0) -> KM | H17: =VLOOKUP(D17,'FDE 10-23 '!$A$4:$E$3180,5,0) -> 2.69 | I17: =$L$10 -> 0.23 | J17: =ROUND(H17*(1+I17),2) -> 3.31 | K17: =SUM(G17*J17) -> 0
B18: 2 | D18: 02.00.000 | E18: INFRA ESTRUTURA | H18: =IFERROR(IF(#REF!="CPU",VLOOKUP(#REF!,#REF!,4,0),IF(#REF!="SINAPI",VLOOKUP(#REF!,#REF!,5,0),IF(#REF!="EDIF",VLOOKUP(#REF!,#REF!,4,0),IF(#REF!="CDHU",VLOOKUP(#REF!,#REF!,6,0),IF(#REF!="FDE",VLOOKUP(#REF!,#REF!,4,0),IF(#REF!="INFRA",VLOOKUP(#REF!,#REF!,4,0),"")))))),"") | K18: =SUBTOTAL(9,K19:K43) -> 97651.561
D19: 02.01.000 | E19: ESCAVACAO | H19: =IFERROR(IF(#REF!="CPU",VLOOKUP(#REF!,#REF!,4,0),IF(#REF!="SINAPI",VLOOKUP(#REF!,#REF!,5,0),IF(#REF!="EDIF",VLOOKUP(#REF!,#REF!,4,0),IF(#REF!="CDHU",VLOOKUP(#REF!,#REF!,6,0),IF(#REF!="FDE",VLOOKUP(#REF!,#REF!,4,0),IF(#REF!="INFRA",VLOOKUP(#REF!,#REF!,4,0),"")))))),"") | K19: =SUBTOTAL(9,K20:K24) -> 10948.634
C20: FDE | D20: 02.01.001 | E20: =IFERROR(UPPER(IF(C20="CPU",VLOOKUP(D20,#REF!,2,0),IF(C20="SINAPI",VLOOKUP(D20,#REF!,2,0),IF(C20="EDIF",VLOOKUP(D20,#REF!,2,0),IF(C20="CDHU",VLOOKUP(D20,#REF!,2,0),IF(C20="FDE",VLOOKUP(D20,'FDE 10-23 '!$A$4:$E$3180,2,0),IF(C20="INFRA",VLOOKUP(D20,#REF!,2,0),""))))))),"") -> ESCAVACAO MANUAL - PROFUNDIDADE ATE 1.80 M | F20: =VLOOKUP(D20,'FDE 10-23 '!$A$4:$E$3180,3,0) -> M3 | G20: 15 | H20: =VLOOKUP(D20,'FDE 10-23 '!$A$4:$E$3180,5,0) -> 61.58 | I20: =$L$10 -> 0.23 | J20: =ROUND(H20*(1+I20),2) -> 75.74 | K20: =SUM(G20*J20) -> 1136.1
C21: FDE | D21: 02.01.010 | E21: =IFERROR(UPPER(IF(C21="CPU",VLOOKUP(D21,#REF!,2,0),IF(C21="SINAPI",VLOOKUP(D21,#REF!,2,0),IF(C21="EDIF",VLOOKUP(D21,#REF!,2,0),IF(C21="CDHU",VLOOKUP(D21,#REF!,2,0),IF(C21="FDE",VLOOKUP(D21,'FDE 10-23 '!$A$4:$E$3180,2,0),IF(C21="INFRA",VLOOKUP(D21,#REF!,2,0),""))))))),"") -> APILOAMENTO PARA SIMPLES REGULARIZACAO | F21: =VLOOKUP(D21,'FDE 10-23 '!$A$4:$E$3180,3,0) -> M2 | G21: 20.6 | H21: =VLOOKUP(D21,'FDE 10-23 '!$A$4:$E$3180,5,0) -> 6.15 | I21: =$L$10 -> 0.23 | J21: =ROUND(H21*(1+I21),2) -> 7.56 | K21: =SUM(G21*J21) -> 155.736
C22: FDE | D22: 02.01.012 | E22: =IFERROR(UPPER(IF(C22="CPU",VLOOKUP(D22,#REF!,2,0),IF(C22="SINAPI",VLOOKUP(D22,#REF!,2,0),IF(C22="EDIF",VLOOKUP(D22,#REF!,2,0),IF(C22="CDHU",VLOOKUP(D22,#REF!,2,0),IF(C22="FDE",VLOOKUP(D22,'FDE 10-23 '!$A$4:$E$3180,2,0),IF(C22="INFRA",VLOOKUP(D22,#REF!,2,0),""))))))),"") -> LASTRO DE PEDRA BRITADA - 5CM | F22: =VLOOKUP(D22,'FDE 10-23 '!$A$4:$E$3180,3,0) -> M2 | G22: 20.6 | H22: =VLOOKUP(D22,'FDE 10-23 '!$A$4:$E$3180,5,0) -> 9.71 | I22: =$L$10 -> 0.23 | J22: =ROUND(H22*(1+I22),2) -> 11.94 | K22: =SUM(G22*J22) -> 245.964
C23: FDE | D23: 02.01.015 | E23: =IFERROR(UPPER(IF(C23="CPU",VLOOKUP(D23,#REF!,2,0),IF(C23="SINAPI",VLOOKUP(D23,#REF!,2,0),IF(C23="EDIF",VLOOKUP(D23,#REF!,2,0),IF(C23="CDHU",VLOOKUP(D23,#REF!,2,0),IF(C23="FDE",VLOOKUP(D23,'FDE 10-23 '!$A$4:$E$3180,2,0),IF(C23="INFRA",VLOOKUP(D23,#REF!,2,0),""))))))),"") -> LASTRO DE CONCRETO - 5 CM | F23: =VLOOKUP(D23,'FDE 10-23 '!$A$4:$E$3180,3,0) -> M2 | G23: 20.6 | H23: =VLOOKUP(D23,'FDE 10-23 '!$A$4:$E$3180,5,0) -> 33.81 | I23: =$L$10 -> 0.23 | J23: =ROUND(H23*(1+I23),2) -> 41.59 | K23: =SUM(G23*J23) -> 856.754
C24: FDE | D24: 02.01.025 | E24: =IFERROR(UPPER(IF(C24="CPU",VLOOKUP(D24,#REF!,2,0),IF(C24="SINAPI",VLOOKUP(D24,#REF!,2,0),IF(C24="EDIF",VLOOKUP(D24,#REF!,2,0),IF(C24="CDHU",VLOOKUP(D24,#REF!,2,0),IF(C24="FDE",VLOOKUP(D24,'FDE 10-23 '!$A$4:$E$3180,2,0),IF(C24="INFRA",VLOOKUP(D24,#REF!,2,0),""))))))),"") -> REATERRO INTERNO APILOADO | F24: =VLOOKUP(D24,'FDE 10-23 '!$A$4:$E$3180,3,0) -> M3 | G24: 150.6 | H24: =VLOOKUP(D24,'FDE 10-23 '!$A$4:$E$3180,5,0) -> 46.18 | I24: =$L$10 -> 0.23 | J24: =ROUND(H24*(1+I24),2) -> 56.8 | K24: =SUM(G24*J24) -> 8554.08
D25: 02.02.000 | E25: FUNDACAO PROFUNDA | H25: =IFERROR(IF(#REF!="CPU",VLOOKUP(#REF!,#REF!,4,0),IF(#REF!="SINAPI",VLOOKUP(#REF!,#REF!,5,0),IF(#REF!="EDIF",VLOOKUP(#REF!,#REF!,4,0),IF(#REF!="CDHU",VLOOKUP(#REF!,#REF!,6,0),IF(#REF!="FDE",VLOOKUP(#REF!,#REF!,4,0),IF(#REF!="INFRA",VLOOKUP(#REF!,#REF!,4,0),"")))))),"") | K25: =SUBTOTAL(9,K26:K31) -> 0
C26: FDE | D26: 02.02.021 | E26: =IFERROR(UPPER(IF(C26="CPU",VLOOKUP(D26,#REF!,2,0),IF(C26="SINAPI",VLOOKUP(D26,#REF!,2,0),IF(C26="EDIF",VLOOKUP(D26,#REF!,2,0),IF(C26="CDHU",VLOOKUP(D26,#REF!,2,0),IF(C26="FDE",VLOOKUP(D26,'FDE 10-23 '!$A$4:$E$3180,2,0),IF(C26="INFRA",VLOOKUP(D26,#REF!,2,0),""))))))),"") -> ACO CA-50 (A OU B) FYK = 500 MPA | F26: =VLOOKUP(D26,'FDE 10-23 '!$A$4:$E$3180,3,0) -> KG | H26: =VLOOKUP(D26,'FDE 10-23 '!$A$4:$E$3180,5,0) -> 12.18 | I26: =$L$10 -> 0.23 | J26: =ROUND(H26*(1+I26),2) -> 14.98 | K26: =SUM(G26*J26) -> 0
C27: FDE | D27: 02.02.026 | E27: =IFERROR(UPPER(IF(C27="CPU",VLOOKUP(D27,#REF!,2,0),IF(C27="SINAPI",VLOOKUP(D27,#REF!,2,0),IF(C27="EDIF",VLOOKUP(D27,#REF!,2,0),IF(C27="CDHU",VLOOKUP(D27,#REF!,2,0),IF(C27="FDE",VLOOKUP(D27,'FDE 10-23 '!$A$4:$E$3180,2,0),IF(C27="INFRA",VLOOKUP(D27,#REF!,2,0),""))))))),"") -> BROCA DE CONCRETO DE DIAMETRO 25CM - INCL ARRANQUES | F27: =VLOOKUP(D27,'FDE 10-23 '!$A$4:$E$3180,3,0) -> M | H27: =VLOOKUP(D27,'FDE 10-23 '!$A$4:$E$3180,5,0) -> 71.07 | I27: =$L$10 -> 0.23 | J27: =ROUND(H27*(1+I27),2) -> 87.42 | K27: =SUM(G27*J27) -> 0
C28: FDE | D28: 02.02.070 | E28: =IFERROR(UPPER(IF(C28="CPU",VLOOKUP(D28,#REF!,2,0),IF(C28="SINAPI",VLOOKUP(D28,#REF!,2,0),IF(C28="EDIF",VLOOKUP(D28,#REF!,2,0),IF(C28="CDHU",VLOOKUP(D28,#REF!,2,0),IF(C28="FDE",VLOOKUP(D28,'FDE 10-23 '!$A$4:$E$3180,2,0),IF(C28="INFRA",VLOOKUP(D28,#REF!,2,0),""))))))),"") -> ESTACA TIPO HELICE DN 25CM | F28: =VLOOKUP(D28,'FDE 10-23 '!$A$4:$E$3180,3,0) -> M | H28: =VLOOKUP(D28,'FDE 10-23 '!$A$4:$E$3180,5,0) -> 62.61 | I28: =$L$10 -> 0.23 | J28: =ROUND(H28*(1+I28),2) -> 77.01 | K28: =SUM(G28*J28) -> 0
C29: FDE | D29: 02.02.071 | E29: =IFERROR(UPPER(IF(C29="CPU",VLOOKUP(D29,#REF!,2,0),IF(C29="SINAPI",VLOOKUP(D29,#REF!,2,0),IF(C29="EDIF",VLOOKUP(D29,#REF!,2,0),IF(C29="CDHU",VLOOKUP(D29,#REF!,2,0),IF(C29="FDE",VLOOKUP(D29,'FDE 10-23 '!$A$4:$E$3180,2,0),IF(C29="INFRA",VLOOKUP(D29,#REF!,2,0),""))))))),"") -> ESTACA TIPO HELICE DN 30CM | F29: =VLOOKUP(D29,'FDE 10-23 '!$A$4:$E$3180,3,0) -> M | H29: =VLOOKUP(D29,'FDE 10-23 '!$A$4:$E$3180,5,0) -> 80.69 | I29: =$L$10 -> 0.23 | J29: =ROUND(H29*(1+I29),2) -> 99.25 | K29: =SUM(G29*J29) -> 0
C30: FDE | D30: 02.02.072 | E30: =IFERROR(UPPER(IF(C30="CPU",VLOOKUP(D30,#REF!,2,0),IF(C30="SINAPI",VLOOKUP(D30,#REF!,2,0),IF(C30="EDIF",VLOOKUP(D30,#REF!,2,0),IF(C30="CDHU",VLOOKUP(D30,#REF!,2,0),IF(C30="FDE",VLOOKUP(D30,'FDE 10-23 '!$A$4:$E$3180,2,0),IF(C30="INFRA",VLOOKUP(D30,#REF!,2,0),""))))))),"") -> ESTACA TIPO HELICE DN 35CM | F30: =VLOOKUP(D30,'FDE 10-23 '!$A$4:$E$3180,3,0) -> M | H30: =VLOOKUP(D30,'FDE 10-23 '!$A$4:$E$3180,5,0) -> 101.64 | I30: =$L$10 -> 0.23 | J30: =ROUND(H30*(1+I30),2) -> 125.02 | K30: =SUM(G30*J30) -> 0
C31: FDE | D31: 02.02.085 | E31: =IFERROR(UPPER(IF(C31="CPU",VLOOKUP(D31,#REF!,2,0),IF(C31="SINAPI",VLOOKUP(D31,#REF!,2,0),IF(C31="EDIF",VLOOKUP(D31,#REF!,2,0),IF(C31="CDHU",VLOOKUP(D31,#REF!,2,0),IF(C31="FDE",VLOOKUP(D31,'FDE 10-23 '!$A$4:$E$3180,2,0),IF(C31="INFRA",VLOOKUP(D31,#REF!,2,0),""))))))),"") -> TRANSPORTE E ATERRO INTERNO DE MATERIAL ESCAVADO DE FUNDAÇÃO-ESTACA-TUBULÃO | F31: =VLOOKUP(D31,'FDE 10-23 '!$A$4:$E$3180,3,0) -> M3 | H31: =VLOOKUP(D31,'FDE 10-23 '!$A$4:$E$3180,5,0) -> 56.96 | I31: =$L$10 -> 0.23 | J31: =ROUND(H31*(1+I31),2) -> 70.06 | K31: =SUM(G31*J31) -> 0
D32: 02.03.000 | E32: FORMA | H32: =IFERROR(IF(#REF!="CPU",VLOOKUP(#REF!,#REF!,4,0),IF(#REF!="SINAPI",VLOOKUP(#REF!,#REF!,5,0),IF(#REF!="EDIF",VLOOKUP(#REF!,#REF!,4,0),IF(#REF!="CDHU",VLOOKUP(#REF!,#REF!,6,0),IF(#REF!="FDE",VLOOKUP(#REF!,#REF!,4,0),IF(#REF!="INFRA",VLOOKUP(#REF!,#REF!,4,0),"")))))),"") | K32: =SUBTOTAL(9,K33) -> 15146.088
C33: FDE | D33: 02.03.001 | E33: =IFERROR(UPPER(IF(C33="CPU",VLOOKUP(D33,#REF!,2,0),IF(C33="SINAPI",VLOOKUP(D33,#REF!,2,0),IF(C33="EDIF",VLOOKUP(D33,#REF!,2,0),IF(C33="CDHU",VLOOKUP(D33,#REF!,2,0),IF(C33="FDE",VLOOKUP(D33,'FDE 10-23 '!$A$4:$E$3180,2,0),IF(C33="INFRA",VLOOKUP(D33,#REF!,2,0),""))))))),"") -> FORMA DE MADEIRA MACICA | F33: =VLOOKUP(D33,'FDE 10-23 '!$A$4:$E$3180,3,0) -> M2 | G33: 163.6 | H33: =VLOOKUP(D33,'FDE 10-23 '!$A$4:$E$3180,5,0) -> 75.27 | I33: =$L$10 -> 0.23 | J33: =ROUND(H33*(1+I33),2) -> 92.58 | K33: =SUM(G33*J33) -> 15146.088
D34: 02.04.000 | E34: ARMADURA | H34: =IFERROR(IF(#REF!="CPU",VLOOKUP(#REF!,#REF!,4,0),IF(#REF!="SINAPI",VLOOKUP(#REF!,#REF!,5,0),IF(#REF!="EDIF",VLOOKUP(#REF!,#REF!,4,0),IF(#REF!="CDHU",VLOOKUP(#REF!,#REF!,6,0),IF(#REF!="FDE",VLOOKUP(#REF!,#REF!,4,0),IF(#REF!="INFRA",VLOOKUP(#REF!,#REF!,4,0),"")))))),"") | K34: =SUBTOTAL(9,K35:K36) -> 9229.808
C35: FDE | D35: 02.04.002 | E35: =IFERROR(UPPER(IF(C35="CPU",VLOOKUP(D35,#REF!,2,0),IF(C35="SINAPI",VLOOKUP(D35,#REF!,2,0),IF(C35="EDIF",VLOOKUP(D35,#REF!,2,0),IF(C35="CDHU",VLOOKUP(D35,#REF!,2,0),IF(C35="FDE",VLOOKUP(D35,'FDE 10-23 '!$A$4:$E$3180,2,0),IF(C35="INFRA",VLOOKUP(D35,#REF!,2,0),""))))))),"") -> ACO CA 50 (A OU B) FYK= 500 M PA | F35: =VLOOKUP(D35,'FDE 10-23 '!$A$4:$E$3180,3,0) -> KG | G35: 520.1 | H35: =VLOOKUP(D35,'FDE 10-23 '!$A$4:$E$3180,5,0) -> 12.18 | I35: =$L$10 -> 0.23 | J35: =ROUND(H35*(1+I35),2) -> 14.98 | K35: =SUM(G35*J35) -> 7791.098
C36: FDE | D36: 02.04.003 | E36: =IFERROR(UPPER(IF(C36="CPU",VLOOKUP(D36,#REF!,2,0),IF(C36="SINAPI",VLOOKUP(D36,#REF!,2,0),IF(C36="EDIF",VLOOKUP(D36,#REF!,2,0),IF(C36="CDHU",VLOOKUP(D36,#REF!,2,0),IF(C36="FDE",VLOOKUP(D36,'FDE 10-23 '!$A$4:$E$3180,2,0),IF(C36="INFRA",VLOOKUP(D36,#REF!,2,0),""))))))),"") -> ACO CA 60 (A OU B) FYK= 600 M PA | F36: =VLOOKUP(D36,'FDE 10-23 '!$A$4:$E$3180,3,0) -> KG | G36: 93 | H36: =VLOOKUP(D36,'FDE 10-23 '!$A$4:$E$3180,5,0) -> 12.58 | I36: =$L$10 -> 0.23 | J36: =ROUND(H36*(1+I36),2) -> 15.47 | K36: =SUM(G36*J36) -> 1438.71
D37: 02.05.000 | E37: CONCRETO | H37: =IFERROR(IF(#REF!="CPU",VLOOKUP(#REF!,#REF!,4,0),IF(#REF!="SINAPI",VLOOKUP(#REF!,#REF!,5,0),IF(#REF!="EDIF",VLOOKUP(#REF!,#REF!,4,0),IF(#REF!="CDHU",VLOOKUP(#REF!,#REF!,6,0),IF(#REF!="FDE",VLOOKUP(#REF!,#REF!,4,0),IF(#REF!="INFRA",VLOOKUP(#REF!,#REF!,4,0),"")))))),"") | K37: =SUBTOTAL(9,K38:K39) -> 18225.342
C38: FDE | D38: 02.05.018 | E38: =IFERROR(UPPER(IF(C38="CPU",VLOOKUP(D38,#REF!,2,0),IF(C38="SINAPI",VLOOKUP(D38,#REF!,2,0),IF(C38="EDIF",VLOOKUP(D38,#REF!,2,0),IF(C38="CDHU",VLOOKUP(D38,#REF!,2,0),IF(C38="FDE",VLOOKUP(D38,'FDE 10-23 '!$A$4:$E$3180,2,0),IF(C38="INFRA",VLOOKUP(D38,#REF!,2,0),""))))))),"") -> CONCRETO DOSADO E LANCADO FCK=25MPA | F38: =VLOOKUP(D38,'FDE 10-23 '!$A$4:$E$3180,3,0) -> M3 | G38: 20.5 | H38: =VLOOKUP(D38,'FDE 10-23 '!$A$4:$E$3180,5,0) -> 523.76 | I38: =$L$10 -> 0.23 | J38: =ROUND(H38*(1+I38),2) -> 644.22 | K38: =SUM(G38*J38) -> 13206.51
C39: FDE | D39: 02.05.050 | E39: =IFERROR(UPPER(IF(C39="CPU",VLOOKUP(D39,#REF!,2,0),IF(C39="SINAPI",VLOOKUP(D39,#REF!,2,0),IF(C39="EDIF",VLOOKUP(D39,#REF!,2,0),IF(C39="CDHU",VLOOKUP(D39,#REF!,2,0),IF(C39="FDE",VLOOKUP(D39,'FDE 10-23 '!$A$4:$E$3180,2,0),IF(C39="INFRA",VLOOKUP(D39,#REF!,2,0),""))))))),"") -> CONCRETO GROUT, PREPARADO NO LOCAL, LANÇADO E ADENSADO | F39: =VLOOKUP(D39,'FDE 10-23 '!$A$4:$E$3180,3,0) -> M3 | G39: 8.4 | H39: =VLOOKUP(D39,'FDE 10-23 '!$A$4:$E$3180,5,0) -> 485.76 | I39: =$L$10 -> 0.23 | J39: =ROUND(H39*(1+I39),2) -> 597.48 | K39: =SUM(G39*J39) -> 5018.832
D40: 02.06.000 | E40: EMBASAMENTO | H40: =IFERROR(IF(#REF!="CPU",VLOOKUP(#REF!,#REF!,4,0),IF(#REF!="SINAPI",VLOOKUP(#REF!,#REF!,5,0),IF(#REF!="EDIF",VLOOKUP(#REF!,#REF!,4,0),IF(#REF!="CDHU",VLOOKUP(#REF!,#REF!,6,0),IF(#REF!="FDE",VLOOKUP(#REF!,#REF!,4,0),IF(#REF!="INFRA",VLOOKUP(#REF!,#REF!,4,0),"")))))),"") | K40: =SUBTOTAL(9,K41) -> 24210.537
C41: FDE | D41: 02.06.003 | E41: =IFERROR(UPPER(IF(C41="CPU",VLOOKUP(D41,#REF!,2,0),IF(C41="SINAPI",VLOOKUP(D41,#REF!,2,0),IF(C41="EDIF",VLOOKUP(D41,#REF!,2,0),IF(C41="CDHU",VLOOKUP(D41,#REF!,2,0),IF(C41="FDE",VLOOKUP(D41,'FDE 10-23 '!$A$4:$E$3180,2,0),IF(C41="INFRA",VLOOKUP(D41,#REF!,2,0),""))))))),"") -> ALVENARIA EMBASAMENTO TIJOLO BARRO MACIÇO E = 1 TIJOLO | F41: =VLOOKUP(D41,'FDE 10-23 '!$A$4:$E$3180,3,0) -> M2 | G41: 104.1 | H41: =VLOOKUP(D41,'FDE 10-23 '!$A$4:$E$3180,5,0) -> 189.08 | I41: =$L$10 -> 0.23 | J41: =ROUND(H41*(1+I41),2) -> 232.57 | K41: =SUM(G41*J41) -> 24210.537
D42: 02.07.000 | E42: IMPERMEABILIZACOES | H42: =IFERROR(IF(#REF!="CPU",VLOOKUP(#REF!,#REF!,4,0),IF(#REF!="SINAPI",VLOOKUP(#REF!,#REF!,5,0),IF(#REF!="EDIF",VLOOKUP(#REF!,#REF!,4,0),IF(#REF!="CDHU",VLOOKUP(#REF!,#REF!,6,0),IF(#REF!="FDE",VLOOKUP(#REF!,#REF!,4,0),IF(#REF!="INFRA",VLOOKUP(#REF!,#REF!,4,0),"")))))),"") | K42: =SUBTOTAL(9,K43) -> 19891.152
C43: FDE | D43: 02.07.001 | E43: =IFERROR(UPPER(IF(C43="CPU",VLOOKUP(D43,#REF!,2,0),IF(C43="SINAPI",VLOOKUP(D43,#REF!,2,0),IF(C43="EDIF",VLOOKUP(D43,#REF!,2,0),IF(C43="CDHU",VLOOKUP(D43,#REF!,2,0),IF(C43="FDE",VLOOKUP(D43,'FDE 10-23 '!$A$4:$E$3180,2,0),IF(C43="INFRA",VLOOKUP(D43,#REF!,2,0),""))))))),"") -> IMPERM RESP ALV EMBAS COM ARGAM CIM-AREIA 1:3 CONTENDO HIDROFUGO | F43: =VLOOKUP(D43,'FDE 10-23 '!$A$4:$E$3180,3,0) -> M2 | G43: 338.4 | H43: =VLOOKUP(D43,'FDE 10-23 '!$A$4:$E$3180,5,0) -> 47.79 | I43: =$L$10 -> 0.23 | J43: =ROUND(H43*(1+I43),2) -> 58.78 | K43: =SUM(G43*J43) -> 19891.152
B44: 3 | D44: 03.00.000 | E44: SUPER ESTRUTURA | H44: =IFERROR(IF(#REF!="CPU",VLOOKUP(#REF!,#REF!,4,0),IF(#REF!="SINAPI",VLOOKUP(#REF!,#REF!,5,0),IF(#REF!="EDIF",VLOOKUP(#REF!,#REF!,4,0),IF(#REF!="CDHU",VLOOKUP(#REF!,#REF!,6,0),IF(#REF!="FDE",VLOOKUP(#REF!,#REF!,4,0),IF(#REF!="INFRA",VLOOKUP(#REF!,#REF!,4,0),"")))))),"") | K44: =SUBTOTAL(9,K45:K61) -> 3314123.1
D45: 03.01.000 | E45: FORMA | H45: =IFERROR(IF(#REF!="CPU",VLOOKUP(#REF!,#REF!,4,0),IF(#REF!="SINAPI",VLOOKUP(#REF!,#REF!,5,0),IF(#REF!="EDIF",VLOOKUP(#REF!,#REF!,4,0),IF(#REF!="CDHU",VLOOKUP(#REF!,#REF!,6,0),IF(#REF!="FDE",VLOOKUP(#REF!,#REF!,4,0),IF(#REF!="INFRA",VLOOKUP(#REF!,#REF!,4,0),"")))))),"") | K45: =SUBTOTAL(9,K46) -> 1278.298
C46: FDE | D46: 03.01.002 | E46: =IFERROR(UPPER(IF(C46="CPU",VLOOKUP(D46,#REF!,2,0),IF(C46="SINAPI",VLOOKUP(D46,#REF!,2,0),IF(C46="EDIF",VLOOKUP(D46,#REF!,2,0),IF(C46="CDHU",VLOOKUP(D46,#REF!,2,0),IF(C46="FDE",VLOOKUP(D46,'FDE 10-23 '!$A$4:$E$3180,2,0),IF(C46="INFRA",VLOOKUP(D46,#REF!,2,0),""))))))),"") -> FORMAS PLANAS PLASTIFICADA PARA CONCRETO APARENTE | F46: =VLOOKUP(D46,'FDE 10-23 '!$A$4:$E$3180,3,0) -> M2 | G46: 8.2 | H46: =VLOOKUP(D46,'FDE 10-23 '!$A$4:$E$3180,5,0) -> 126.74 | I46: =$L$10 -> 0.23 | J46: =ROUND(H46*(1+I46),2) -> 155.89 | K46: =SUM(G46*J46) -> 1278.298
D47: 03.02.000 | E47: ARMADURA | H47: =IFERROR(IF(#REF!="CPU",VLOOKUP(#REF!,#REF!,4,0),IF(#REF!="SINAPI",VLOOKUP(#REF!,#REF!,5,0),IF(#REF!="EDIF",VLOOKUP(#REF!,#REF!,4,0),IF(#REF!="CDHU",VLOOKUP(#REF!,#REF!,6,0),IF(#REF!="FDE",VLOOKUP(#REF!,#REF!,4,0),IF(#REF!="INFRA",VLOOKUP(#REF!,#REF!,4,0),"")))))),"") | K47: =SUBTOTAL(9,K48:K52) -> 255624.49
C48: FDE | D48: 03.02.002 | E48: =IFERROR(UPPER(IF(C48="CPU",VLOOKUP(D48,#REF!,2,0),IF(C48="SINAPI",VLOOKUP(D48,#REF!,2,0),IF(C48="EDIF",VLOOKUP(D48,#REF!,2,0),IF(C48="CDHU",VLOOKUP(D48,#REF!,2,0),IF(C48="FDE",VLOOKUP(D48,'FDE 10-23 '!$A$4:$E$3180,2,0),IF(C48="INFRA",VLOOKUP(D48,#REF!,2,0),""))))))),"") -> ACO CA 50 (A OU B) FYK= 500 M PA | F48: =VLOOKUP(D48,'FDE 10-23 '!$A$4:$E$3180,3,0) -> KG | G48: 4608 | H48: =VLOOKUP(D48,'FDE 10-23 '!$A$4:$E$3180,5,0) -> 12.18 | I48: =$L$10 -> 0.23 | J48: =ROUND(H48*(1+I48),2) -> 14.98 | K48: =SUM(G48*J48) -> 69027.84
C49: FDE | D49: 03.02.005 | E49: =IFERROR(UPPER(IF(C49="CPU",VLOOKUP(D49,#REF!,2,0),IF(C49="SINAPI",VLOOKUP(D49,#REF!,2,0),IF(C49="EDIF",VLOOKUP(D49,#REF!,2,0),IF(C49="CDHU",VLOOKUP(D49,#REF!,2,0),IF(C49="FDE",VLOOKUP(D49,'FDE 10-23 '!$A$4:$E$3180,2,0),IF(C49="INFRA",VLOOKUP(D49,#REF!,2,0),""))))))),"") -> TELA ARMADURA (MALHA ACO CA 60 FYK= 600 M PA) | F49: =VLOOKUP(D49,'FDE 10-23 '!$A$4:$E$3180,3,0) -> KG | G49: 6456 | H49: =VLOOKUP(D49,'FDE 10-23 '!$A$4:$E$3180,5,0) -> 11.44 | I49: =$L$10 -> 0.23 | J49: =ROUND(H49*(1+I49),2) -> 14.07 | K49: =SUM(G49*J49) -> 90835.92
C50: FDE | D50: 03.02.010 | E50: =IFERROR(UPPER(IF(C50="CPU",VLOOKUP(D50,#REF!,2,0),IF(C50="SINAPI",VLOOKUP(D50,#REF!,2,0),IF(C50="EDIF",VLOOKUP(D50,#REF!,2,0),IF(C50="CDHU",VLOOKUP(D50,#REF!,2,0),IF(C50="FDE",VLOOKUP(D50,'FDE 10-23 '!$A$4:$E$3180,2,0),IF(C50="INFRA",VLOOKUP(D50,#REF!,2,0),""))))))),"") -> INSERTS EM CANTONEIRAS OU CHAPA AÇO A-36 P/SOLIDARIZAÇÃO DE VIGAS E PILARES | F50: =VLOOKUP(D50,'FDE 10-23 '!$A$4:$E$3180,3,0) -> KG | G50: 885.9 | H50: =VLOOKUP(D50,'FDE 10-23 '!$A$4:$E$3180,5,0) -> 60.44 | I50: =$L$10 -> 0.23 | J50: =ROUND(H50*(1+I50),2) -> 74.34 | K50: =SUM(G50*J50) -> 65857.806
C51: FDE | D51: 03.02.020 | E51: =IFERROR(UPPER(IF(C51="CPU",VLOOKUP(D51,#REF!,2,0),IF(C51="SINAPI",VLOOKUP(D51,#REF!,2,0),IF(C51="EDIF",VLOOKUP(D51,#REF!,2,0),IF(C51="CDHU",VLOOKUP(D51,#REF!,2,0),IF(C51="FDE",VLOOKUP(D51,'FDE 10-23 '!$A$4:$E$3180,2,0),IF(C51="INFRA",VLOOKUP(D51,#REF!,2,0),""))))))),"") -> CONJUNTO DE LUVAS E PINO ROSCAVEL DN 12,5MM P/SOLIDARIZAÇÃO DE VIGA FORNEC. E INST. | F51: =VLOOKUP(D51,'FDE 10-23 '!$A$4:$E$3180,3,0) -> UN | G51: 24 | H51: =VLOOKUP(D51,'FDE 10-23 '!$A$4:$E$3180,5,0) -> 88.07 | I51: =$L$10 -> 0.23 | J51: =ROUND(H51*(1+I51),2) -> 108.33 | K51: =SUM(G51*J51) -> 2599.92
C52: FDE | D52: 03.02.022 | E52: =IFERROR(UPPER(IF(C52="CPU",VLOOKUP(D52,#REF!,2,0),IF(C52="SINAPI",VLOOKUP(D52,#REF!,2,0),IF(C52="EDIF",VLOOKUP(D52,#REF!,2,0),IF(C52="CDHU",VLOOKUP(D52,#REF!,2,0),IF(C52="FDE",VLOOKUP(D52,'FDE 10-23 '!$A$4:$E$3180,2,0),IF(C52="INFRA",VLOOKUP(D52,#REF!,2,0),""))))))),"") -> CONJUNTO DE LUVAS E PINO ROSCAVEL DN 20MM P/SOLIDARIZAÇÃO DE VIGA FORNEC. E INST. | F52: =VLOOKUP(D52,'FDE 10-23 '!$A$4:$E$3180,3,0) -> UN | G52: 150 | H52: =VLOOKUP(D52,'FDE 10-23 '!$A$4:$E$3180,5,0) -> 147.98 | I52: =$L$10 -> 0.23 | J52: =ROUND(H52*(1+I52),2) -> 182.02 | K52: =SUM(G52*J52) -> 27303
D53: 03.03.000 | E53: CONCRETO | H53: =IFERROR(IF(#REF!="CPU",VLOOKUP(#REF!,#REF!,4,0),IF(#REF!="SINAPI",VLOOKUP(#REF!,#REF!,5,0),IF(#REF!="EDIF",VLOOKUP(#REF!,#REF!,4,0),IF(#REF!="CDHU",VLOOKUP(#REF!,#REF!,6,0),IF(#REF!="FDE",VLOOKUP(#REF!,#REF!,4,0),IF(#REF!="INFRA",VLOOKUP(#REF!,#REF!,4,0),"")))))),"") | K53: =SUBTOTAL(9,K54:K59) -> 2900403.7
C54: FDE | D54: 03.03.026 | E54: =IFERROR(UPPER(IF(C54="CPU",VLOOKUP(D54,#REF!,2,0),IF(C54="SINAPI",VLOOKUP(D54,#REF!,2,0),IF(C54="EDIF",VLOOKUP(D54,#REF!,2,0),IF(C54="CDHU",VLOOKUP(D54,#REF!,2,0),IF(C54="FDE",VLOOKUP(D54,'FDE 10-23 '!$A$4:$E$3180,2,0),IF(C54="INFRA",VLOOKUP(D54,#REF!,2,0),""))))))),"") -> CONCRETO DOSADO,BOMBEADO E LANCADO FCK 25 MPA | F54: =VLOOKUP(D54,'FDE 10-23 '!$A$4:$E$3180,3,0) -> M3 | G54: 37.8 | H54: =VLOOKUP(D54,'FDE 10-23 '!$A$4:$E$3180,5,0) -> 563.26 | I54: =$L$10 -> 0.23 | J54: =ROUND(H54*(1+I54),2) -> 692.81 | K54: =SUM(G54*J54) -> 26188.218
C55: FDE | D55: 03.03.034 | E55: =IFERROR(UPPER(IF(C55="CPU",VLOOKUP(D55,#REF!,2,0),IF(C55="SINAPI",VLOOKUP(D55,#REF!,2,0),IF(C55="EDIF",VLOOKUP(D55,#REF!,2,0),IF(C55="CDHU",VLOOKUP(D55,#REF!,2,0),IF(C55="FDE",VLOOKUP(D55,'FDE 10-23 '!$A$4:$E$3180,2,0),IF(C55="INFRA",VLOOKUP(D55,#REF!,2,0),""))))))),"") -> LAJE PRE-FABRICADA PAINEL ALVEOLAR CONCRETO PROTENDIDO H15-100KGF/M2 | F55: =VLOOKUP(D55,'FDE 10-23 '!$A$4:$E$3180,3,0) -> M2 | G55: 1360.8 | H55: =VLOOKUP(D55,'FDE 10-23 '!$A$4:$E$3180,5,0) -> 303.82 | I55: =$L$10 -> 0.23 | J55: =ROUND(H55*(1+I55),2) -> 373.7 | K55: =SUM(G55*J55) -> 508530.96
C56: FDE | D56: 03.03.036 | E56: =IFERROR(UPPER(IF(C56="CPU",VLOOKUP(D56,#REF!,2,0),IF(C56="SINAPI",VLOOKUP(D56,#REF!,2,0),IF(C56="EDIF",VLOOKUP(D56,#REF!,2,0),IF(C56="CDHU",VLOOKUP(D56,#REF!,2,0),IF(C56="FDE",VLOOKUP(D56,'FDE 10-23 '!$A$4:$E$3180,2,0),IF(C56="INFRA",VLOOKUP(D56,#REF!,2,0),""))))))),"") -> LAJE PRE-FABRICADA PAINEL ALVEOLAR CONCRETO PROTENDIDO H15-300KGF/M2 | F56: =VLOOKUP(D56,'FDE 10-23 '!$A$4:$E$3180,3,0) -> M2 | G56: 794 | H56: =VLOOKUP(D56,'FDE 10-23 '!$A$4:$E$3180,5,0) -> 301.29 | I56: =$L$10 -> 0.23 | J56: =ROUND(H56*(1+I56),2) -> 370.59 | K56: =SUM(G56*J56) -> 294248.46
C57: FDE | D57: 03.03.037 | E57: =IFERROR(UPPER(IF(C57="CPU",VLOOKUP(D57,#REF!,2,0),IF(C57="SINAPI",VLOOKUP(D57,#REF!,2,0),IF(C57="EDIF",VLOOKUP(D57,#REF!,2,0),IF(C57="CDHU",VLOOKUP(D57,#REF!,2,0),IF(C57="FDE",VLOOKUP(D57,'FDE 10-23 '!$A$4:$E$3180,2,0),IF(C57="INFRA",VLOOKUP(D57,#REF!,2,0),""))))))),"") -> LAJE PRE-FABRICADA PAINEL ALVEOLAR CONCRETO PROTENDIDO H15-500KGF/M2 | F57: =VLOOKUP(D57,'FDE 10-23 '!$A$4:$E$3180,3,0) -> M2 | G57: 290.2 | H57: =VLOOKUP(D57,'FDE 10-23 '!$A$4:$E$3180,5,0) -> 307.3 | I57: =$L$10 -> 0.23 | J57: =ROUND(H57*(1+I57),2) -> 377.98 | K57: =SUM(G57*J57) -> 109689.8
C58: FDE | D58: 03.03.095 | E58: =IFERROR(UPPER(IF(C58="CPU",VLOOKUP(D58,#REF!,2,0),IF(C58="SINAPI",VLOOKUP(D58,#REF!,2,0),IF(C58="EDIF",VLOOKUP(D58,#REF!,2,0),IF(C58="CDHU",VLOOKUP(D58,#REF!,2,0),IF(C58="FDE",VLOOKUP(D58,'FDE 10-23 '!$A$4:$E$3180,2,0),IF(C58="INFRA",VLOOKUP(D58,#REF!,2,0),""))))))),"") -> FORNEC. E MONTAGEM DE VIGA PROTENDIDA PRÉ-MOLDADA DE CONCRETO | F58: =VLOOKUP(D58,'FDE 10-23 '!$A$4:$E$3180,3,0) -> M3 | G58: 72.2 | H58: =VLOOKUP(D58,'FDE 10-23 '!$A$4:$E$3180,5,0) -> 6119.1 | I58: =$L$10 -> 0.23 | J58: =ROUND(H58*(1+I58),2) -> 7526.49 | K58: =SUM(G58*J58) -> 543412.58
C59: FDE | D59: 03.03.098 | E59: =IFERROR(UPPER(IF(C59="CPU",VLOOKUP(D59,#REF!,2,0),IF(C59="SINAPI",VLOOKUP(D59,#REF!,2,0),IF(C59="EDIF",VLOOKUP(D59,#REF!,2,0),IF(C59="CDHU",VLOOKUP(D59,#REF!,2,0),IF(C59="FDE",VLOOKUP(D59,'FDE 10-23 '!$A$4:$E$3180,2,0),IF(C59="INFRA",VLOOKUP(D59,#REF!,2,0),""))))))),"") -> FORNECIMENTO E MONTAGEM DE ESTRUTURA PRE-MOLDADA DE CONCRETO | F59: =VLOOKUP(D59,'FDE 10-23 '!$A$4:$E$3180,3,0) -> M3 | G59: 210 | H59: =VLOOKUP(D59,'FDE 10-23 '!$A$4:$E$3180,5,0) -> 5491.03 | I59: =$L$10 -> 0.23 | J59: =ROUND(H59*(1+I59),2) -> 6753.97 | K59: =SUM(G59*J59) -> 1418333.7
D60: 03.04.000 | E60: ESTRUTURA METALICA | F60: =IFERROR(UPPER(IF(C60="CPU",VLOOKUP(D60,#REF!,3,0),IF(C60="SINAPI",VLOOKUP(D60,#REF!,3,0),IF(C60="EDIF",VLOOKUP(D60,#REF!,3,0),IF(C60="CDHU",VLOOKUP(D60,#REF!,3,0),IF(C60="FDE",VLOOKUP(D60,#REF!,3,0),IF(C60="INFRA",VLOOKUP(D60,#REF!,3,0),""))))))),"") | H60: =IFERROR(IF(#REF!="CPU",VLOOKUP(#REF!,#REF!,4,0),IF(#REF!="SINAPI",VLOOKUP(#REF!,#REF!,5,0),IF(#REF!="EDIF",VLOOKUP(#REF!,#REF!,4,0),IF(#REF!="CDHU",VLOOKUP(#REF!,#REF!,6,0),IF(#REF!="FDE",VLOOKUP(#REF!,#REF!,4,0),IF(#REF!="INFRA",VLOOKUP(#REF!,#REF!,4,0),"")))))),"") | K60: =SUBTOTAL(9,K61) -> 156816.64
C61: FDE | D61: 03.04.010 | E61: =IFERROR(UPPER(IF(C61="CPU",VLOOKUP(D61,#REF!,2,0),IF(C61="SINAPI",VLOOKUP(D61,#REF!,2,0),IF(C61="EDIF",VLOOKUP(D61,#REF!,2,0),IF(C61="CDHU",VLOOKUP(D61,#REF!,2,0),IF(C61="FDE",VLOOKUP(D61,'FDE 10-23 '!$A$4:$E$3180,2,0),IF(C61="INFRA",VLOOKUP(D61,#REF!,2,0),""))))))),"") -> FORNECIMENTO E MONTAGEM DE ESTRUTURA METALICA COM AÇO NAO PATINAVE (ASTM A36/A570) | F61: =VLOOKUP(D61,'FDE 10-23 '!$A$4:$E$3180,3,0) -> KG | G61: 4852 | H61: =VLOOKUP(D61,'FDE 10-23 '!$A$4:$E$3180,5,0) -> 26.28 | I61: =$L$10 -> 0.23 | J61: =ROUND(H61*(1+I61),2) -> 32.32 | K61: =SUM(G61*J61) -> 156816.64
B62: 4 | D62: 04.00.000 | E62: ALVENARIA E OUTROS ELEMENTOS DIVISORIOS | F62: =IFERROR(UPPER(IF(C62="CPU",VLOOKUP(D62,#REF!,3,0),IF(C62="SINAPI",VLOOKUP(D62,#REF!,3,0),IF(C62="EDIF",VLOOKUP(D62,#REF!,3,0),IF(C62="CDHU",VLOOKUP(D62,#REF!,3,0),IF(C62="FDE",VLOOKUP(D62,#REF!,3,0),IF(C62="INFRA",VLOOKUP(D62,#REF!,3,0),""))))))),"") | H62: =IFERROR(IF(#REF!="CPU",VLOOKUP(#REF!,#REF!,4,0),IF(#REF!="SINAPI",VLOOKUP(#REF!,#REF!,5,0),IF(#REF!="EDIF",VLOOKUP(#REF!,#REF!,4,0),IF(#REF!="CDHU",VLOOKUP(#REF!,#REF!,6,0),IF(#REF!="FDE",VLOOKUP(#REF!,#REF!,4,0),IF(#REF!="INFRA",VLOOKUP(#REF!,#REF!,4,0),"")))))),"") | K62: =SUBTOTAL(9,K63:K75) -> 289471.52
D63: 04.01.000 | E63: ALVENARIA | F63: =IFERROR(UPPER(IF(C63="CPU",VLOOKUP(D63,#REF!,3,0),IF(C63="SINAPI",VLOOKUP(D63,#REF!,3,0),IF(C63="EDIF",VLOOKUP(D63,#REF!,3,0),IF(C63="CDHU",VLOOKUP(D63,#REF!,3,0),IF(C63="FDE",VLOOKUP(D63,#REF!,3,0),IF(C63="INFRA",VLOOKUP(D63,#REF!,3,0),""))))))),"") | H63: =IFERROR(IF(#REF!="CPU",VLOOKUP(#REF!,#REF!,4,0),IF(#REF!="SINAPI",VLOOKUP(#REF!,#REF!,5,0),IF(#REF!="EDIF",VLOOKUP(#REF!,#REF!,4,0),IF(#REF!="CDHU",VLOOKUP(#REF!,#REF!,6,0),IF(#REF!="FDE",VLOOKUP(#REF!,#REF!,4,0),IF(#REF!="INFRA",VLOOKUP(#REF!,#REF!,4,0),"")))))),"") | K63: =SUBTOTAL(9,K64:K69) -> 248071.21
C64: FDE | D64: 04.01.033 | E64: =IFERROR(UPPER(IF(C64="CPU",VLOOKUP(D64,#REF!,2,0),IF(C64="SINAPI",VLOOKUP(D64,#REF!,2,0),IF(C64="EDIF",VLOOKUP(D64,#REF!,2,0),IF(C64="CDHU",VLOOKUP(D64,#REF!,2,0),IF(C64="FDE",VLOOKUP(D64,'FDE 10-23 '!$A$4:$E$3180,2,0),IF(C64="INFRA",VLOOKUP(D64,#REF!,2,0),""))))))),"") -> ALVENARIA DE BLOCO DE CONCRETO 14X19X39 CM CLASSE C | F64: =VLOOKUP(D64,'FDE 10-23 '!$A$4:$E$3180,3,0) -> M2 | G64: 268.73 | H64: =VLOOKUP(D64,'FDE 10-23 '!$A$4:$E$3180,5,0) -> 79.31 | I64: =$L$10 -> 0.23 | J64: =ROUND(H64*(1+I64),2) -> 97.55 | K64: =SUM(G64*J64) -> 26214.612
C65: FDE | D65: 04.01.034 | E65: =IFERROR(UPPER(IF(C65="CPU",VLOOKUP(D65,#REF!,2,0),IF(C65="SINAPI",VLOOKUP(D65,#REF!,2,0),IF(C65="EDIF",VLOOKUP(D65,#REF!,2,0),IF(C65="CDHU",VLOOKUP(D65,#REF!,2,0),IF(C65="FDE",VLOOKUP(D65,'FDE 10-23 '!$A$4:$E$3180,2,0),IF(C65="INFRA",VLOOKUP(D65,#REF!,2,0),""))))))),"") -> ALVENARIA DE BLOCO DE CONCRETO 19X19X39 CM CLASSE C | F65: =VLOOKUP(D65,'FDE 10-23 '!$A$4:$E$3180,3,0) -> M2 | G65: 1743.8 | H65: =VLOOKUP(D65,'FDE 10-23 '!$A$4:$E$3180,5,0) -> 96.19 | I65: =$L$10 -> 0.23 | J65: =ROUND(H65*(1+I65),2) -> 118.31 | K65: =SUM(G65*J65) -> 206308.98
C66: FDE | D66: 04.01.045 | E66: =IFERROR(UPPER(IF(C66="CPU",VLOOKUP(D66,#REF!,2,0),IF(C66="SINAPI",VLOOKUP(D66,#REF!,2,0),IF(C66="EDIF",VLOOKUP(D66,#REF!,2,0),IF(C66="CDHU",VLOOKUP(D66,#REF!,2,0),IF(C66="FDE",VLOOKUP(D66,'FDE 10-23 '!$A$4:$E$3180,2,0),IF(C66="INFRA",VLOOKUP(D66,#REF!,2,0),""))))))),"") -> CONCRETO GROUT, PREPARADO NO LOCAL, LANÇADO E ADENSADO | F66: =VLOOKUP(D66,'FDE 10-23 '!$A$4:$E$3180,3,0) -> M3 | G66: 7 | H66: =VLOOKUP(D66,'FDE 10-23 '!$A$4:$E$3180,5,0) -> 485.76 | I66: =$L$10 -> 0.23 | J66: =ROUND(H66*(1+I66),2) -> 597.48 | K66: =SUM(G66*J66) -> 4182.36
C67: FDE | D67: 04.01.046 | E67: =IFERROR(UPPER(IF(C67="CPU",VLOOKUP(D67,#REF!,2,0),IF(C67="SINAPI",VLOOKUP(D67,#REF!,2,0),IF(C67="EDIF",VLOOKUP(D67,#REF!,2,0),IF(C67="CDHU",VLOOKUP(D67,#REF!,2,0),IF(C67="FDE",VLOOKUP(D67,'FDE 10-23 '!$A$4:$E$3180,2,0),IF(C67="INFRA",VLOOKUP(D67,#REF!,2,0),""))))))),"") -> ARMADURA CA 50 PARA PAREDE AUTO-PORTANTE | F67: =VLOOKUP(D67,'FDE 10-23 '!$A$4:$E$3180,3,0) -> KG | G67: 446 | H67: =VLOOKUP(D67,'FDE 10-23 '!$A$4:$E$3180,5,0) -> 12.18 | I67: =$L$10 -> 0.23 | J67: =ROUND(H67*(1+I67),2) -> 14.98 | K67: =SUM(G67*J67) -> 6681.08
C68: FDE | D68: 04.01.049 | E68: =IFERROR(UPPER(IF(C68="CPU",VLOOKUP(D68,#REF!,2,0),IF(C68="SINAPI",VLOOKUP(D68,#REF!,2,0),IF(C68="EDIF",VLOOKUP(D68,#REF!,2,0),IF(C68="CDHU",VLOOKUP(D68,#REF!,2,0),IF(C68="FDE",VLOOKUP(D68,'FDE 10-23 '!$A$4:$E$3180,2,0),IF(C68="INFRA",VLOOKUP(D68,#REF!,2,0),""))))))),"") -> ALVENARIA AUTO-PORTANTE: BLOCO CONCRETO ESTRUTURAL DE 19X19X19CM CLASSE B | F68: =VLOOKUP(D68,'FDE 10-23 '!$A$4:$E$3180,3,0) -> M2 | G68: 16.8 | H68: =VLOOKUP(D68,'FDE 10-23 '!$A$4:$E$3180,5,0) -> 140.87 | I68: =$L$10 -> 0.23 | J68: =ROUND(H68*(1+I68),2) -> 173.27 | K68: =SUM(G68*J68) -> 2910.936
C69: FDE | D69: 04.01.064 | E69: =IFERROR(UPPER(IF(C69="CPU",VLOOKUP(D69,#REF!,2,0),IF(C69="SINAPI",VLOOKUP(D69,#REF!,2,0),IF(C69="EDIF",VLOOKUP(D69,#REF!,2,0),IF(C69="CDHU",VLOOKUP(D69,#REF!,2,0),IF(C69="FDE",VLOOKUP(D69,'FDE 10-23 '!$A$4:$E$3180,2,0),IF(C69="INFRA",VLOOKUP(D69,#REF!,2,0),""))))))),"") -> ALVENARIA DE CONCRETO CELULAR - BLOCOS E=10CM | F69: =VLOOKUP(D69,'FDE 10-23 '!$A$4:$E$3180,3,0) -> M2 | G69: 10.73 | H69: =VLOOKUP(D69,'FDE 10-23 '!$A$4:$E$3180,5,0) -> 134.36 | I69: =$L$10 -> 0.23 | J69: =ROUND(H69*(1+I69),2) -> 165.26 | K69: =SUM(G69*J69) -> 1773.2398
D70: 04.03.000 | E70: PLACAS DIVISORIAS | F70: =IFERROR(UPPER(IF(C70="CPU",VLOOKUP(D70,#REF!,3,0),IF(C70="SINAPI",VLOOKUP(D70,#REF!,3,0),IF(C70="EDIF",VLOOKUP(D70,#REF!,3,0),IF(C70="CDHU",VLOOKUP(D70,#REF!,3,0),IF(C70="FDE",VLOOKUP(D70,#REF!,3,0),IF(C70="INFRA",VLOOKUP(D70,#REF!,3,0),""))))))),"") | H70: =IFERROR(IF(#REF!="CPU",VLOOKUP(#REF!,#REF!,4,0),IF(#REF!="SINAPI",VLOOKUP(#REF!,#REF!,5,0),IF(#REF!="EDIF",VLOOKUP(#REF!,#REF!,4,0),IF(#REF!="CDHU",VLOOKUP(#REF!,#REF!,6,0),IF(#REF!="FDE",VLOOKUP(#REF!,#REF!,4,0),IF(#REF!="INFRA",VLOOKUP(#REF!,#REF!,4,0),"")))))),"") | K70: =SUBTOTAL(9,K71:K75) -> 41400.315
C71: FDE | D71: 04.03.001 | E71: =IFERROR(UPPER(IF(C71="CPU",VLOOKUP(D71,#REF!,2,0),IF(C71="SINAPI",VLOOKUP(D71,#REF!,2,0),IF(C71="EDIF",VLOOKUP(D71,#REF!,2,0),IF(C71="CDHU",VLOOKUP(D71,#REF!,2,0),IF(C71="FDE",VLOOKUP(D71,'FDE 10-23 '!$A$4:$E$3180,2,0),IF(C71="INFRA",VLOOKUP(D71,#REF!,2,0),""))))))),"") -> DV-01 DIVISORIA DE GRANILITE - LATERAL ABERTA | F71: =VLOOKUP(D71,'FDE 10-23 '!$A$4:$E$3180,3,0) -> M | G71: 15.2 | H71: =VLOOKUP(D71,'FDE 10-23 '!$A$4:$E$3180,5,0) -> 527.53 | I71: =$L$10 -> 0.23 | J71: =ROUND(H71*(1+I71),2) -> 648.86 | K71: =SUM(G71*J71) -> 9862.672
C72: FDE | D72: 04.03.002 | E72: =IFERROR(UPPER(IF(C72="CPU",VLOOKUP(D72,#REF!,2,0),IF(C72="SINAPI",VLOOKUP(D72,#REF!,2,0),IF(C72="EDIF",VLOOKUP(D72,#REF!,2,0),IF(C72="CDHU",VLOOKUP(D72,#REF!,2,0),IF(C72="FDE",VLOOKUP(D72,'FDE 10-23 '!$A$4:$E$3180,2,0),IF(C72="INFRA",VLOOKUP(D72,#REF!,2,0),""))))))),"") -> DV-02 DIVISORIA DE GRANILITE - LATERAL FECHADA | F72: =VLOOKUP(D72,'FDE 10-23 '!$A$4:$E$3180,3,0) -> M | G72: 13.8 | H72: =VLOOKUP(D72,'FDE 10-23 '!$A$4:$E$3180,5,0) -> 527.53 | I72: =$L$10 -> 0.23 | J72: =ROUND(H72*(1+I72),2) -> 648.86 | K72: =SUM(G72*J72) -> 8954.268
C73: FDE | D73: 04.03.003 | E73: =IFERROR(UPPER(IF(C73="CPU",VLOOKUP(D73,#REF!,2,0),IF(C73="SINAPI",VLOOKUP(D73,#REF!,2,0),IF(C73="EDIF",VLOOKUP(D73,#REF!,2,0),IF(C73="CDHU",VLOOKUP(D73,#REF!,2,0),IF(C73="FDE",VLOOKUP(D73,'FDE 10-23 '!$A$4:$E$3180,2,0),IF(C73="INFRA",VLOOKUP(D73,#REF!,2,0),""))))))),"") -> DV-03 DIVISORIA DE GRANILITE - FRONTAL | F73: =VLOOKUP(D73,'FDE 10-23 '!$A$4:$E$3180,3,0) -> M | G73: 6.9 | H73: =VLOOKUP(D73,'FDE 10-23 '!$A$4:$E$3180,5,0) -> 1826.33 | I73: =$L$10 -> 0.23 | J73: =ROUND(H73*(1+I73),2) -> 2246.39 | K73: =SUM(G73*J73) -> 15500.091
C74: FDE | D74: 04.03.008 | E74: =IFERROR(UPPER(IF(C74="CPU",VLOOKUP(D74,#REF!,2,0),IF(C74="SINAPI",VLOOKUP(D74,#REF!,2,0),IF(C74="EDIF",VLOOKUP(D74,#REF!,2,0),IF(C74="CDHU",VLOOKUP(D74,#REF!,2,0),IF(C74="FDE",VLOOKUP(D74,'FDE 10-23 '!$A$4:$E$3180,2,0),IF(C74="INFRA",VLOOKUP(D74,#REF!,2,0),""))))))),"") -> DV-04 DIVISÓRIA DE GRANILITE - ANTEPARO | F74: =VLOOKUP(D74,'FDE 10-23 '!$A$4:$E$3180,3,0) -> M | G74: 1.6 | H74: =VLOOKUP(D74,'FDE 10-23 '!$A$4:$E$3180,5,0) -> 552.02 | I74: =$L$10 -> 0.23 | J74: =ROUND(H74*(1+I74),2) -> 678.98 | K74: =SUM(G74*J74) -> 1086.368
C75: FDE | D75: 04.03.023 | E75: =IFERROR(UPPER(IF(C75="CPU",VLOOKUP(D75,#REF!,2,0),IF(C75="SINAPI",VLOOKUP(D75,#REF!,2,0),IF(C75="EDIF",VLOOKUP(D75,#REF!,2,0),IF(C75="CDHU",VLOOKUP(D75,#REF!,2,0),IF(C75="FDE",VLOOKUP(D75,'FDE 10-23 '!$A$4:$E$3180,2,0),IF(C75="INFRA",VLOOKUP(D75,#REF!,2,0),""))))))),"") -> DIVISORIA CHAPA FIBRA MAD PRENS BP/PAINEL CEGO 1,20X2,11M E=35MM | F75: =VLOOKUP(D75,'FDE 10-23 '!$A$4:$E$3180,3,0) -> M2 | G75: 32.4 | H75: =VLOOKUP(D75,'FDE 10-23 '!$A$4:$E$3180,5,0) -> 150.48 | I75: =$L$10 -> 0.23 | J75: =ROUND(H75*(1+I75),2) -> 185.09 | K75: =SUM(G75*J75) -> 5996.916
B76: 5 | D76: 05.00.000 | E76: ELEMENTOS DE MADEIRA/COMPONENTES ESPECIAIS | F76: =IFERROR(UPPER(IF(C76="CPU",VLOOKUP(D76,#REF!,3,0),IF(C76="SINAPI",VLOOKUP(D76,#REF!,3,0),IF(C76="EDIF",VLOOKUP(D76,#REF!,3,0),IF(C76="CDHU",VLOOKUP(D76,#REF!,3,0),IF(C76="FDE",VLOOKUP(D76,#REF!,3,0),IF(C76="INFRA",VLOOKUP(D76,#REF!,3,0),""))))))),"") | H76: =IFERROR(IF(#REF!="CPU",VLOOKUP(#REF!,#REF!,4,0),IF(#REF!="SINAPI",VLOOKUP(#REF!,#REF!,5,0),IF(#REF!="EDIF",VLOOKUP(#REF!,#REF!,4,0),IF(#REF!="CDHU",VLOOKUP(#REF!,#REF!,6,0),IF(#REF!="FDE",VLOOKUP(#REF!,#REF!,4,0),IF(#REF!="INFRA",VLOOKUP(#REF!,#REF!,4,0),"")))))),"") | K76: =SUBTOTAL(9,K77:K105) -> 237171.21
D77: 05.01.000 | E77: PORTAS/BATENTES/FERRAGENS | F77: =IFERROR(UPPER(IF(C77="CPU",VLOOKUP(D77,#REF!,3,0),IF(C77="SINAPI",VLOOKUP(D77,#REF!,3,0),IF(C77="EDIF",VLOOKUP(D77,#REF!,3,0),IF(C77="CDHU",VLOOKUP(D77,#REF!,3,0),IF(C77="FDE",VLOOKUP(D77,#REF!,3,0),IF(C77="INFRA",VLOOKUP(D77,#REF!,3,0),""))))))),"") | H77: =IFERROR(IF(#REF!="CPU",VLOOKUP(#REF!,#REF!,4,0),IF(#REF!="SINAPI",VLOOKUP(#REF!,#REF!,5,0),IF(#REF!="EDIF",VLOOKUP(#REF!,#REF!,4,0),IF(#REF!="CDHU",VLOOKUP(#REF!,#REF!,6,0),IF(#REF!="FDE",VLOOKUP(#REF!,#REF!,4,0),IF(#REF!="INFRA",VLOOKUP(#REF!,#REF!,4,0),"")))))),"") | K77: =SUBTOTAL(9,K78:K84) -> 87826.02
C78: FDE | D78: 05.01.001 | E78: =IFERROR(UPPER(IF(C78="CPU",VLOOKUP(D78,#REF!,2,0),IF(C78="SINAPI",VLOOKUP(D78,#REF!,2,0),IF(C78="EDIF",VLOOKUP(D78,#REF!,2,0),IF(C78="CDHU",VLOOKUP(D78,#REF!,2,0),IF(C78="FDE",VLOOKUP(D78,'FDE 10-23 '!$A$4:$E$3180,2,0),IF(C78="INFRA",VLOOKUP(D78,#REF!,2,0),""))))))),"") -> PM-67 PORTA DE MADEIRA MACHO/FEMEA P/ PINT. BAT. MET. L=82CM | F78: =VLOOKUP(D78,'FDE 10-23 '!$A$4:$E$3180,3,0) -> UN | G78: 2 | H78: =VLOOKUP(D78,'FDE 10-23 '!$A$4:$E$3180,5,0) -> 2435.36 | I78: =$L$10 -> 0.23 | J78: =ROUND(H78*(1+I78),2) -> 2995.49 | K78: =SUM(G78*J78) -> 5990.98
C79: FDE | D79: 05.01.002 | E79: =IFERROR(UPPER(IF(C79="CPU",VLOOKUP(D79,#REF!,2,0),IF(C79="SINAPI",VLOOKUP(D79,#REF!,2,0),IF(C79="EDIF",VLOOKUP(D79,#REF!,2,0),IF(C79="CDHU",VLOOKUP(D79,#REF!,2,0),IF(C79="FDE",VLOOKUP(D79,'FDE 10-23 '!$A$4:$E$3180,2,0),IF(C79="INFRA",VLOOKUP(D79,#REF!,2,0),""))))))),"") -> PM-68 PORTA DE MADEIRA MACHO/FEMEA P/ PINT. BAT. MET. L=92CM | F79: =VLOOKUP(D79,'FDE 10-23 '!$A$4:$E$3180,3,0) -> UN | G79: 14 | H79: =VLOOKUP(D79,'FDE 10-23 '!$A$4:$E$3180,5,0) -> 2539.69 | I79: =$L$10 -> 0.23 | J79: =ROUND(H79*(1+I79),2) -> 3123.82 | K79: =SUM(G79*J79) -> 43733.48
C80: FDE | D80: 05.01.028 | E80: =IFERROR(UPPER(IF(C80="CPU",VLOOKUP(D80,#REF!,2,0),IF(C80="SINAPI",VLOOKUP(D80,#REF!,2,0),IF(C80="EDIF",VLOOKUP(D80,#REF!,2,0),IF(C80="CDHU",VLOOKUP(D80,#REF!,2,0),IF(C80="FDE",VLOOKUP(D80,'FDE 10-23 '!$A$4:$E$3180,2,0),IF(C80="INFRA",VLOOKUP(D80,#REF!,2,0),""))))))),"") -> PORTAS PARA DIVISORIAS CHAPA FIBRA MAD PRENS BP COM FERRAGENS | F80: =VLOOKUP(D80,'FDE 10-23 '!$A$4:$E$3180,3,0) -> UN | G80: 5 | H80: =VLOOKUP(D80,'FDE 10-23 '!$A$4:$E$3180,5,0) -> 540.78 | I80: =$L$10 -> 0.23 | J80: =ROUND(H80*(1+I80),2) -> 665.16 | K80: =SUM(G80*J80) -> 3325.8
C81: FDE | D81: 05.01.029 | E81: =IFERROR(UPPER(IF(C81="CPU",VLOOKUP(D81,#REF!,2,0),IF(C81="SINAPI",VLOOKUP(D81,#REF!,2,0),IF(C81="EDIF",VLOOKUP(D81,#REF!,2,0),IF(C81="CDHU",VLOOKUP(D81,#REF!,2,0),IF(C81="FDE",VLOOKUP(D81,'FDE 10-23 '!$A$4:$E$3180,2,0),IF(C81="INFRA",VLOOKUP(D81,#REF!,2,0),""))))))),"") -> PM-74 PORTA SARRAFEADO MACIÇO P/BOXES L=62CM-COMPLETA | F81: =VLOOKUP(D81,'FDE 10-23 '!$A$4:$E$3180,3,0) -> UN | G81: 23 | H81: =VLOOKUP(D81,'FDE 10-23 '!$A$4:$E$3180,5,0) -> 603.87 | I81: =$L$10 -> 0.23 | J81: =ROUND(H81*(1+I81),2) -> 742.76 | K81: =SUM(G81*J81) -> 17083.48
C82: FDE | D82: 05.01.048 | E82: =IFERROR(UPPER(IF(C82="CPU",VLOOKUP(D82,#REF!,2,0),IF(C82="SINAPI",VLOOKUP(D82,#REF!,2,0),IF(C82="EDIF",VLOOKUP(D82,#REF!,2,0),IF(C82="CDHU",VLOOKUP(D82,#REF!,2,0),IF(C82="FDE",VLOOKUP(D82,'FDE 10-23 '!$A$4:$E$3180,2,0),IF(C82="INFRA",VLOOKUP(D82,#REF!,2,0),""))))))),"") -> PM-72 PORTA DE MADEIRA SARRAFEADA P/ PINT. BAT. MET. L=92CM | F82: =VLOOKUP(D82,'FDE 10-23 '!$A$4:$E$3180,3,0) -> UN | G82: 2 | H82: =VLOOKUP(D82,'FDE 10-23 '!$A$4:$E$3180,5,0) -> 1935.33 | I82: =$L$10 -> 0.23 | J82: =ROUND(H82*(1+I82),2) -> 2380.46 | K82: =SUM(G82*J82) -> 4760.92
C83: FDE | D83: 05.01.051 | E83: =IFERROR(UPPER(IF(C83="CPU",VLOOKUP(D83,#REF!,2,0),IF(C83="SINAPI",VLOOKUP(D83,#REF!,2,0),IF(C83="EDIF",VLOOKUP(D83,#REF!,2,0),IF(C83="CDHU",VLOOKUP(D83,#REF!,2,0),IF(C83="FDE",VLOOKUP(D83,'FDE 10-23 '!$A$4:$E$3180,2,0),IF(C83="INFRA",VLOOKUP(D83,#REF!,2,0),""))))))),"") -> PM-75 PORTA SARRAFEADA MACICA SANIT. ACESSIVEL BAT. MET. | F83: =VLOOKUP(D83,'FDE 10-23 '!$A$4:$E$3180,3,0) -> UN | G83: 2 | H83: =VLOOKUP(D83,'FDE 10-23 '!$A$4:$E$3180,5,0) -> 2153.5 | I83: =$L$10 -> 0.23 | J83: =ROUND(H83*(1+I83),2) -> 2648.81 | K83: =SUM(G83*J83) -> 5297.62
C84: FDE | D84: 05.01.070 | E84: =IFERROR(UPPER(IF(C84="CPU",VLOOKUP(D84,#REF!,2,0),IF(C84="SINAPI",VLOOKUP(D84,#REF!,2,0),IF(C84="EDIF",VLOOKUP(D84,#REF!,2,0),IF(C84="CDHU",VLOOKUP(D84,#REF!,2,0),IF(C84="FDE",VLOOKUP(D84,'FDE 10-23 '!$A$4:$E$3180,2,0),IF(C84="INFRA",VLOOKUP(D84,#REF!,2,0),""))))))),"") -> PM-83 PORTA DE CORRER ACESSIVEL SARRAFEADA MACIÇA G1-C1 P/PINTURA L=101CM | F84: =VLOOKUP(D84,'FDE 10-23 '!$A$4:$E$3180,3,0) -> UN | G84: 2 | H84: =VLOOKUP(D84,'FDE 10-23 '!$A$4:$E$3180,5,0) -> 3103.15 | I84: =$L$10 -> 0.23 | J84: =ROUND(H84*(1+I84),2) -> 3816.87 | K84: =SUM(G84*J84) -> 7633.74
D85: 05.05.000 | E85: OUTROS COMPONENTES PADRONIZADOS | F85: =IFERROR(UPPER(IF(C85="CPU",VLOOKUP(D85,#REF!,3,0),IF(C85="SINAPI",VLOOKUP(D85,#REF!,3,0),IF(C85="EDIF",VLOOKUP(D85,#REF!,3,0),IF(C85="CDHU",VLOOKUP(D85,#REF!,3,0),IF(C85="FDE",VLOOKUP(D85,#REF!,3,0),IF(C85="INFRA",VLOOKUP(D85,#REF!,3,0),""))))))),"") | H85: =IFERROR(IF(#REF!="CPU",VLOOKUP(#REF!,#REF!,4,0),IF(#REF!="SINAPI",VLOOKUP(#REF!,#REF!,5,0),IF(#REF!="EDIF",VLOOKUP(#REF!,#REF!,4,0),IF(#REF!="CDHU",VLOOKUP(#REF!,#REF!,6,0),IF(#REF!="FDE",VLOOKUP(#REF!,#REF!,4,0),IF(#REF!="INFRA",VLOOKUP(#REF!,#REF!,4,0),"")))))),"") | K85: =SUBTOTAL(9,K86:K105) -> 149345.19
C86: FDE | D86: 05.05.040 | E86: =IFERROR(UPPER(IF(C86="CPU",VLOOKUP(D86,#REF!,2,0),IF(C86="SINAPI",VLOOKUP(D86,#REF!,2,0),IF(C86="EDIF",VLOOKUP(D86,#REF!,2,0),IF(C86="CDHU",VLOOKUP(D86,#REF!,2,0),IF(C86="FDE",VLOOKUP(D86,'FDE 10-23 '!$A$4:$E$3180,2,0),IF(C86="INFRA",VLOOKUP(D86,#REF!,2,0),""))))))),"") -> BS-05 BANCADA PARA COZINHA - GRANITO POLIDO 20MM | F86: =VLOOKUP(D86,'FDE 10-23 '!$A$4:$E$3180,3,0) -> M | G86: 13.2 | H86: =VLOOKUP(D86,'FDE 10-23 '!$A$4:$E$3180,5,0) -> 430.57 | I86: =$L$10 -> 0.23 | J86: =ROUND(H86*(1+I86),2) -> 529.6 | K86: =SUM(G86*J86) -> 6990.72
C87: FDE | D87: 05.05.053 | E87: =IFERROR(UPPER(IF(C87="CPU",VLOOKUP(D87,#REF!,2,0),IF(C87="SINAPI",VLOOKUP(D87,#REF!,2,0),IF(C87="EDIF",VLOOKUP(D87,#REF!,2,0),IF(C87="CDHU",VLOOKUP(D87,#REF!,2,0),IF(C87="FDE",VLOOKUP(D87,'FDE 10-23 '!$A$4:$E$3180,2,0),IF(C87="INFRA",VLOOKUP(D87,#REF!,2,0),""))))))),"") -> BE-08 BANCADA ALUNOS / QUIMICA E BIOLOGIA (150CM) | F87: =VLOOKUP(D87,'FDE 10-23 '!$A$4:$E$3180,3,0) -> UN | G87: 4 | H87: =VLOOKUP(D87,'FDE 10-23 '!$A$4:$E$3180,5,0) -> 1691.7 | I87: =$L$10 -> 0.23 | J87: =ROUND(H87*(1+I87),2) -> 2080.79 | K87: =SUM(G87*J87) -> 8323.16
C88: FDE | D88: 05.05.054 | E88: =IFERROR(UPPER(IF(C88="CPU",VLOOKUP(D88,#REF!,2,0),IF(C88="SINAPI",VLOOKUP(D88,#REF!,2,0),IF(C88="EDIF",VLOOKUP(D88,#REF!,2,0),IF(C88="CDHU",VLOOKUP(D88,#REF!,2,0),IF(C88="FDE",VLOOKUP(D88,'FDE 10-23 '!$A$4:$E$3180,2,0),IF(C88="INFRA",VLOOKUP(D88,#REF!,2,0),""))))))),"") -> BE-09 BANCADA ALUNOS / QUIMICA E BIOLOGIA (195CM) | F88: =VLOOKUP(D88,'FDE 10-23 '!$A$4:$E$3180,3,0) -> UN | G88: 2 | H88: =VLOOKUP(D88,'FDE 10-23 '!$A$4:$E$3180,5,0) -> 1943.14 | I88: =$L$10 -> 0.23 | J88: =ROUND(H88*(1+I88),2) -> 2390.06 | K88: =SUM(G88*J88) -> 4780.12
C89: FDE | D89: 05.05.055 | E89: =IFERROR(UPPER(IF(C89="CPU",VLOOKUP(D89,#REF!,2,0),IF(C89="SINAPI",VLOOKUP(D89,#REF!,2,0),IF(C89="EDIF",VLOOKUP(D89,#REF!,2,0),IF(C89="CDHU",VLOOKUP(D89,#REF!,2,0),IF(C89="FDE",VLOOKUP(D89,'FDE 10-23 '!$A$4:$E$3180,2,0),IF(C89="INFRA",VLOOKUP(D89,#REF!,2,0),""))))))),"") -> BE-10 BANCADA ALUNOS / MATEMATICA E FISICA (280CM) | F89: =VLOOKUP(D89,'FDE 10-23 '!$A$4:$E$3180,3,0) -> UN | G89: 4 | H89: =VLOOKUP(D89,'FDE 10-23 '!$A$4:$E$3180,5,0) -> 3028.7 | I89: =$L$10 -> 0.23 | J89: =ROUND(H89*(1+I89),2) -> 3725.3 | K89: =SUM(G89*J89) -> 14901.2
C90: FDE | D90: 05.05.060 | E90: =IFERROR(UPPER(IF(C90="CPU",VLOOKUP(D90,#REF!,2,0),IF(C90="SINAPI",VLOOKUP(D90,#REF!,2,0),IF(C90="EDIF",VLOOKUP(D90,#REF!,2,0),IF(C90="CDHU",VLOOKUP(D90,#REF!,2,0),IF(C90="FDE",VLOOKUP(D90,'FDE 10-23 '!$A$4:$E$3180,2,0),IF(C90="INFRA",VLOOKUP(D90,#REF!,2,0),""))))))),"") -> BE-14 BANCADA APOIO PARA CAPELA | F90: =VLOOKUP(D90,'FDE 10-23 '!$A$4:$E$3180,3,0) -> UN | G90: 1 | H90: =VLOOKUP(D90,'FDE 10-23 '!$A$4:$E$3180,5,0) -> 914.29 | I90: =$L$10 -> 0.23 | J90: =ROUND(H90*(1+I90),2) -> 1124.58 | K90: =SUM(G90*J90) -> 1124.58
C91: FDE | D91: 05.05.061 | E91: =IFERROR(UPPER(IF(C91="CPU",VLOOKUP(D91,#REF!,2,0),IF(C91="SINAPI",VLOOKUP(D91,#REF!,2,0),IF(C91="EDIF",VLOOKUP(D91,#REF!,2,0),IF(C91="CDHU",VLOOKUP(D91,#REF!,2,0),IF(C91="FDE",VLOOKUP(D91,'FDE 10-23 '!$A$4:$E$3180,2,0),IF(C91="INFRA",VLOOKUP(D91,#REF!,2,0),""))))))),"") -> BE-15 BANCADA LABORATORIO COM PRATELEIRA | F91: =VLOOKUP(D91,'FDE 10-23 '!$A$4:$E$3180,3,0) -> M | G91: 12.7 | H91: =VLOOKUP(D91,'FDE 10-23 '!$A$4:$E$3180,5,0) -> 1526.22 | I91: =$L$10 -> 0.23 | J91: =ROUND(H91*(1+I91),2) -> 1877.25 | K91: =SUM(G91*J91) -> 23841.075
C92: FDE | D92: 05.05.062 | E92: =IFERROR(UPPER(IF(C92="CPU",VLOOKUP(D92,#REF!,2,0),IF(C92="SINAPI",VLOOKUP(D92,#REF!,2,0),IF(C92="EDIF",VLOOKUP(D92,#REF!,2,0),IF(C92="CDHU",VLOOKUP(D92,#REF!,2,0),IF(C92="FDE",VLOOKUP(D92,'FDE 10-23 '!$A$4:$E$3180,2,0),IF(C92="INFRA",VLOOKUP(D92,#REF!,2,0),""))))))),"") -> BE-16 BANCADA LABORATORIO 2 CUBAS 50X40X25CM (L=180CM) | F92: =VLOOKUP(D92,'FDE 10-23 '!$A$4:$E$3180,3,0) -> UN | G92: 1 | H92: =VLOOKUP(D92,'FDE 10-23 '!$A$4:$E$3180,5,0) -> 4269.84 | I92: =$L$10 -> 0.23 | J92: =ROUND(H92*(1+I92),2) -> 5251.9 | K92: =SUM(G92*J92) -> 5251.9
C93: FDE | D93: 05.05.064 | E93: =IFERROR(UPPER(IF(C93="CPU",VLOOKUP(D93,#REF!,2,0),IF(C93="SINAPI",VLOOKUP(D93,#REF!,2,0),IF(C93="EDIF",VLOOKUP(D93,#REF!,2,0),IF(C93="CDHU",VLOOKUP(D93,#REF!,2,0),IF(C93="FDE",VLOOKUP(D93,'FDE 10-23 '!$A$4:$E$3180,2,0),IF(C93="INFRA",VLOOKUP(D93,#REF!,2,0),""))))))),"") -> PR-08 PRATELEIRA DE GRANITO | F93: =VLOOKUP(D93,'FDE 10-23 '!$A$4:$E$3180,3,0) -> M | G93: 23.9 | H93: =VLOOKUP(D93,'FDE 10-23 '!$A$4:$E$3180,5,0) -> 210.23 | I93: =$L$10 -> 0.23 | J93: =ROUND(H93*(1+I93),2) -> 258.58 | K93: =SUM(G93*J93) -> 6180.062
C94: FDE | D94: 05.05.067 | E94: =IFERROR(UPPER(IF(C94="CPU",VLOOKUP(D94,#REF!,2,0),IF(C94="SINAPI",VLOOKUP(D94,#REF!,2,0),IF(C94="EDIF",VLOOKUP(D94,#REF!,2,0),IF(C94="CDHU",VLOOKUP(D94,#REF!,2,0),IF(C94="FDE",VLOOKUP(D94,'FDE 10-23 '!$A$4:$E$3180,2,0),IF(C94="INFRA",VLOOKUP(D94,#REF!,2,0),""))))))),"") -> PR-03 PRATELEIRA DE GRANILITE - L=30CM | F94: =VLOOKUP(D94,'FDE 10-23 '!$A$4:$E$3180,3,0) -> M | G94: 4.3 | H94: =VLOOKUP(D94,'FDE 10-23 '!$A$4:$E$3180,5,0) -> 980.64 | I94: =$L$10 -> 0.23 | J94: =ROUND(H94*(1+I94),2) -> 1206.19 | K94: =SUM(G94*J94) -> 5186.617
C95: FDE | D95: 05.05.068 | E95: =IFERROR(UPPER(IF(C95="CPU",VLOOKUP(D95,#REF!,2,0),IF(C95="SINAPI",VLOOKUP(D95,#REF!,2,0),IF(C95="EDIF",VLOOKUP(D95,#REF!,2,0),IF(C95="CDHU",VLOOKUP(D95,#REF!,2,0),IF(C95="FDE",VLOOKUP(D95,'FDE 10-23 '!$A$4:$E$3180,2,0),IF(C95="INFRA",VLOOKUP(D95,#REF!,2,0),""))))))),"") -> BE-18 BANCADA LABORATORIO 1 CUBA 60X50X30CM (L=180CM) | F95: =VLOOKUP(D95,'FDE 10-23 '!$A$4:$E$3180,3,0) -> UN | G95: 1 | H95: =VLOOKUP(D95,'FDE 10-23 '!$A$4:$E$3180,5,0) -> 3494.64 | I95: =$L$10 -> 0.23 | J95: =ROUND(H95*(1+I95),2) -> 4298.41 | K95: =SUM(G95*J95) -> 4298.41
C96: FDE | D96: 05.05.069 | E96: =IFERROR(UPPER(IF(C96="CPU",VLOOKUP(D96,#REF!,2,0),IF(C96="SINAPI",VLOOKUP(D96,#REF!,2,0),IF(C96="EDIF",VLOOKUP(D96,#REF!,2,0),IF(C96="CDHU",VLOOKUP(D96,#REF!,2,0),IF(C96="FDE",VLOOKUP(D96,'FDE 10-23 '!$A$4:$E$3180,2,0),IF(C96="INFRA",VLOOKUP(D96,#REF!,2,0),""))))))),"") -> BE-19 BANCADA LABORATORIO SIMPLES | F96: =VLOOKUP(D96,'FDE 10-23 '!$A$4:$E$3180,3,0) -> M | G96: 6.3 | H96: =VLOOKUP(D96,'FDE 10-23 '!$A$4:$E$3180,5,0) -> 734.43 | I96: =$L$10 -> 0.23 | J96: =ROUND(H96*(1+I96),2) -> 903.35 | K96: =SUM(G96*J96) -> 5691.105
C97: FDE | D97: 05.05.075 | E97: =IFERROR(UPPER(IF(C97="CPU",VLOOKUP(D97,#REF!,2,0),IF(C97="SINAPI",VLOOKUP(D97,#REF!,2,0),IF(C97="EDIF",VLOOKUP(D97,#REF!,2,0),IF(C97="CDHU",VLOOKUP(D97,#REF!,2,0),IF(C97="FDE",VLOOKUP(D97,'FDE 10-23 '!$A$4:$E$3180,2,0),IF(C97="INFRA",VLOOKUP(D97,#REF!,2,0),""))))))),"") -> PR-09 PRATELEIRA EM GRANILITE - L=55CM | F97: =VLOOKUP(D97,'FDE 10-23 '!$A$4:$E$3180,3,0) -> M | G97: 13.7 | H97: =VLOOKUP(D97,'FDE 10-23 '!$A$4:$E$3180,5,0) -> 1154.63 | I97: =$L$10 -> 0.23 | J97: =ROUND(H97*(1+I97),2) -> 1420.19 | K97: =SUM(G97*J97) -> 19456.603
... C105: FDE | D105: 05.05.104 | E105: =IFERROR(UPPER(IF(C105="CPU",VLOOKUP(D105,#REF!,2,0),IF(C105="SINAPI",VLOOKUP(D105,#REF!,2,0),IF(C105="EDIF",VLOOKUP(D105,#REF!,2,0),IF(C105="CDHU",VLOOKUP(D105,#REF!,2,0),IF(C105="FDE",VLOOKUP(D105,'FDE 10-23 '!$A$4:$E$3180,2,0),IF(C105="INFRA",VLOOKUP(D105,#REF!,2,0),""))))))),"") -> CC-04 CUBA DUPLA INOX (102X40X25CM) INCLUSIVE VÁLVULA AMERICANA-GRANITO | F105: =VLOOKUP(D105,'FDE 10-23 '!$A$4:$E$3180,3,0) -> UN | G105: 1 | H105: =VLOOKUP(D105,'FDE 10-23 '!$A$4:$E$3180,5,0) -> 4812.56 | I105: =$L$10 -> 0.23 | J105: =ROUND(H105*(1+I105),2) -> 5919.45 | K105: =SUM(G105*J105) -> 5919.45
B106: 6 | D106: 06.00.000 | E106: ELEMENTOS METALICOS/COMPONENTES ESPECIAIS | F106: =IFERROR(UPPER(IF(C106="CPU",VLOOKUP(D106,#REF!,3,0),IF(C106="SINAPI",VLOOKUP(D106,#REF!,3,0),IF(C106="EDIF",VLOOKUP(D106,#REF!,3,0),IF(C106="CDHU",VLOOKUP(D106,#REF!,3,0),IF(C106="FDE",VLOOKUP(D106,#REF!,3,0),IF(C106="INFRA",VLOOKUP(D106,#REF!,3,0),""))))))),"") | H106: =IFERROR(IF(#REF!="CPU",VLOOKUP(#REF!,#REF!,4,0),IF(#REF!="SINAPI",VLOOKUP(#REF!,#REF!,5,0),IF(#REF!="EDIF",VLOOKUP(#REF!,#REF!,4,0),IF(#REF!="CDHU",VLOOKUP(#REF!,#REF!,6,0),IF(#REF!="FDE",VLOOKUP(#REF!,#REF!,4,0),IF(#REF!="INFRA",VLOOKUP(#REF!,#REF!,4,0),"")))))),"") | K106: =SUBTOTAL(9,K107:K138) -> 1249270.5
D107: 06.01.000 | E107: ESQUADRIAS METALICAS | F107: =IFERROR(UPPER(IF(C107="CPU",VLOOKUP(D107,#REF!,3,0),IF(C107="SINAPI",VLOOKUP(D107,#REF!,3,0),IF(C107="EDIF",VLOOKUP(D107,#REF!,3,0),IF(C107="CDHU",VLOOKUP(D107,#REF!,3,0),IF(C107="FDE",VLOOKUP(D107,#REF!,3,0),IF(C107="INFRA",VLOOKUP(D107,#REF!,3,0),""))))))),"") | H107: =IFERROR(IF(#REF!="CPU",VLOOKUP(#REF!,#REF!,4,0),IF(#REF!="SINAPI",VLOOKUP(#REF!,#REF!,5,0),IF(#REF!="EDIF",VLOOKUP(#REF!,#REF!,4,0),IF(#REF!="CDHU",VLOOKUP(#REF!,#REF!,6,0),IF(#REF!="FDE",VLOOKUP(#REF!,#REF!,4,0),IF(#REF!="INFRA",VLOOKUP(#REF!,#REF!,4,0),"")))))),"") | K107: =SUBTOTAL(9,K108:K118) -> 677902.46
C108: FDE | D108: 06.01.001 | E108: =IFERROR(UPPER(IF(C108="CPU",VLOOKUP(D108,#REF!,2,0),IF(C108="SINAPI",VLOOKUP(D108,#REF!,2,0),IF(C108="EDIF",VLOOKUP(D108,#REF!,2,0),IF(C108="CDHU",VLOOKUP(D108,#REF!,2,0),IF(C108="FDE",VLOOKUP(D108,'FDE 10-23 '!$A$4:$E$3180,2,0),IF(C108="INFRA",VLOOKUP(D108,#REF!,2,0),""))))))),"") -> EF-01 ESQUADRIA DE FERRO 90X60CM | F108: =VLOOKUP(D108,'FDE 10-23 '!$A$4:$E$3180,3,0) -> UN | G108: 2 | H108: =VLOOKUP(D108,'FDE 10-23 '!$A$4:$E$3180,5,0) -> 772.08 | I108: =$L$10 -> 0.23 | J108: =ROUND(H108*(1+I108),2) -> 949.66 | K108: =SUM(G108*J108) -> 1899.32
C109: FDE | D109: 06.01.002 | E109: =IFERROR(UPPER(IF(C109="CPU",VLOOKUP(D109,#REF!,2,0),IF(C109="SINAPI",VLOOKUP(D109,#REF!,2,0),IF(C109="EDIF",VLOOKUP(D109,#REF!,2,0),IF(C109="CDHU",VLOOKUP(D109,#REF!,2,0),IF(C109="FDE",VLOOKUP(D109,'FDE 10-23 '!$A$4:$E$3180,2,0),IF(C109="INFRA",VLOOKUP(D109,#REF!,2,0),""))))))),"") -> EF-02 ESQUADRIA DE FERRO 90X120CM | F109: =VLOOKUP(D109,'FDE 10-23 '!$A$4:$E$3180,3,0) -> UN | G109: 2 | H109: =VLOOKUP(D109,'FDE 10-23 '!$A$4:$E$3180,5,0) -> 1525.82 | I109: =$L$10 -> 0.23 | J109: =ROUND(H109*(1+I109),2) -> 1876.76 | K109: =SUM(G109*J109) -> 3753.52
C110: FDE | D110: 06.01.003 | E110: =IFERROR(UPPER(IF(C110="CPU",VLOOKUP(D110,#REF!,2,0),IF(C110="SINAPI",VLOOKUP(D110,#REF!,2,0),IF(C110="EDIF",VLOOKUP(D110,#REF!,2,0),IF(C110="CDHU",VLOOKUP(D110,#REF!,2,0),IF(C110="FDE",VLOOKUP(D110,'FDE 10-23 '!$A$4:$E$3180,2,0),IF(C110="INFRA",VLOOKUP(D110,#REF!,2,0),""))))))),"") -> EF-03 ESQUADRIA DE FERRO 90X150CM | F110: =VLOOKUP(D110,'FDE 10-23 '!$A$4:$E$3180,3,0) -> UN | G110: 9 | H110: =VLOOKUP(D110,'FDE 10-23 '!$A$4:$E$3180,5,0) -> 1912.63 | I110: =$L$10 -> 0.23 | J110: =ROUND(H110*(1+I110),2) -> 2352.53 | K110: =SUM(G110*J110) -> 21172.77
...

Sheet CRONOGRAMA
B3: PREFEITURA DE PORTO FERREIRA “A CAPITAL NACIONAL DA CERÂMICA ARTÍSTICA E DA DECORAÇÃO” SECRETARIA DE OBRAS E DESENVOLVIMENTO URBANO
B6: OBJETO: | C6: ='ORÇ Atualizado'!D4 -> REMANESCENTE DE OBRA PARA CONSTRUÇÃO DA ESCOLA ESTADUAL DO PARQUE RESIDENCIAL PORTO BELO
B7: LOCAIS: | C7: ='ORÇ Atualizado'!D5 -> RUA JOSÉ GOMES, PARQUE RESIDENCIAL PORTO BELO
B8: BDI | C8: ='ORÇ Atualizado'!D8 -> 0.23
A11: CRONOGRAMA FÍSICO - FINANCEIRO
A13: ITEM | B13: DESCRIÇÃO DOS SERVIÇOS | C13: % | D13: CUSTO TOTAL | E13: Mês 1 | H13: Mês 2 | K13: Mês 3 | N13: Mês 4 | Q13: Mês 5 | T13: Mês 6 | W13: Mês 7 | Z13: Mês 8 | AC13: Mês 9 | AF13: Mês 10 | AI13: TOTAL
A16: 1 | B16: =VLOOKUP(A16,'ORÇ Atualizado'!$B$10:$K$531,4,1) -> SERVICOS PRELIMINARES | C16: =D16/$D$54 -> 0 | D16: =VLOOKUP(A16,'ORÇ ATUAL MEMÓRIA'!$B$11:$K$534,10,1) -> 0 | AJ16: =AI16-D16 -> 0
A18: 2 | B18: =VLOOKUP(A18,'ORÇ Atualizado'!B12:K533,4,1) -> INFRA ESTRUTURA | C18: =D18/$D$54 -> 0.0098565052 | D18: =VLOOKUP(A18,'ORÇ ATUAL MEMÓRIA'!$B$11:$K$531,10,1) -> 103250.34 | E18: =D18*0.4 -> 41300.137 | G18: =E18/$D18 -> 0.4 | H18: =$D18*0.6 -> 61950.206 | J18: =H18/$D18 -> 0.6 | M18: =K18/$D18 -> 0 | P18: =N18/$D18 -> 0 | S18: =Q18/$D18 -> 0 | V18: =T18/$D18 -> 0 | Y18: =W18/$D18 -> 0 | AB18: =Z18/$D18 -> 0 | AE18: =AC18/$D18 -> 0 | AH18: =AF18/$D18 -> 0 | AI18: =E18+H18+K18+N18+Q18+T18+W18+Z18+AC18+AF18 -> 103250.34 | AJ18: =AI18-D18 -> 0
AI19: =G18+J18+M18+P18+S18+AH18+V18+Y18+AB18+AE18 -> 1
A20: 3 | B20: =VLOOKUP(A20,'ORÇ Atualizado'!B14:K535,4,1) -> SUPER ESTRUTURA | C20: =D20/$D$54 -> 0.32683853 | D20: =VLOOKUP(A20,'ORÇ ATUAL MEMÓRIA'!$B$11:$K$531,10,1) -> 3423748 | G20: =E20/$D20 -> 0 | H20: =D20*0.1 -> 342374.8 | J20: =H20/$D20 -> 0.1 | K20: =D20*0.5 -> 1711874 | M20: =K20/$D20 -> 0.5 | N20: =D20*0.4 -> 1369499.2 | P20: =N20/$D20 -> 0.4 | S20: =Q20/$D20 -> 0 | V20: =T20/$D20 -> 0 | Y20: =W20/$D20 -> 0 | AB20: =Z20/$D20 -> 0 | AE20: =AC20/$D20 -> 0 | AH20: =AF20/$D20 -> 0 | AI20: =E20+H20+K20+N20+Q20+T20+W20+Z20+AC20+AF20 -> 3423748 | AJ20: =AI20-D20 -> 0
AI21: =G20+J20+M20+P20+S20+AH20+V20+Y20+AB20+AE20 -> 1
A22: 4 | B22: =VLOOKUP(A22,'ORÇ Atualizado'!B16:K537,4,1) -> ALVENARIA E OUTROS ELEMENTOS DIVISÓRIAS | C22: =D22/$D$54 -> 0.027634942 | D22: =VLOOKUP(A22,'ORÇ ATUAL MEMÓRIA'!$B$11:$K$531,10,1) -> 289485.69 | G22: =E22/$D22 -> 0 | J22: =H22/$D22 -> 0 | M22: =K22/$D22 -> 0 | P22: =N22/$D22 -> 0 | Q22: =$D22*0.15 -> 43422.854 | S22: =Q22/$D22 -> 0.15 | T22: =$D22*0.45 -> 130268.56 | V22: =T22/$D22 -> 0.45 | W22: =$D22*0.4 -> 115794.28 | Y22: =W22/$D22 -> 0.4 | AB22: =Z22/$D22 -> 0 | AE22: =AC22/$D22 -> 0 | AH22: =AF22/$D22 -> 0 | AI22: =E22+H22+K22+N22+Q22+T22+W22+Z22+AC22+AF22 -> 289485.69 | AJ22: =AI22-D22 -> 0
AI23: =G22+J22+M22+P22+S22+AH22+V22+Y22+AB22+AE22 -> 1
A24: 5 | B24: =VLOOKUP(A24,'ORÇ Atualizado'!B18:K539,4,1) -> ELEMENTOS DE MADEIRA/COMPONENTES ESPECIAIS | C24: =D24/$D$54 -> 0.022640886 | D24: =VLOOKUP(A24,'ORÇ ATUAL MEMÓRIA'!$B$11:$K$531,10,1) -> 237171.21 | G24: =E24/$D24 -> 0 | J24: =H24/$D24 -> 0 | M24: =K24/$D24 -> 0 | P24: =N24/$D24 -> 0 | S24: =Q24/$D24 -> 0 | V24: =T24/$D24 -> 0 | W24: =$D24*0.15 -> 35575.682 | Y24: =W24/$D24 -> 0.15 | Z24: =$D24*0.45 -> 106727.05 | AB24: =Z24/$D24 -> 0.45 | AC24: =$D24*0.4 -> 94868.485 | AE24: =AC24/$D24 -> 0.4 | AH24: =AF24/$D24 -> 0 | AI24: =E24+H24+K24+N24+Q24+T24+W24+Z24+AC24+AF24 -> 237171.21 | AJ24: =AI24-D24 -> 0
AI25: =G24+J24+M24+P24+S24+AH24+V24+Y24+AB24+AE24 -> 1
A26: 6 | B26: =VLOOKUP(A26,'ORÇ Atualizado'!B20:K541,4,1) -> ELEMENTOS METALICOS/COMPONENTES ESPECIAIS | C26: =D26/$D$54 -> 0.11823876 | D26: =VLOOKUP(A26,'ORÇ ATUAL MEMÓRIA'!$B$11:$K$531,10,1) -> 1238592.4 | G26: =E26/$D26 -> 0 | J26: =H26/$D26 -> 0 | M26: =K26/$D26 -> 0 | P26: =N26/$D26 -> 0 | S26: =Q26/$D26 -> 0 | V26: =T26/$D26 -> 0 | W26: =$D26*0.15 -> 185788.87 | Y26: =W26/$D26 -> 0.15 | Z26: =$D26*0.45 -> 557366.6 | AB26: =Z26/$D26 -> 0.45 | AC26: =$D26*0.4 -> 495436.98 | AE26: =AC26/$D26 -> 0.4 | AH26: =AF26/$D26 -> 0 | AI26: =E26+H26+K26+N26+Q26+T26+W26+Z26+AC26+AF26 -> 1238592.4 | AJ26: =AI26-D26 -> 0
AI27: =G26+J26+M26+P26+S26+AH26+V26+Y26+AB26+AE26 -> 1
A28: 7 | B28: =VLOOKUP(A28,'ORÇ Atualizado'!B22:K543,4,1) -> COBERTURA | C28: =D28/$D$54 -> 0.13593976 | D28: =VLOOKUP(A28,'ORÇ ATUAL MEMÓRIA'!$B$11:$K$531,10,1) -> 1424016.5 | G28: =E28/$D28 -> 0 | J28: =H28/$D28 -> 0 | M28: =K28/$D28 -> 0 | N28: =D28*0.2 -> 284803.31 | P28: =N28/$D28 -> 0.2 | Q28: =D28*0.5 -> 712008.27 | S28: =Q28/$D28 -> 0.5 | T28: =D28*0.3 -> 427204.96 | V28: =T28/$D28 -> 0.3 | Y28: =W28/$D28 -> 0 | AB28: =Z28/$D28 -> 0 | AE28: =AC28/$D28 -> 0 | AH28: =AF28/$D28 -> 0 | AI28: =E28+H28+K28+N28+Q28+T28+W28+Z28+AC28+AF28 -> 1424016.5 | AJ28: =AI28-D28 -> 0
AI29: =G28+J28+M28+P28+S28+AH28+V28+Y28+AB28+AE28 -> 1
A30: 8 | B30: =VLOOKUP(A30,'ORÇ Atualizado'!B24:K545,4,1) -> INSTALAÇÕES HIDRAULICAS | C30: =D30/$D$54 -> 0.096716205 | D30: =VLOOKUP(A30,'ORÇ ATUAL MEMÓRIA'!$B$11:$K$531,10,1) -> 1013136.1 | G30: =E30/$D30 -> 0 | J30: =H30/$D30 -> 0 | M30: =K30/$D30 -> 0 | P30: =N30/$D30 -> 0 | S30: =Q30/$D30 -> 0 | T30: =$D30*0.15 -> 151970.42 | V30: =T30/$D30 -> 0.15 | W30: =$D30*0.25 -> 253284.03 | Y30: =W30/$D30 -> 0.25 | Z30: =$D30*0.3 -> 303940.83 | AB30: =Z30/$D30 -> 0.3 | AC30: =$D30*0.2 -> 202627.22 | AE30: =AC30/$D30 -> 0.2 | AF30: =$D30*0.1 -> 101313.61 | AH30: =AF30/$D30 -> 0.1 | AI30: =E30+H30+K30+N30+Q30+T30+W30+Z30+AC30+AF30 -> 1013136.1 | AJ30: =AI30-D30 -> 0
AI31: =G30+J30+M30+P30+S30+AH30+V30+Y30+AB30+AE30 -> 1
A32: 9 | B32: =VLOOKUP(A32,'ORÇ Atualizado'!B26:K547,4,1) -> INSTALACOES ELETRICAS | C32: =D32/$D$54 -> 0.057851929 | D32: =VLOOKUP(A32,'ORÇ ATUAL MEMÓRIA'!$B$11:$K$531,10,1) -> 606019.21 | G32: =E32/$D32 -> 0 | J32: =H32/$D32 -> 0 | M32: =K32/$D32 -> 0 | P32: =N32/$D32 -> 0 | S32: =Q32/$D32 -> 0 | T32: =$D32*0.15 -> 90902.882 | V32: =T32/$D32 -> 0.15 | W32: =$D32*0.25 -> 151504.8 | Y32: =W32/$D32 -> 0.25 | Z32: =$D32*0.3 -> 181805.76 | AB32: =Z32/$D32 -> 0.3 | AC32: =$D32*0.2 -> 121203.84 | AE32: =AC32/$D32 -> 0.2 | AF32: =$D32*0.1 -> 60601.921 | AH32: =AF32/$D32 -> 0.1 | AI32: =E32+H32+K32+N32+Q32+T32+W32+Z32+AC32+AF32 -> 606019.21 | AJ32: =AI32-D32 -> 0
AI33: =G32+J32+M32+P32+S32+AH32+V32+Y32+AB32+AE32 -> 1
A34: 10 | B34: =VLOOKUP(A34,'ORÇ Atualizado'!B28:K549,4,1) -> FORRO | C34: =D34/$D$54 -> 0.014026003 | D34: =VLOOKUP(A34,'ORÇ ATUAL MEMÓRIA'!$B$11:$K$531,10,1) -> 146927.29 | G34: =E34/$D34 -> 0 | J34: =H34/$D34 -> 0 | M34: =K34/$D34 -> 0 | P34: =N34/$D34 -> 0 | S34: =Q34/$D34 -> 0 | V34: =T34/$D34 -> 0 | W34: =$D34*0.4 -> 58770.915 | Y34: =W34/$D34 -> 0.4 | Z34: =$D34*0.6 -> 88156.373 | AB34: =Z34/$D34 -> 0.6 | AE34: =AC34/$D34 -> 0 | AH34: =AF34/$D34 -> 0 | AI34: =E34+H34+K34+N34+Q34+T34+W34+Z34+AC34+AF34 -> 146927.29 | AJ34: =AI34-D34 -> 0
AI35: =G34+J34+M34+P34+S34+AH34+V34+Y34+AB34+AE34 -> 1
A36: 11 | B36: =VLOOKUP(A36,'ORÇ Atualizado'!B30:K551,4,1) -> IMPERMEABILIZACOES / JUNTAS DE DILATACAO | C36: =D36/$D$54 -> 0.0029528193 | D36: =VLOOKUP(A36,'ORÇ ATUAL MEMÓRIA'!$B$11:$K$531,10,1) -> 30931.816 | G36: =E36/$D36 -> 0 | J36: =H36/$D36 -> 0 | M36: =K36/$D36 -> 0 | P36: =N36/$D36 -> 0 | S36: =Q36/$D36 -> 0 | V36: =T36/$D36 -> 0 | W36: =$D36*0.7 -> 21652.271 | Y36: =W36/$D36 -> 0.7 | Z36: =$D36*0.3 -> 9279.5447 | AB36: =Z36/$D36 -> 0.3 | AE36: =AC36/$D36 -> 0 | AH36: =AF36/$D36 -> 0 | AI36: =E36+H36+K36+N36+Q36+T36+W36+Z36+AC36+AF36 -> 30931.816 | AJ36: =AI36-D36 -> 0
AI37: =G36+J36+M36+P36+S36+AH36+V36+Y36+AB36+AE36 -> 1
A38: 12 | B38: =VLOOKUP(A38,'ORÇ Atualizado'!B32:K553,4,1) -> REVESTIMENTOS: TETO E PAREDE | C38: =D38/$D$54 -> 0.018526016 | D38: =VLOOKUP(A38,'ORÇ ATUAL MEMÓRIA'!$B$11:$K$531,10,1) -> 194066.5 | G38: =E38/$D38 -> 0 | J38: =H38/$D38 -> 0 | M38: =K38/$D38 -> 0 | P38: =N38/$D38 -> 0 | S38: =Q38/$D38 -> 0 | T38: =$D38*0.15 -> 29109.975 | V38: =T38/$D38 -> 0.15 | W38: =$D38*0.45 -> 87329.926 | Y38: =W38/$D38 -> 0.45 | Z38: =$D38*0.4 -> 77626.601 | AB38: =Z38/$D38 -> 0.4 | AE38: =AC38/$D38 -> 0 | AH38: =AF38/$D38 -> 0 | AI38: =E38+H38+K38+N38+Q38+T38+W38+Z38+AC38+AF38 -> 194066.5 | AJ38: =AI38-D38 -> 0
AI39: =G38+J38+M38+P38+S38+AH38+V38+Y38+AB38+AE38 -> 1
A40: 13 | B40: =VLOOKUP(A40,'ORÇ Atualizado'!B34:K555,4,1) -> PISOS INTERNOS / RODAPES / PEITORIS | C40: =D40/$D$54 -> 0.0720779 | D40: =VLOOKUP(A40,'ORÇ ATUAL MEMÓRIA'!$B$11:$K$531,10,1) -> 755041.24 | G40: =E40/$D40 -> 0 | J40: =H40/$D40 -> 0 | M40: =K40/$D40 -> 0 | P40: =N40/$D40 -> 0 | S40: =Q40/$D40 -> 0 | V40: =T40/$D40 -> 0 | W40: =$D40*0.15 -> 113256.19 | Y40: =W40/$D40 -> 0.15 | Z40: =$D40*0.25 -> 188760.31 | AB40: =Z40/$D40 -> 0.25 | AC40: =$D40*0.35 -> 264264.44 | AE40: =AC40/$D40 -> 0.35 | AF40: =$D40*0.25 -> 188760.31 | AH40: =AF40/$D40 -> 0.25 | AI40: =E40+H40+K40+N40+Q40+T40+W40+Z40+AC40+AF40 -> 755041.24 | AJ40: =AI40-D40 -> 0
AI41: =G40+J40+M40+P40+S40+AH40+V40+Y40+AB40+AE40 -> 1
A42: 14 | B42: =VLOOKUP(A42,'ORÇ Atualizado'!B36:K557,4,1) -> VIDROS | C42: =D42/$D$54 -> 0.0058998089 | D42: =VLOOKUP(A42,'ORÇ ATUAL MEMÓRIA'!$B$11:$K$531,10,1) -> 61802.564 | G42: =E42/$D42 -> 0 | J42: =H42/$D42 -> 0 | M42: =K42/$D42 -> 0 | P42: =N42/$D42 -> 0 | S42: =Q42/$D42 -> 0 | V42: =T42/$D42 -> 0 | Y42: =W42/$D42 -> 0 | Z42: =$D42*0.4 -> 24721.026 | AB42: =Z42/$D42 -> 0.4 | AC42: =$D42*0.6 -> 37081.539 | AE42: =AC42/$D42 -> 0.6 | AH42: =AF42/$D42 -> 0 | AI42: =E42+H42+K42+N42+Q42+T42+W42+Z42+AC42+AF42 -> 61802.564 | AJ42: =AI42-D42 -> 0
AI43: =G42+J42+M42+P42+S42+AH42+V42+Y42+AB42+AE42 -> 1
A44: 15 | B44: =VLOOKUP(A44,'ORÇ Atualizado'!B38:K559,4,1) -> PINTURA | C44: =D44/$D$54 -> 0.02184684 | D44: =VLOOKUP(A44,'ORÇ ATUAL MEMÓRIA'!$B$11:$K$531,10,1) -> 228853.3 | G44: =E44/$D44 -> 0 | J44: =H44/$D44 -> 0 | M44: =K44/$D44 -> 0 | P44: =N44/$D44 -> 0 | S44: =Q44/$D44 -> 0 | V44: =T44/$D44 -> 0 | Y44: =W44/$D44 -> 0 | Z44: =$D44*0.4 -> 91541.319 | AB44: =Z44/$D44 -> 0.4 | AC44: =$D44*0.5 -> 114426.65 | AE44: =AC44/$D44 -> 0.5 | AF44: =$D44*0.1 -> 22885.33 | AH44: =AF44/$D44 -> 0.1 | AI44: =E44+H44+K44+N44+Q44+T44+W44+Z44+AC44+AF44 -> 228853.3 | AJ44: =AI44-D44 -> 0
AI45: =G44+J44+M44+P44+S44+AH44+V44+Y44+AB44+AE44 -> 1
A46: 16 | B46: =VLOOKUP(A46,'ORÇ Atualizado'!B40:K561,4,1) -> SERVICOS COMPLEMENTARES | C46: =D46/$D$54 -> 0.0689531 | D46: =VLOOKUP(A46,'ORÇ ATUAL MEMÓRIA'!$B$11:$K$531,10,1) -> 722307.86 | G46: =E46/$D46 -> 0 | J46: =H46/$D46 -> 0 | M46: =K46/$D46 -> 0 | P46: =N46/$D46 -> 0 | S46: =Q46/$D46 -> 0 | V46: =T46/$D46 -> 0 | W46: =$D46*0.15 -> 108346.18 | Y46: =W46/$D46 -> 0.15 | Z46: =$D46*0.35 -> 252807.75 | AB46: =Z46/$D46 -> 0.35 | AC46: =$D46*0.3 -> 216692.36 | AE46: =AC46/$D46 -> 0.3 | AF46: =$D46*0.2 -> 144461.57 | AH46: =AF46/$D46 -> 0.2 | AI46: =E46+H46+K46+N46+Q46+T46+W46+Z46+AC46+AF46 -> 722307.86 | AJ46: =AI46-D46 -> 0
AI47: =G46+J46+M46+P46+S46+AH46+V46+Y46+AB46+AE46 -> 1
D48: =VLOOKUP(A48,'ORÇ ATUAL MEMÓRIA'!$B$11:$K$531,10,1) -> #N/A | AJ48: =AI48-D48 -> #N/A
D50: =VLOOKUP(A50,'ORÇ ATUAL MEMÓRIA'!$B$11:$K$531,10,1) -> #N/A
B53: TOTAL GERAL | C53: =SUM(C15:C47) -> 1 | D53: =SUM(D16:D47) -> 10475350 | E53: =SUM(E16:F47) -> 41300.137 | G53: =E53/$D$53 -> 0.0039426021 | H53: =SUM(H16:I47) -> 404325.01 | J53: =H53/$D$53 -> 0.038597756 | K53: =SUM(K16:L47) -> 1711874 | M53: =K53/$D$53 -> 0.16341926 | N53: =SUM(N16:O47) -> 1654302.5 | P53: =N53/$D$53 -> 0.15792336 | Q53: =SUM(Q16:R47) -> 755431.13 | S53: =Q53/$D$53 -> 0.07211512 | T53: =SUM(T16:U47) -> 829456.8 | V53: =T53/$D$53 -> 0.079181773 | W53: =SUM(W16:X47) -> 1131303.1 | Y53: =W53/$D$53 -> 0.10799669 | Z53: =SUM(Z16:AA47) -> 1882733.2 | AB53: =Z53/$D$53 -> 0.17972986 | AC53: =SUM(AC16:AD47) -> 1546601.5 | AE53: =AC53/$D$53 -> 0.14764199 | AF53: =SUM(AF16:AG47) -> 518022.74 | AH53: =AF53/$D$53 -> 0.049451592
B54: TOTAL ACUMULADO | C54: =SUM(C16:C47) -> 1 | D54: =SUM(D16:D47) -> 10475350 | E54: =SUM(E16:F41) -> 41300.137 | G54: =E54/$D$54 -> 0.0039426021 | H54: =E53+H53 -> 445625.14 | J54: =H54/$D$54 -> 0.042540358 | K54: =H54+K53 -> 2157499.1 | M54: =K54/$D$54 -> 0.20595962 | N54: =K54+N53 -> 3811801.7 | P54: =N54/$D$54 -> 0.36388298 | Q54: =N54+Q53 -> 4567232.8 | S54: =Q54/$D$54 -> 0.4359981 | T54: =Q54+T53 -> 5396689.6 | V54: =T54/$D$54 -> 0.51517988 | W54: =T54+W53 -> 6527992.7 | Y54: =W54/$D$54 -> 0.62317657 | Z54: =W54+Z53 -> 8410725.9 | AB54: =Z54/$D$54 -> 0.80290642 | AC54: =Z54+AC53 -> 9957327.4 | AE54: =AC54/$D$54 -> 0.95054841 | AF54: =AC54+AF53 -> 10475350 | AH54: =AF54/$D$54 -> 1
B56: Porto Ferreira, SP | C56: =TODAY() -> 45436
G57: Alan Marcel Scarpa Baldassa
G58: Chefe de Divisão de Obras e Projetos
H59: CREA/SP 5063816119
H61: Rômulo Luís de Lima Ripa
H62: Executivo Municipal
H63: Rômulo Luís de Lima Ripa
D66: 6525084.7
D68: 9985809.6

Sheet MC 01
A1: PREFEITURA DE SÃO BERNARDO DO CAMPO | O1: Processo: | Q1: 60257/08/A83 | T1: PREVISTO | U1: SALDOS | V1: MEDIÇÃO ATUAL - 1ª MEDIÇÃO
A2: SECRETARIA | O2: Nota Empenho:
A4: Obra: | I4: Contratada: | Q4: Medição nº
A5: =#REF! -> #REF! | I5: LOGIC ENGENHARIA E CONSTRUÇÕES LTDA. | Q5: 1
A6: Local: | N6: Fiscalização: | Q6: Período:
A7: =#REF! -> #REF! | Q7: =#REF! -> #REF! | R7: =#REF! -> #REF!
A8: MEMÓRIA DE CÁLCULO
A9: CÓD. TAB. FDE | B9: DISCRIMINAÇÃO DE CÁLCULO | P9: UN. | Q9: QUANTIDADE
A10: =PLANILHA!B18 -> 90480 | B10: =IF(A10="","",VLOOKUP($A10,'[2]FDE-JUNHO-08'!$A$6:$D$3537,2,FALSE())) -> #N/A | P10: =IF(A10="","",VLOOKUP($A10,'[2]FDE-JUNHO-08'!$A$6:$D$3537,3,FALSE())) -> #N/A | Q10: PARCIAL | R10: ACUMULADO
B12: REVISÃO DE ELETRICA | M12: = | N12: 10.1
L14: TOTAL | M14: = | N14: =SUM(N12:N13) -> 10.1 | O14: =P10 -> #N/A
B16: MEDIÇÕES ANTERIORES | Q16: 0 | R16: =Q16 -> 0
B17: =med -> #NAME? | P17: =N14 -> 10.1 | Q17: =P17 -> 10.1 | R17: =Q17+R16 -> 10.1
A18: =#REF! -> #REF! | B18: =IF(A18="","",VLOOKUP($A18,'[2]FDE-JUNHO-08'!$A$6:$D$3537,2,FALSE())) -> #REF! | P18: =IF(A18="","",VLOOKUP($A18,'[2]FDE-JUNHO-08'!$A$6:$D$3537,3,FALSE())) -> #REF! | Q18: PARCIAL | R18: ACUMULADO
B20: REVISÃO DE ELETRICA | M20: = | N20: 44
L22: TOTAL | M22: = | N22: =SUM(N20:N21) -> 44 | O22: =P18 -> #REF!
B24: MEDIÇÕES ANTERIORES | Q24: 0 | R24: =Q24 -> 0
B25: =med -> #NAME? | P25: =N22 -> 44 | Q25: =P25 -> 44 | R25: =Q25+R24 -> 44
A26: =#REF! -> #REF! | B26: =IF(A26="","",VLOOKUP($A26,'[2]FDE-JUNHO-08'!$A$6:$D$3537,2,FALSE())) -> #REF! | P26: =IF(A26="","",VLOOKUP($A26,'[2]FDE-JUNHO-08'!$A$6:$D$3537,3,FALSE())) -> #REF! | Q26: PARCIAL | R26: ACUMULADO
B28: REVISÃO DE ELETRICA | M28: = | N28: 66
L30: TOTAL | M30: = | N30: =SUM(N28:N29) -> 66 | O30: =P26 -> #REF!
B32: MEDIÇÕES ANTERIORES | Q32: 0 | R32: =Q32 -> 0
B33: =med -> #NAME? | P33: =N30 -> 66 | Q33: =P33 -> 66 | R33: =Q33+R32 -> 66
A34: =#REF! -> #REF! | B34: =IF(A34="","",VLOOKUP($A34,'[2]FDE-JUNHO-08'!$A$6:$D$3537,2,FALSE())) -> #REF! | P34: =IF(A34="","",VLOOKUP($A34,'[2]FDE-JUNHO-08'!$A$6:$D$3537,3,FALSE())) -> #REF! | Q34: PARCIAL | R34: ACUMULADO
B36: REVISÃO DE ELETRICA | M36: = | N36: 25
L38: TOTAL | M38: = | N38: =SUM(N36:N37) -> 25 | O38: =P34 -> #REF!
B40: MEDIÇÕES ANTERIORES | Q40: 0 | R40: =Q40 -> 0
B41: =med -> #NAME? | P41: =N38 -> 25 | Q41: =P41 -> 25 | R41: =Q41+R40 -> 25
A42: =#REF! -> #REF! | B42: =IF(A42="","",VLOOKUP($A42,'[2]FDE-JUNHO-08'!$A$6:$D$3537,2,FALSE())) -> #REF! | P42: =IF(A42="","",VLOOKUP($A42,'[2]FDE-JUNHO-08'!$A$6:$D$3537,3,FALSE())) -> #REF! | Q42: PARCIAL | R42: ACUMULADO
B44: REVISÃO DE ELETRICA | M44: = | N44: 5
L46: TOTAL | M46: = | N46: =SUM(N44:N45) -> 5 | O46: =P42 -> #REF!
B48: MEDIÇÕES ANTERIORES | Q48: 0 | R48: =Q48 -> 0
B49: =med -> #NAME? | P49: =N46 -> 5 | Q49: =P49 -> 5 | R49: =Q49+R48 -> 5
A50: =#REF! -> #REF! | B50: =IF(A50="","",VLOOKUP($A50,'[2]FDE-JUNHO-08'!$A$6:$D$3537,2,FALSE())) -> #REF! | P50: =IF(A50="","",VLOOKUP($A50,'[2]FDE-JUNHO-08'!$A$6:$D$3537,3,FALSE())) -> #REF! | Q50: PARCIAL | R50: ACUMULADO
B52: REVISÃO DE ELETRICA | M52: = | N52: =#REF! -> #REF!
L55: TOTAL | M55: = | N55: =SUM(N52:N54) -> #REF! | O55: =P50 -> #REF!
B57: MEDIÇÕES ANTERIORES | Q57: 0 | R57: =Q57 -> 0
B58: =med -> #NAME? | P58: =N55 -> #REF! | Q58: =P58 -> #REF! | R58: =Q58+R57 -> #REF!
A59: =#REF! -> #REF! | B59: =IF(A59="","",VLOOKUP($A59,'[2]FDE-JUNHO-08'!$A$6:$D$3537,2,FALSE())) -> #REF! | P59: =IF(A59="","",VLOOKUP($A59,'[2]FDE-JUNHO-08'!$A$6:$D$3537,3,FALSE())) -> #REF! | Q59: PARCIAL | R59: ACUMULADO
B61: REVISÃO DE ELETRICA | M61: = | N61: 2
L64: TOTAL | M64: = | N64: =SUM(N61:N63) -> 2 | O64: =P59 -> #REF!
B66: MEDIÇÕES ANTERIORES | Q66: 0 | R66: =Q66 -> 0
B67: =med -> #NAME? | P67: =N64 -> 2 | Q67: =P67 -> 2 | R67: =Q67+R66 -> 2
A68: =#REF! -> #REF! | B68: =IF(A68="","",VLOOKUP($A68,'[2]FDE-JUNHO-08'!$A$6:$D$3537,2,FALSE())) -> #REF! | P68: =IF(A68="","",VLOOKUP($A68,'[2]FDE-JUNHO-08'!$A$6:$D$3537,3,FALSE())) -> #REF! | Q68: PARCIAL | R68: ACUMULADO
B70: REVISÃO DE ELETRICA | M70: = | N70: =PLANILHA!E23 -> 2.2
L72: TOTAL | M72: = | N72: =SUM(N70:N71) -> 2.2 | O72: =P68 -> #REF!
B74: MEDIÇÕES ANTERIORES | Q74: 0 | R74: =Q74 -> 0
B75: =med -> #NAME? | P75: =N72 -> 2.2 | Q75: =P75 -> 2.2 | R75: =Q75+R74 -> 2.2
A76: =#REF! -> #REF! | B76: =IF(A76="","",VLOOKUP($A76,'[2]FDE-JUNHO-08'!$A$6:$D$3537,2,FALSE())) -> #REF! | P76: =IF(A76="","",VLOOKUP($A76,'[2]FDE-JUNHO-08'!$A$6:$D$3537,3,FALSE())) -> #REF! | Q76: PARCIAL | R76: ACUMULADO
B78: REVISÃO DE ELETRICA | M78: = | N78: =PLANILHA!E24 -> 1
L80: TOTAL | M80: = | N80: =SUM(N78:N79) -> 1 | O80: =P76 -> #REF!
B82: MEDIÇÕES ANTERIORES | Q82: 0 | R82: =Q82 -> 0
B83: =med -> #NAME? | P83: =N80 -> 1 | Q83: =P83 -> 1 | R83: =Q83+R82 -> 1
A84: =#REF! -> #REF! | B84: =IF(A84="","",VLOOKUP($A84,'[2]FDE-JUNHO-08'!$A$6:$D$3537,2,FALSE())) -> #REF! | P84: =IF(A84="","",VLOOKUP($A84,'[2]FDE-JUNHO-08'!$A$6:$D$3537,3,FALSE())) -> #REF! | Q84: PARCIAL | R84: ACUMULADO
B86: REVISÃO DE ELETRICA | M86: = | N86: =PLANILHA!E25 -> 1
L88: TOTAL | M88: = | N88: =SUM(N86:N87) -> 1 | O88: =P84 -> #REF!
B90: MEDIÇÕES ANTERIORES | Q90: 0 | R90: =Q90 -> 0
B91: =med -> #NAME? | P91: =N88 -> 1 | Q91: =P91 -> 1 | R91: =Q91+R90 -> 1
A92: =#REF! -> #REF! | B92: =IF(A92="","",VLOOKUP($A92,'[2]FDE-JUNHO-08'!$A$6:$D$3537,2,FALSE())) -> #REF! | P92: =IF(A92="","",VLOOKUP($A92,'[2]FDE-JUNHO-08'!$A$6:$D$3537,3,FALSE())) -> #REF! | Q92: PARCIAL | R92: ACUMULADO
B94: REVISÃO DE ELETRICA | M94: = | N94: =PLANILHA!E26 -> 2
L96: TOTAL | M96: = | N96: =SUM(N94:N95) -> 2 | O96: =P92 -> #REF!
B98: MEDIÇÕES ANTERIORES | Q98: 0 | R98: =Q98 -> 0
B99: =med -> #NAME? | P99: =N96 -> 2 | Q99: =P99 -> 2 | R99: =Q99+R98 -> 2
A100: =#REF! -> #REF! | B100: =IF(A100="","",VLOOKUP($A100,'[2]FDE-JUNHO-08'!$A$6:$D$3537,2,FALSE())) -> #REF! | P100: =IF(A100="","",VLOOKUP($A100,'[2]FDE-JUNHO-08'!$A$6:$D$3537,3,FALSE())) -> #REF! | Q100: PARCIAL | R100: ACUMULADO
B102: REVISÃO DE ELETRICA | M102: = | N102: =PLANILHA!E27 -> 3
L104: TOTAL | M104: = | N104: =SUM(N102:N103) -> 3 | O104: =P100 -> #REF!
B106: MEDIÇÕES ANTERIORES | Q106: 0 | R106: =Q106 -> 0
B107: =med -> #NAME? | P107: =N104 -> 3 | Q107: =P107 -> 3 | R107: =Q107+R106 -> 3
A108: =#REF! -> #REF! | B108: =IF(A108="","",VLOOKUP($A108,'[2]FDE-JUNHO-08'!$A$6:$D$3537,2,FALSE())) -> #REF! | P108: =IF(A108="","",VLOOKUP($A108,'[2]FDE-JUNHO-08'!$A$6:$D$3537,3,FALSE())) -> #REF! | Q108: PARCIAL | R108: ACUMULADO
B110: REVISÃO DE ELETRICA | M110: = | N110: =PLANILHA!E28 -> 5
L112: TOTAL | M112: = | N112: =SUM(N110:N111) -> 5 | O112: =P108 -> #REF!
B114: MEDIÇÕES ANTERIORES | Q114: 0 | R114: =Q114 -> 0
B115: =med -> #NAME? | P115: =N112 -> 5 | Q115: =P115 -> 5 | R115: =Q115+R114 -> 5
A116: =PLANILHA!B29 -> 90450 | B116: =IF(A116="","",VLOOKUP($A116,'[2]FDE-JUNHO-08'!$A$6:$D$3537,2,FALSE())) -> #N/A | P116: =IF(A116="","",VLOOKUP($A116,'[2]FDE-JUNHO-08'!$A$6:$D$3537,3,FALSE())) -> #N/A | Q116: PARCIAL | R116: ACUMULADO
B118: REVISÃO DE ELETRICA | M118: = | N118: =PLANILHA!E29 -> 5
L120: TOTAL | M120: = | N120: =SUM(N118:N119) -> 5 | O120: =P116 -> #N/A
B122: MEDIÇÕES ANTERIORES | Q122: 0 | R122: =Q122 -> 0
B123: =med -> #NAME? | P123: =N120 -> 5 | Q123: =P123 -> 5 | R123: =Q123+R122 -> 5
A124: =#REF! -> #REF! | B124: =IF(A124="","",VLOOKUP($A124,'[2]FDE-JUNHO-08'!$A$6:$D$3537,2,FALSE())) -> #REF! | P124: =IF(A124="","",VLOOKUP($A124,'[2]FDE-JUNHO-08'!$A$6:$D$3537,3,FALSE())) -> #REF! | Q124: PARCIAL | R124: ACUMULADO
B126: REVISÃO DE ELETRICA | M126: = | N126: =PLANILHA!E30 -> 4
L128: TOTAL | M128: = | N128: =SUM(N126:N127) -> 4 | O128: =P124 -> #REF!
B130: MEDIÇÕES ANTERIORES | Q130: 0 | R130: =Q130 -> 0
B131: =med -> #NAME? | P131: =N128 -> 4 | Q131: =P131 -> 4 | R131: =Q131+R130 -> 4
A132: =#REF! -> #REF! | B132: =IF(A132="","",VLOOKUP($A132,'[2]FDE-JUNHO-08'!$A$6:$D$3537,2,FALSE())) -> #REF! | P132: =IF(A132="","",VLOOKUP($A132,'[2]FDE-JUNHO-08'!$A$6:$D$3537,3,FALSE())) -> #REF! | Q132: PARCIAL | R132: ACUMULADO
B134: REVISÃO DE ELETRICA | M134: = | N134: =PLANILHA!E31 -> 16
L136: TOTAL | M136: = | N136: =SUM(N134:N135) -> 16 | O136: =P132 -> #REF!
B138: MEDIÇÕES ANTERIORES | Q138: 0 | R138: =Q138 -> 0
B139: =med -> #NAME? | P139: =N136 -> 16 | Q139: =P139 -> 16 | R139: =Q139+R138 -> 16
A140: =#REF! -> #REF! | B140: =IF(A140="","",VLOOKUP($A140,'[2]FDE-JUNHO-08'!$A$6:$D$3537,2,FALSE())) -> #REF! | P140: =IF(A140="","",VLOOKUP($A140,'[2]FDE-JUNHO-08'!$A$6:$D$3537,3,FALSE())) -> #REF! | Q140: PARCIAL | R140: ACUMULADO
B142: REVISÃO DE ELETRICA | M142: = | N142: =PLANILHA!E32 -> 11
L144: TOTAL | M144: = | N144: =SUM(N142:N143) -> 11 | O144: =P140 -> #REF!
B146: MEDIÇÕES ANTERIORES | Q146: 0 | R146: =Q146 -> 0
B147: =med -> #NAME? | P147: =N144 -> 11 | Q147: =P147 -> 11 | R147: =Q147+R146 -> 11
A148: =#REF! -> #REF! | B148: =IF(A148="","",VLOOKUP($A148,'[2]FDE-JUNHO-08'!$A$6:$D$3537,2,FALSE())) -> #REF! | P148: =IF(A148="","",VLOOKUP($A148,'[2]FDE-JUNHO-08'!$A$6:$D$3537,3,FALSE())) -> #REF! | Q148: PARCIAL | R148: ACUMULADO
B150: ELETRICA DA SALA DE AULA MANICURE - 02 | M150: = | N150: 65.68
B151: ELETRICA DA SALA DE AULA COMPUTAÇÃO | M151: = | N151: 50.05
B152: ELETRICA DA SALA DE AULA CABELEIREIRO - 02 | M152: = | N152: 45.76
B153: ELETRICA DAS LUMINÁRIAS | M153: = | N153: =36.87+41.64 -> 78.51
L155: TOTAL | M155: = | N155: =SUM(N150:N154) -> 240 | O155: M
B157: MEDIÇÕES ANTERIORES | Q157: 0 | R157: =Q157 -> 0
...

Sheet PLANILHA 
A1: PREFEITURA MUNICIPAL DE SÃO BERNARDO DO CAMPO
D2: SECRETARIA DE OBRAS
D3: DEPARTAMENTO DE PROJETOS E OBRAS PÚBLICAS
D5: NATUREZA DOS SERVIÇOS:
D6: CRAS ALVES DIAS
D8: LOCAL:
A12: ITEM | D12: DESCRIÇÃO | E12: UNID | F12: PREÇO UNITÁRIO | G12: QUANT. | H12: PREÇO TOTAL
A14: 1 | B14: FONTE | C14: CÓD. | D14: SERVIÇOS INICIAIS/ DEMOLIÇÕES
A15: 1.1 | B15: CPOS | C15: 04.03.040 | D15: Retirada de telhamento perfil e material qualquer, exceto barro | E15: m2 | F15: 5.46 | G15: =9*16*2 -> 288 | H15: =TRUNC(F15*G15,2) -> 1572.48
A16: 1.2 | B16: CPOS | C16: 04.07.020 | D16: Retirada de forro qualquer em placas ou tiras fixadas | E16: m2 | F16: 8.48 | G16: 225.21 | H16: =TRUNC(F16*G16,2) -> 1909.78
A17: 1.3 | B17: CPOS | C17: 03.02.040 | D17: Demolição manual de alvenaria de elevação ou elemento vazado, incluindo revestimento | E17: m2 | F17: 56.32 | G17: =16*3 -> 48 | H17: =TRUNC(F17*G17,2) -> 2703.36
A18: 1.4 | B18: CPOS | C18: 04.17.020 | D18: Remoção de aparelho de iluminação ou projetor fixo em teto, piso ou parede | E18: Unid | F18: 13.2 | G18: 14 | H18: =TRUNC(F18*G18,2) -> 184.8
D22: Subtotal | H22: =SUM(H15:H18) -> 6370.42
A23: 2 | D23: VEDAÇÃO E ALVENARIA
A24: 2.1 | B24: CPOS | C24: 14.10.110 | D24: Alvenaria de bloco de concreto de vedação, uso revestido, de 14 cm | E24: m2 | F24: 50.02 | G24: =12.88+48 -> 60.88 | H24: =TRUNC(F24*G24,2) -> 3045.21
H26: =SUM(H24) -> 3045.21
A27: 3 | D27: COBERTURA
A28: 3.1 | B28: CPOS | C28: 15.03.030 | D28: Fornecimento e montagem de estrutura em aço ASTM-A36, sem pintura ( Perfil UDC 127 x 50 x 17 x 3mm ) | E28: KG | F28: 14.16 | G28: =5.66*15*14 -> 1188.6 | H28: =TRUNC(F28*G28,2) -> 16830.57
A29: 3.2 | B29: CPOS | C29: 16.13.130 | D29: Telhamento em chapa de aço com pintura poliéster, tipo sanduíche, espessura de 0,50 mm, com poliestireno expandido | E29: m² | F29: 99.48 | G29: 288 | H29: =TRUNC(F29*G29,2) -> 28650.24
A30: 3.3 | B30: CPOS | C30: 16.33.020 | D30: Calha, rufo, afins em chapa galvanizada nº 24 - corte 0,33 m | E30: m | F30: 62.42 | G30: =60+16 -> 76 | H30: =TRUNC(F30*G30,2) -> 4743.92
A31: 3.4 | B31: CPOS | C31: 16.12.200 | D31: Cumeeira em chapa de aço pré-pintada com epóxi e poliéster, perfil trapezoidal, com espessura de 0,50 mm | E31: m | F31: 48.69 | G31: 15 | H31: =TRUNC(F31*G31,2) -> 730.35
D33: Subtotal | H33: =SUM(H28:H30) -> 50224.73
A34: 4 | D34: REVESTIMENTOS
A35: 4.1 | B35: CPOS | C35: 17.02.020 | D35: Chapisco | E35: m2 | F35: 4.66 | G35: =12.88+(16*3)+96 -> 156.88 | H35: =TRUNC(F35*G35,2) -> 731.06
A36: 4.2 | B36: CPOS | C36: 17.02.120 | D36: Emboço comum | E36: m2 | F36: 14.04 | G36: =12.88+(16*3)+96 -> 156.88 | H36: =TRUNC(F36*G36,2) -> 2202.59
D38: Subtotal | H38: =SUM(H35:H36) -> 2933.65
A39: 5 | D39: FORRO
A40: 5.1 | B40: CPOS | C40: 22.02.030 | D40: Forro em painéis de gesso acartonado, com espessura de 12,5 mm, fixo | E40: m2 | F40: 63.02 | G40: =14.5*4 -> 58 | H40: =TRUNC(F40*G40,2) -> 3655.16
H42: =SUM(H40) -> 3655.16
A43: 6 | D43: PORTAS | I43: 3 | L43: FORRO | Q43: 3 | T43: FORRO | Y43: 3 | AB43: FORRO | AG43: 3 | AJ43: FORRO | AO43: 3 | AR43: FORRO | AW43: 3 | AZ43: FORRO | BE43: 3 | BH43: FORRO | BM43: 3 | BP43: FORRO | BU43: 3 | BX43: FORRO | CC43: 3 | CF43: FORRO | CK43: 3 | CN43: FORRO | CS43: 3 | CV43: FORRO | DA43: 3 | DD43: FORRO | DI43: 3 | DL43: FORRO | DQ43: 3 | DT43: FORRO | DY43: 3 | EB43: FORRO | EG43: 3 | EJ43: FORRO | EO43: 3 | ER43: FORRO | EW43: 3 | EZ43: FORRO | FE43: 3 | FH43: FORRO | FM43: 3 | FP43: FORRO | FU43: 3 | FX43: FORRO | GC43: 3 | GF43: FORRO | GK43: 3 | GN43: FORRO | GS43: 3 | GV43: FORRO | HA43: 3 | HD43: FORRO | HI43: 3 | HL43: FORRO | HQ43: 3 | HT43: FORRO | HY43: 3 | IB43: FORRO | IG43: 3 | IJ43: FORRO | IO43: 3 | IR43: FORRO
A44: 6.1 | B44: CPOS | C44: 23.09.020 | D44: Porta lisa com batente madeira - 60 x 210 cm | E44: Unid | F44: 354.44 | G44: 2 | H44: =TRUNC(F44*G44,2) -> 708.88 | I44: 3.1 | K44: 22.02.030 | L44: Forro em painéis de gesso acartonado, com espessura de 12,5 mm, fixo | M44: M² | N44: 63.02 | P44: =TRUNC(N44*O44,2) -> 0 | Q44: 3.1 | S44: 22.02.030 | T44: Forro em painéis de gesso acartonado, com espessura de 12,5 mm, fixo | U44: M² | V44: 63.02 | X44: =TRUNC(V44*W44,2) -> 0 | Y44: 3.1 | AA44: 22.02.030 | AB44: Forro em painéis de gesso acartonado, com espessura de 12,5 mm, fixo | AC44: M² | AD44: 63.02 | AF44: =TRUNC(AD44*AE44,2) -> 0 | AG44: 3.1 | AI44: 22.02.030 | AJ44: Forro em painéis de gesso acartonado, com espessura de 12,5 mm, fixo | AK44: M² | AL44: 63.02 | AN44: =TRUNC(AL44*AM44,2) -> 0 | AO44: 3.1 | AQ44: 22.02.030 | AR44: Forro em painéis de gesso acartonado, com espessura de 12,5 mm, fixo | AS44: M² | AT44: 63.02 | AV44: =TRUNC(AT44*AU44,2) -> 0 | AW44: 3.1 | AY44: 22.02.030 | AZ44: Forro em painéis de gesso acartonado, com espessura de 12,5 mm, fixo | BA44: M² | BB44: 63.02 | BD44: =TRUNC(BB44*BC44,2) -> 0 | BE44: 3.1 | BG44: 22.02.030 | BH44: Forro em painéis de gesso acartonado, com espessura de 12,5 mm, fixo | BI44: M² | BJ44: 63.02 | BL44: =TRUNC(BJ44*BK44,2) -> 0 | BM44: 3.1 | BO44: 22.02.030 | BP44: Forro em painéis de gesso acartonado, com espessura de 12,5 mm, fixo | BQ44: M² | BR44: 63.02 | BT44: =TRUNC(BR44*BS44,2) -> 0 | BU44: 3.1 | BW44: 22.02.030 | BX44: Forro em painéis de gesso acartonado, com espessura de 12,5 mm, fixo | BY44: M² | BZ44: 63.02 | CB44: =TRUNC(BZ44*CA44,2) -> 0 | CC44: 3.1 | CE44: 22.02.030 | CF44: Forro em painéis de gesso acartonado, com espessura de 12,5 mm, fixo | CG44: M² | CH44: 63.02 | CJ44: =TRUNC(CH44*CI44,2) -> 0 | CK44: 3.1 | CM44: 22.02.030 | CN44: Forro em painéis de gesso acartonado, com espessura de 12,5 mm, fixo | CO44: M² | CP44: 63.02 | CR44: =TRUNC(CP44*CQ44,2) -> 0 | CS44: 3.1 | CU44: 22.02.030 | CV44: Forro em painéis de gesso acartonado, com espessura de 12,5 mm, fixo | CW44: M² | CX44: 63.02 | CZ44: =TRUNC(CX44*CY44,2) -> 0 | DA44: 3.1 | DC44: 22.02.030 | DD44: Forro em painéis de gesso acartonado, com espessura de 12,5 mm, fixo | DE44: M² | DF44: 63.02 | DH44: =TRUNC(DF44*DG44,2) -> 0 | DI44: 3.1 | DK44: 22.02.030 | DL44: Forro em painéis de gesso acartonado, com espessura de 12,5 mm, fixo | DM44: M² | DN44: 63.02 | DP44: =TRUNC(DN44*DO44,2) -> 0 | DQ44: 3.1 | DS44: 22.02.030 | DT44: Forro em painéis de gesso acartonado, com espessura de 12,5 mm, fixo | DU44: M² | DV44: 63.02 | DX44: =TRUNC(DV44*DW44,2) -> 0 | DY44: 3.1 | EA44: 22.02.030 | EB44: Forro em painéis de gesso acartonado, com espessura de 12,5 mm, fixo | EC44: M² | ED44: 63.02 | EF44: =TRUNC(ED44*EE44,2) -> 0 | EG44: 3.1 | EI44: 22.02.030 | EJ44: Forro em painéis de gesso acartonado, com espessura de 12,5 mm, fixo | EK44: M² | EL44: 63.02 | EN44: =TRUNC(EL44*EM44,2) -> 0 | EO44: 3.1 | EQ44: 22.02.030 | ER44: Forro em painéis de gesso acartonado, com espessura de 12,5 mm, fixo | ES44: M² | ET44: 63.02 | EV44: =TRUNC(ET44*EU44,2) -> 0 | EW44: 3.1 | EY44: 22.02.030 | EZ44: Forro em painéis de gesso acartonado, com espessura de 12,5 mm, fixo | FA44: M² | FB44: 63.02 | FD44: =TRUNC(FB44*FC44,2) -> 0 | FE44: 3.1 | FG44: 22.02.030 | FH44: Forro em painéis de gesso acartonado, com espessura de 12,5 mm, fixo | FI44: M² | FJ44: 63.02 | FL44: =TRUNC(FJ44*FK44,2) -> 0 | FM44: 3.1 | FO44: 22.02.030 | FP44: Forro em painéis de gesso acartonado, com espessura de 12,5 mm, fixo | FQ44: M² | FR44: 63.02 | FT44: =TRUNC(FR44*FS44,2) -> 0 | FU44: 3.1 | FW44: 22.02.030 | FX44: Forro em painéis de gesso acartonado, com espessura de 12,5 mm, fixo | FY44: M² | FZ44: 63.02 | GB44: =TRUNC(FZ44*GA44,2) -> 0 | GC44: 3.1 | GE44: 22.02.030 | GF44: Forro em painéis de gesso acartonado, com espessura de 12,5 mm, fixo | GG44: M² | GH44: 63.02 | GJ44: =TRUNC(GH44*GI44,2) -> 0 | GK44: 3.1 | GM44: 22.02.030 | GN44: Forro em painéis de gesso acartonado, com espessura de 12,5 mm, fixo | GO44: M² | GP44: 63.02 | GR44: =TRUNC(GP44*GQ44,2) -> 0 | GS44: 3.1 | GU44: 22.02.030 | GV44: Forro em painéis de gesso acartonado, com espessura de 12,5 mm, fixo | GW44: M² | GX44: 63.02 | GZ44: =TRUNC(GX44*GY44,2) -> 0 | HA44: 3.1 | HC44: 22.02.030 | HD44: Forro em painéis de gesso acartonado, com espessura de 12,5 mm, fixo | HE44: M² | HF44: 63.02 | HH44: =TRUNC(HF44*HG44,2) -> 0 | HI44: 3.1 | HK44: 22.02.030 | HL44: Forro em painéis de gesso acartonado, com espessura de 12,5 mm, fixo | HM44: M² | HN44: 63.02 | HP44: =TRUNC(HN44*HO44,2) -> 0 | HQ44: 3.1 | HS44: 22.02.030 | HT44: Forro em painéis de gesso acartonado, com espessura de 12,5 mm, fixo | HU44: M² | HV44: 63.02 | HX44: =TRUNC(HV44*HW44,2) -> 0 | HY44: 3.1 | IA44: 22.02.030 | IB44: Forro em painéis de gesso acartonado, com espessura de 12,5 mm, fixo | IC44: M² | ID44: 63.02 | IF44: =TRUNC(ID44*IE44,2) -> 0 | IG44: 3.1 | II44: 22.02.030 | IJ44: Forro em painéis de gesso acartonado, com espessura de 12,5 mm, fixo | IK44: M² | IL44: 63.02 | IN44: =TRUNC(IL44*IM44,2) -> 0 | IO44: 3.1 | IQ44: 22.02.030 | IR44: Forro em painéis de gesso acartonado, com espessura de 12,5 mm, fixo | IS44: M² | IT44: 63.02 | IV44: =TRUNC(IT44*IU44,2) -> 0
A45: 6.2 | B45: CPOS | C45: 23.09.040 | D45: Porta lisa com batente madeira - 80 x 210 cm | E45: Unid | F45: 355.55 | G45: 2 | H45: =TRUNC(F45*G45,2) -> 711.1 | I45: 3.2 | P45: =TRUNC(N45*O45,2) -> 0 | Q45: 3.2 | X45: =TRUNC(V45*W45,2) -> 0 | Y45: 3.2 | AF45: =TRUNC(AD45*AE45,2) -> 0 | AG45: 3.2 | AN45: =TRUNC(AL45*AM45,2) -> 0 | AO45: 3.2 | AV45: =TRUNC(AT45*AU45,2) -> 0 | AW45: 3.2 | BD45: =TRUNC(BB45*BC45,2) -> 0 | BE45: 3.2 | BL45: =TRUNC(BJ45*BK45,2) -> 0 | BM45: 3.2 | BT45: =TRUNC(BR45*BS45,2) -> 0 | BU45: 3.2 | CB45: =TRUNC(BZ45*CA45,2) -> 0 | CC45: 3.2 | CJ45: =TRUNC(CH45*CI45,2) -> 0 | CK45: 3.2 | CR45: =TRUNC(CP45*CQ45,2) -> 0 | CS45: 3.2 | CZ45: =TRUNC(CX45*CY45,2) -> 0 | DA45: 3.2 | DH45: =TRUNC(DF45*DG45,2) -> 0 | DI45: 3.2 | DP45: =TRUNC(DN45*DO45,2) -> 0 | DQ45: 3.2 | DX45: =TRUNC(DV45*DW45,2) -> 0 | DY45: 3.2 | EF45: =TRUNC(ED45*EE45,2) -> 0 | EG45: 3.2 | EN45: =TRUNC(EL45*EM45,2) -> 0 | EO45: 3.2 | EV45: =TRUNC(ET45*EU45,2) -> 0 | EW45: 3.2 | FD45: =TRUNC(FB45*FC45,2) -> 0 | FE45: 3.2 | FL45: =TRUNC(FJ45*FK45,2) -> 0 | FM45: 3.2 | FT45: =TRUNC(FR45*FS45,2) -> 0 | FU45: 3.2 | GB45: =TRUNC(FZ45*GA45,2) -> 0 | GC45: 3.2 | GJ45: =TRUNC(GH45*GI45,2) -> 0 | GK45: 3.2 | GR45: =TRUNC(GP45*GQ45,2) -> 0 | GS45: 3.2 | GZ45: =TRUNC(GX45*GY45,2) -> 0 | HA45: 3.2 | HH45: =TRUNC(HF45*HG45,2) -> 0 | HI45: 3.2 | HP45: =TRUNC(HN45*HO45,2) -> 0 | HQ45: 3.2 | HX45: =TRUNC(HV45*HW45,2) -> 0 | HY45: 3.2 | IF45: =TRUNC(ID45*IE45,2) -> 0 | IG45: 3.2 | IN45: =TRUNC(IL45*IM45,2) -> 0 | IO45: 3.2 | IV45: =TRUNC(IT45*IU45,2) -> 0
D47: Subtotal | H47: =SUM(H44:H45) -> 1419.98
A48: 7 | D48: PINTURA
A49: 7.1 | D49: Pintura em alvenaria e concreto
A50: 7.1.1 | B50: CPOS | C50: 33.02.060 | D50: Massa corrida a base de PVA | E50: m2 | F50: 9.26 | G50: =12.88*2+48 -> 73.76 | H50: =TRUNC(F50*G50,2) -> 683.01 | I50: 9.66
A51: 7.1.2 | B51: CPOS | C51: 33.10.010 | D51: Tinta látex antimofo em massa, inclusive preparo | E51: m2 | F51: 17.2 | G51: =769.99+G35+225+96 -> 1247.87 | H51: =TRUNC(F51*G51,2) -> 21463.36 | I51: 9.66
A52: 7.1.3 | E52: m2 | H52: =TRUNC(F52*G52,2) -> 0
A53: 7.2 | D53: Pintura em esquadrias
A54: 7.2.1 | B54: CPOS | C54: 33.12.010 | D54: Esmalte em superfície de madeira, inclusive preparo | E54: m2 | F54: 27.09 | G54: =(0.6*2.15*2*2)+(2.15*0.2*6)+(0.9*2.15*4) -> 15.48 | H54: =TRUNC(F54*G54,2) -> 419.35 | I54: 24.41
D56: Subtotal | H56: =SUM(H50:H54) -> 22565.72
A57: 8 | D57: Aparelhos e Louças
A58: 8.1 | B58: CPOS | C58: 44.01.110 | D58: Lavatório de louça com coluna | E58: Unid | F58: 208.81 | G58: 1 | H58: =TRUNC(F58*G58,2) -> 208.81 | I58: 32.7
A59: 8.2 | H59: =TRUNC(F59*G59,2) -> 0 | I59: 37.23
D60: Subtotal | H60: =SUM(H58:H59) -> 208.81
A61: 9 | D61: Instalações Elétricas
A62: 9.1 | B62: CPOS | C62: 41.14.450 | D62: Luminária retangular de sobrepor tipo calha aberta para 2 lâmpadas fluorescentes tubulares de 32W | E62: Unid | F62: 49.89 | G62: 35 | H62: =TRUNC(F62*G62,2) -> 1746.15 | I62: 32.7
A63: 9.2 | B63: CPOS | C63: 39.03.170 | D63: Cabo de cobre de 2,5 mm², isolamento 0,6/1 kV - isolação em PVC 70°C | E63: m | F63: 3.09 | G63: =(240+(6*35))*1.1 -> 495 | H63: =TRUNC(F63*G63,2) -> 1529.55
A64: 9.3 | B64: CPOS | C64: 37.13.840 | D64: Mini-disjuntor termomagnético, bipolar 220/380 V, corrente de 10 A até 32 A | E64: Unid | F64: 36.95 | G64: 2 | H64: =TRUNC(F64*G64,2) -> 73.9
A65: 9.4 | B65: CPOS | C65: 38.13.016 | D65: Eletroduto corrugado em polietileno de alta densidade, DN= 40 mm, com acessórios | E65: m | F65: 9.14 | G65: =120*1.1 -> 132 | H65: =TRUNC(F65*G65,2) -> 1206.48 | I65: 37.23
D67: Subtotal | H67: =SUM(H62:H65) -> 4556.08
A68: 10 | D68: SERVIÇOS COMPLEMENTARES
A69: 10.1 | B69: CPOS | C69: 17.03.040 | D69: EXECUÇÃO DE PASSEIO (CALÇADA) OU PISO DE CONCRETO COM CONCRETO MOLDADO | E69: m2 | F69: 26.08 | G69: =9.34+115 -> 124.34 | H69: =TRUNC(F69*G69,2) -> 3242.78
A70: 10.2 | B70: CPOS | C70: 34.05.080 | D70: Alambrado em tela de aço galvanizado de 2´, montantes metálicos e arame farpado, até 4,00 m de altura | E70: m2 | F70: 139.81 | H70: =TRUNC(F70*G70,2) -> 0
A71: 10.3 | B71: CPOS | C71: 55.01.020 | D71: LIMPEZA FINAL DE OBRA | E71: m2 | F71: 9.85 | G71: 225 | H71: =TRUNC(F71*G71,2) -> 2216.25
H72: =TRUNC(F72*G72,2) -> 0
D73: Subtotal | H73: =SUM(H69:H72) -> 5459.03
D74: TOTAL S/BDI | H74: =ROUND(SUM(H14:H73)/2,2) -> 100803.97
D75: BDI | G75: 0.249981 | H75: =TRUNC(H74*G75,2) -> 25199.07
D76: TOTAL COM BDI | H76: =SUM(H74:H75) -> 126003.04

Sheet BM
BL1: Grau de Sigilo
X2: BOLETIM DE MEDIÇÃO I | BL2: #00
B5: Nº do CTEF (Contrato Execução/Fornecimento) | R5: BM - número | Z5: BM - Data emissão | AH5: BM - Período de referência da medição | BB5: Nº do CT | BL5: Data do CT
AH7: De | AP7: até
B9: Início da obra - data | J9: Previsão Término obra | R9: Empresa Contratada | AT9: CNPJ | BB9: =IF($BD$19<>"","Tomador",IF($BG$19<>"","Tomador /Ag. Promotor","Tomador/Ag.Promotor ou Tomador ")) -> Tomador
B13: CTEF- Valor total inicial (R$) | L13: CTEF - dt assinatura | R13: Objeto do CTEF ( resumido) | BB13: =IF(BD$19<>"","Agente Operador - Repasse",IF(BG$19<>"","Agente Financeiro","Agente Financeiro ou Ag. Operador Repasse")) -> Agente Operador - Repasse
B17: CTEF- Valor total atual (R$) | L17: CTEF-Dt último Adit. | R17: Local da obra ( Bairro / Município / UF) | BB17: Fonte de Recursos | BK17: outra (descrever):
BD19: X | BE19: OGU | BH19: FGTS ou
B21: Discriminação dos serviços do Orçamento | R21: Previsto no Orçamento | AD21: Diferenças a Atualizar | AK21: Executado Físico (Quantidade) | AZ21: Executado Financeiro (R$) | BN21: Desvio
B23: item | R23: Unid | T23: Qtdes | W23: Preço | Z23: Preço | AD23: Qtdes | AG23: Preço total | AK23: Acumulado até o | AP23: Medido no | AU23: Acum inclui | AZ23: Acumulado até o | BD23: Medido no | BI23: Acum inclui o | BN23: (%)
B24: sub | D24: Descrição | W24: Unitário | Z24: Total | AD24: a atualizar | AG24: a atualizar | AK24: período anterior | AP24: no período | AU24: o período | AZ24: período anterior | BD24: período | BI24: período
B25: ='PLANILHA '!#REF! -> #REF! | D25: ='PLANILHA '!#REF! -> #REF! | R25: ='PLANILHA '!#REF! -> #REF! | T25: ='PLANILHA '!#REF! -> #REF! | W25: ='PLANILHA '!#REF! -> #REF! | AK25: ='PLANILHA '!#REF! -> #REF! | AP25: ='PLANILHA '!#REF! -> #REF!
B26: ='PLANILHA '!#REF! -> #REF! | D26: ='PLANILHA '!#REF! -> #REF! | R26: ='PLANILHA '!#REF! -> #REF! | T26: ='PLANILHA '!#REF! -> #REF! | W26: ='PLANILHA '!#REF! -> #REF! | AK26: ='PLANILHA '!#REF! -> #REF! | AP26: ='PLANILHA '!#REF! -> #REF!
B27: ='PLANILHA '!#REF! -> #REF! | R27: ='PLANILHA '!#REF! -> #REF! | T27: ='PLANILHA '!#REF! -> #REF! | W27: ='PLANILHA '!#REF! -> #REF! | AG27: =ROUND(W27*AD27,2) -> #REF! | AK27: ='PLANILHA '!#REF! -> #REF! | AP27: ='PLANILHA '!#REF! -> #REF! | AU27: =AK27+AP27 -> #REF! | AZ27: =$W27*AK27 -> #REF! | BD27: =$W27*AP27 -> #REF! | BI27: =ROUND(AZ27+BD27,2) -> #REF! | BN27: =IF(AD27<>"",AG27/Z27,"")
B28: ='PLANILHA '!#REF! -> #REF! | D28: ='PLANILHA '!#REF! -> #REF! | R28: ='PLANILHA '!#REF! -> #REF! | T28: ='PLANILHA '!#REF! -> #REF! | W28: ='PLANILHA '!#REF! -> #REF! | AG28: =ROUND(W28*AD28,2) -> #REF! | AK28: ='PLANILHA '!#REF! -> #REF! | AP28: ='PLANILHA '!#REF! -> #REF! | AU28: =AK28+AP28 -> #REF! | AZ28: =$W28*AK28 -> #REF! | BD28: =$W28*AP28 -> #REF! | BI28: =ROUND(AZ28+BD28,2) -> #REF! | BN28: =IF(AD28<>"",AG28/Z28,"")
B29: ='PLANILHA '!#REF! -> #REF! | D29: ='PLANILHA '!#REF! -> #REF! | R29: ='PLANILHA '!#REF! -> #REF! | T29: ='PLANILHA '!#REF! -> #REF! | W29: ='PLANILHA '!#REF! -> #REF! | AG29: =ROUND(W29*AD29,2) -> #REF! | AK29: ='PLANILHA '!#REF! -> #REF! | AP29: ='PLANILHA '!#REF! -> #REF! | AU29: =AK29+AP29 -> #REF! | AZ29: =$W29*AK29 -> #REF! | BD29: =$W29*AP29 -> #REF! | BI29: =ROUND(AZ29+BD29,2) -> #REF! | BN29: =IF(AD29<>"",AG29/Z29,"")
B30: ='PLANILHA '!#REF! -> #REF! | D30: ='PLANILHA '!#REF! -> #REF! | R30: ='PLANILHA '!#REF! -> #REF! | T30: ='PLANILHA '!#REF! -> #REF! | W30: ='PLANILHA '!#REF! -> #REF! | AG30: =ROUND(W30*AD30,2) -> #REF! | AK30: ='PLANILHA '!#REF! -> #REF! | AP30: ='PLANILHA '!#REF! -> #REF! | AU30: =AK30+AP30 -> #REF! | AZ30: =$W30*AK30 -> #REF! | BD30: =$W30*AP30 -> #REF! | BI30: =ROUND(AZ30+BD30,2) -> #REF! | BN30: =IF(AD30<>"",AG30/Z30,"")
B31: ='PLANILHA '!#REF! -> #REF! | D31: ='PLANILHA '!#REF! -> #REF! | R31: ='PLANILHA '!#REF! -> #REF! | T31: ='PLANILHA '!#REF! -> #REF! | W31: ='PLANILHA '!#REF! -> #REF! | AK31: ='PLANILHA '!#REF! -> #REF! | AP31: ='PLANILHA '!#REF! -> #REF! | AZ31: =$W31*AK31 -> #REF! | BD31: =$W31*AP31 -> #REF! | BI31: =ROUND(AZ31+BD31,2) -> #REF!
B32: ='PLANILHA '!#REF! -> #REF! | D32: ='PLANILHA '!#REF! -> #REF! | R32: ='PLANILHA '!#REF! -> #REF! | T32: ='PLANILHA '!#REF! -> #REF! | W32: ='PLANILHA '!#REF! -> #REF! | AG32: =ROUND(W32*AD32,2) -> #REF! | AK32: ='PLANILHA '!#REF! -> #REF! | AP32: ='PLANILHA '!#REF! -> #REF! | AU32: =AK32+AP32 -> #REF! | AZ32: =$W32*AK32 -> #REF! | BD32: =$W32*AP32 -> #REF! | BI32: =ROUND(AZ32+BD32,2) -> #REF! | BN32: =IF(AD32<>"",AG32/Z32,"")
B33: ='PLANILHA '!#REF! -> #REF! | D33: ='PLANILHA '!#REF! -> #REF! | R33: ='PLANILHA '!#REF! -> #REF! | T33: ='PLANILHA '!#REF! -> #REF! | W33: ='PLANILHA '!#REF! -> #REF! | AG33: =ROUND(W33*AD33,2) -> #REF! | AK33: ='PLANILHA '!#REF! -> #REF! | AP33: ='PLANILHA '!#REF! -> #REF! | AU33: =AK33+AP33 -> #REF! | AZ33: =$W33*AK33 -> #REF! | BD33: =$W33*AP33 -> #REF! | BI33: =ROUND(AZ33+BD33,2) -> #REF! | BN33: =IF(AD33<>"",AG33/Z33,"")
B34: ='PLANILHA '!#REF! -> #REF! | D34: ='PLANILHA '!#REF! -> #REF! | R34: ='PLANILHA '!#REF! -> #REF! | T34: ='PLANILHA '!#REF! -> #REF! | W34: ='PLANILHA '!#REF! -> #REF! | AG34: =ROUND(W34*AD34,2) -> #REF! | AK34: ='PLANILHA '!#REF! -> #REF! | AP34: ='PLANILHA '!#REF! -> #REF! | AU34: =AK34+AP34 -> #REF! | AZ34: =$W34*AK34 -> #REF! | BD34: =$W34*AP34 -> #REF! | BI34: =ROUND(AZ34+BD34,2) -> #REF! | BN34: =IF(AD34<>"",AG34/Z34,"")
